Workbook
Name estado: CONSOLIDADO!#REF!
Name estado: 'SEG-ABRIL'!#REF!
Name estado: 'SEG-AGOSTO'!#REF!
Name estado: 'SEG-DICIEMBRE'!#REF!
Name estado: 'SEG-FEBRERO'!#REF!
Name estado: 'SEG-JULIO '!#REF!
Name estado: 'SEG-JUNIO'!#REF!
Name estado: 'SEG-MARZO'!#REF!
Name estado: 'SEG-MAYO'!#REF!
Name estado: 'SEG-NOVIEMBRE'!#REF!
Name estado: 'SEG-OCTUBRE'!#REF!
Name estado: 'SEG-SEPTIEMBRE'!#REF!
Name estado: #REF!

Sheet Hoja1
A1: ESTADO | B1: EN EJECUCIÓN | D1: ENTREGABLE
A2: CERRADO | B2: INMEDIATA | D2: META CUANTIFICABLE
A3: ABIERTO | B3: APLAZADA
A4: EN EJECUCIÓN

Sheet SEG-FEBRERO
A1: PLAN DE ACCION CONTRATO 12-SER006 DE 2023
A2: Objeto de contratación: | C2: =CONSOLIDADO!C2 -> Contratar la prestación de servicios profesionales como ingeniero civil para apoyo al área administrativa de la Dirección Ejecutiva Seccional en el componente técnico que se derive del proceso de Infraestructura Física y Adquisición de Bienes y Servicios, apoyando técnicamente el desarrollo de los procedimientos de contratación, mantenimiento de instalaciones, supervisión de la contratación que adelante la entidad y demás procesos administrativos del área afines al perfil profesional. | H2: Mes Y Año Reportado | I2: Febrero de 2022 | J2: Porcentaje del Avance % | K2: =CONSOLIDADO!D8 -> 9.0909091
A3: No. | B3: ESPECIFICACIONES TECNICAS | D3: PERIODICIDAD | E3: ACTIVIDAD DE CUMPLIMIENTO | G3: INDIQUE SI ES ENTREGABLE O META CUANTIFICABLE | H3: SOPORTES-EVIDENCIA DEL CUMPLIMIENTO | J3: RESPONSABLE | L3: ESTADO
A4: 1 | B4: Apoyar a la Coordinación Administrativa de Neiva y Coordinacion Administrativa de Florencia en la estructuración técnica y todo lo necesario durante la fase precontractual de los procesos de contratación que se adelanten por la Entidad durante la vigencia en curso. | D4: Mensual | E4: Durante el mes el contratista apoyo la estructuracion de los siguientes procesos de contratación: 1. Mantenimiento de Inmueble Direccion Seccional Neiva y Coordinacion Administrativa Florencia (proceso de selección Abraviada de Menor Cuantía , adelanto estudio de mercado, estructuracion de estudio previos, anexos del proceso. 2. Mantenimiento de aires acondicionados Direccion Seccional Neiva y Coordinacion Administrativa Florencia (preceso de selección Abraviada de Menor Cuantía SAMC 01 DE 2022 , adelanto estudio de mercado, estructuracion de estudio previos, anexos del proceso SAMC 02 DE 2022. 3. Proceso de inspección de instalaciones eléctricas para certificación RETIE en el palacio de justicia de Garzón (proceso de minima cuantía adelanto cotizaciones, estructuracion de estudio de mercado, estructuracion de estudios previos, anexos del proceso MC 11 DE 2022. | G4: META CUANTIFICABLE | H4: Se registra la evidencia de docmuentos de 3 procesos (estudios de mercado, estudios previos 1. Mantenimiento de Inmueble Direccion Seccional Neiva y Coordinacion Administrativa Florencia. 2. Mantenimiento de aires acondicionados Direccion Seccional Neiva y Coordinacion Administrativa Florencia 3. Proceso de inspección de instalaciones eléctricas para certificación RETIE en el palacio de justicia de Garzón | J4: Yadira Adrea Garcia Vargas | L4: EN EJECUCIÓN
A5: 2 | B5: Apoyar a la Coordinación Administrativa en la dirección, ejecución, seguimiento y cumplimiento del proceso de Infraestructura | D5: Mensual | E5: Se realizo seguimiento a los proyectos - contratos de obra que pason en reserva del año 2021 a 2022 asi: 1. Contrato 12 OBR 005 DE 2021 suscrito para las obras civiles necesarias para las reparaciones locativas por el sistema de precios unitarios fijos sin formula de reajuste, en el Palacio de Justicia Gerardo Cortes de la ciudad de Florencia. | G5: META CUANTIFICABLE | H5: Se registra la evidencia de apoyo ejecución, seguimiento y cumplimiento del proceso contrato de obra OBR 005 de 2023. (Acta de reinicio del contrato, acta de recibo final de obra y certificado de seguimeitno al cto suscrita por el Director Adminsitrativo de Florenciaicha de supervision) | J5: Yadira Adrea Garcia Vargas | L5: CERRADO
A6: 3 | B6: Asistir a las reuniones, comités y juntas de contratación que se lleven a cabo dentro del proceso de contratación de la Entidad. | D6: Cuando se requiera | E6: El dia 23/02/2023 via teams, asistio a la reunión programada por le nivel central para la socialización de formatos mantenimiento de inmuebles y juntas de contratacion en respuesta a exposicion de docmuetnos de procesos contractules | G6: ENTREGABLE | H6: se registra la evidencia de cintacion a reunion del nivel central- infraestructura y acta de contratacion | J6: Yadira Adrea Garcia Vargas | L6: EN EJECUCIÓN
A7: 4 | B7: Realizar el acompañamiento y asesoría técnica de los proyectos de infraestructura a cargo de la dirección seccional tales como consultorías, obras, interventorías, y suministros relacionados, durante el proceso precontractual, contractual, de ejecución y liquidación. | D7: Mensual | E7: Se realizo seguimiento a los proyectos - contratos de obra que pason en reserva del año 2021 a 2022 asi: 1. Contrato 12 OBR 005 DE 2021 suscrito para las obras civiles necesarias para las reparaciones locativas por el sistema de precios unitarios fijos sin formula de reajuste, en el Palacio de Justicia Gerardo Cortes de la ciudad de Florencia. | G7: META CUANTIFICABLE | H7: Se registra la evidencia de apoyo ejecución, seguimiento y cumplimiento del proceso contrato de obra OBR 005 de 2023. (Acta de reinicio del contrato, acta de recibo final de obra y certificado de seguimeitno al cto suscrita por el Director Adminsitrativo de Florenciaicha de supervision) | J7: Yadira Adrea Garcia Vargas | L7: EN EJECUCIÓN
A8: 5 | B8: Apoyar a la Dirección Seccional en la identificación de necesidades relacionadas con la actualización normativa de la infraestructura de las edificaciones a cargo de ésta. | D8: Cuando se requiera | E8: No se requirio | G8: ENTREGABLE | J8: Hermes Tovar Cuellar - Yadira Andrea Garcia | L8: CERRADO
A9: 6 | B9: Apoyar a la Coordinación Administrativa de Neiva y Coordinacion Administrativa de Florencia en la supervisión directa de los proyectos de inversión o a los que no se les haya designado una interventoría externa. | D9: Cuando se requiera | E9: Pese a que el contrato 12 OBR 005 DE 2023 se le contrato interventoria mediante el contrato 12 SER 020 DE 2021, la ing Yadira contratista realizo el apoyo al supervisor de la Direccion Seccional en la ejecucion y recibo del contrato. | G9: ENTREGABLE | H9: Se registra la evidencia de apoyo ejecución, seguimiento y cumplimiento del proceso contrato de obra OBR 005 de 2023. (Acta de reinicio del contrato, acta de recibo final de obra y certificado de seguimeitno al cto suscrita por el Director Adminsitrativo de Florenciaicha de supervision) | J9: Yadira Adrea Garcia Vargas | L9: CERRADO
A10: 7 | B10: Apoyar a la Coordinación Administrativa de Neiva y Coordinacion Administrativa de Florencia en la parte técnica respecto a la supervisión de los diseños arquitectónicos, otros diseños, estudios y obras que se adelanten por parte de la seccional. | D10: Mensual | E10: Durante el mes el contratista apoyo la estructuracion de los siguientes procesos de contratación: 1. Mantenimiento de Inmueble Direccion Seccional Neiva y Coordinacion Administrativa Florencia (proceso de selección Abraviada de Menor Cuantía SAM 01 DE 2022 , adelanto estudio de mercado, estructuracion de estudio previos, anexos del proceso. 2. Mantenimiento de aires acondicionados Direccion Seccional Neiva y Coordinacion Administrativa Florencia (proceso de selección Abraviada de Menor Cuantía SAM 02 DE 2022 , adelanto estudio de mercado, estructuracion de estudio previos, anexos del proceso. 3. Proceso de inspección de instalaciones eléctricas para certificación RETIE en el palacio de justicia de Garzón (proceso de minima cuantía MC 11 DE 2022 adelanto cotizaciones, estructuracion de estudio de mercado, estructuracion de estudios previos, anexos del proceso. 4. Contrato 12 OBR 005 DE 2021 obras civiles necesarias para las reparaciones locativas por el sistema de precios unitarios fijos sin formula de reajuste, en el Palacio de Justicia Gerardo Cortes de la ciudad de Florencia (seguimiento ejecución de contrato). | G10: META CUANTIFICABLE | H10: Se registra la evidencia de docmuentos de 3 procesos (estudios de mercado, estudios previos 1. Mantenimiento de Inmueble Direccion Seccional Neiva y Coordinacion Administrativa Florencia. 2. Mantenimiento de aires acondicionados Direccion Seccional Neiva y Coordinacion Administrativa Florencia 3. Proceso de inspección de instalaciones eléctricas para certificación RETIE en el palacio de justicia de Garzón . 4.Contrato de obra 12 OBR 005 DE 2023 S. (Acta de reinicio del contrato, acta de recibo final de obra y certificado de seguimiento al cto suscrita por el Director Adminsitrativo de Florencia) | J10: Yadira Adrea Garcia Vargas | L10: EN EJECUCIÓN
A11: 8 | B11: Supervisar el cumplimiento de las especificaciones, presupuestos, cronogramas, planos y calidad de las obras, durante la ejecución de los proyectos asignados a su cargo. | D11: Mensual | E11: Se realizo seguimiento al cumplimiento de las especificaciones, presupuestos, cronogramas, planos y calidad de las obras, durante la ejecución de los contratos de obra asi: 1. Contrato 12 OBR 005 DE 2021 Oobras civiles necesarias para las reparaciones locativas por el sistema de precios unitarios fijos sin formula de reajuste, en el Palacio de Justicia Gerardo Cortes de la ciudad de Florencia. 2. Contrato de obra 12 OBR 006 de 2021 Mantenimiento preventivo y correctivo a todo costo y arreglos locativos que sean necesarios para los diferentes inmuebles donde funcionan los despachos judiciales adscritos al Distrito Judicial de Neiva (entre ellos todos los Municipios del Huila) | G11: ENTREGABLE | H11: Se registra la evidencia de los contratos donde intervino el contratsita Yadira Andrea en los contratos: 12 OBR 005 de 2023. (Acta de reinicio del contrato, acta de recibo final de obra y certificado de seguimiento al cto suscrita por el Director Adminsitrativo de Florencia de supervision) y Contrato 12 OBR 006 DE 2023 (Ficha informe de supervision) | J11: Yadira Adrea Garcia Vargas | L11: CERRADO
A12: 9 | B12: Elaborar y presentar conceptos, informes y demás requerimientos que en la parte técnica se requiera en la Dirección Seccional. | D12: Mensual | E12: Durante el mes se apoyo la estructuracion tecnica de la etapa precontractual de los procesos de contratación: 1. Mantenimiento de Inmueble Direccion Seccional Neiva y Coordinacion Administrativa Florencia (proceso de selección Abraviada de Menor Cuantía SAMC 01 DE 2022 ) 2. Mantenimiento de aires acondicionados Direccion Seccional Neiva y Coordinacion Administrativa Florencia ( proceso de selección Abraviada de Menor Cuantía SAMC 02 DE 2022) 3. Proceso de inspección de instalaciones eléctricas para certificación RETIE en el palacio de justicia de Garzón MC-11 DE 2022. | G12: META CUANTIFICABLE | H12: Se registra la evidencia de 3 procesos (estudios de mercado, estudios previos ) de 1. Mantenimiento de Inmueble Direccion Seccional Neiva y Coordinacion Administrativa Florencia. 2. Mantenimiento de aires acondicionados Direccion Seccional Neiva y Coordinacion Administrativa Florencia 3. Proceso de inspección de instalaciones eléctricas para certificación RETIE en el palacio de justicia de Garzón | J12: Yadira Adrea Garcia Vargas | L12: EN EJECUCIÓN
A13: 10 | B13: Participar en la elaboración de formatos y esquemas de control y seguimiento de proyectos | D13: Cuando se requiere | E13: Participo en 1) el seguimiento a los contratos de ejecutados con los recursos de inversiony la entrega de soportes de cada contrato, 2) Elaboracion del formato para el seguimiento al plan de mantenimiento de inmuebles . 3) Formato de mantenimiento para ascensores | G13: ENTREGABLE | H13: se registra evidencia de plan de mantenimiento de inmuebles, formato mantenimiento de ascensores y informe de seguimiento de ejecución de contratos a la contraloria | J13: Yadira Adrea Garcia Vargas | L13: CERRADO
A14: 11 | B14: Controlar, coordinar supervisar la ejecución de las obras de adecuación, remodelación, mejoramiento y mantenimiento de los proyectos de inversión a cargo de la dirección seccional | D14: mensual | E14: Se realizo seguimiento al cumplimiento de las especificaciones, presupuestos, cronogramas, planos y calidad de las obras, durante la ejecución de los contratos de obra asi: 1. Contrato 12 OBR 005 DE 2021 Oobras civiles necesarias para las reparaciones locativas por el sistema de precios unitarios fijos sin formula de reajuste, en el Palacio de Justicia Gerardo Cortes de la ciudad de Florencia. 2. Contrato de obra 12 OBR 006 de 2021 Mantenimiento preventivo y correctivo a todo costo y arreglos locativos que sean necesarios para los diferentes inmuebles donde funcionan los despachos judiciales adscritos al Distrito Judicial de Neiva (entre ellos todos los Municipios del Huila) | G14: META CUANTIFICABLE | H14: Se registra la evidencia de los contratos donde intervino el contratsita Yadira Andrea en los contratos: 12 OBR 005 de 2023. (Acta de reinicio del contrato, acta de recibo final de obra y certificado de seguimiento al cto suscrita por el Director Adminsitrativo de Florencia de supervision) y Contrato 12 OBR 006 DE 2023 (Ficha informe de supervision) | J14: Yadira Adrea Garcia Vargas | L14: CERRADO
A15: 12 | B15: Estudiar y evaluar las solicitudes de construcción mantenimientos y espacios físicos. | D15: Cuando se requiere | E15: No se requirio | G15: ENTREGABLE | J15: Hermes Tovar Cuellar - Yadira Andrea Garcia | L15: CERRADO
A16: 13 | B16: Evaluar y conceptuar técnicamente los ofrecimientos y donaciones de inmuebles dentro del área de cubrimiento de la Dirección Seccional | D16: Cuando se requiere | E16: No se requirio | G16: ENTREGABLE | J16: Hermes Tovar Cuellar - Yadira Andrea Garcia | L16: CERRADO
A17: 14 | B17: Compilar y llevar el archivo de las normas y especificaciones técnicas para las obras de mejoramiento y mantenimiento que se lleven a cabo en la Dirección Seccional. | D17: Cuando se requiere | E17: No se requirio | G17: ENTREGABLE | J17: Hermes Tovar Cuellar - Yadira Andrea Garcia | L17: CERRADO
A18: 15 | B18: Ejecutar las demás actividades que resulten por la necesidad del servicio | D18: Durante la vigencia del contrato | E18: Se apoyo el informe de gestion anual año 2021 con las actividades de los proyectos d einversión | G18: ENTREGABLE | H18: Informe de gestion presentado por la Dirección | J18: Hermes Tovar Cuellar - Yadira Andrea Garcia | L18: CERRADO
A19: No. | B19: OBLIGACIONES GENERALES y ESPECIFICAS | D19: PERIODICIDAD | E19: ACTIVIDAD DE CUMPLIMIENTO | G19: INDIQUE SI ES ENTREGABLE O META CUANTIFICABLE | H19: SOPORTES-EVIDENCIA DEL CUMPLIMIENTO | J19: RESPONSABLE | L19: ESTADO
A20: 1 | B20: Cumplir con el objeto y obligaciones del contrato, presentando los informes sobre el cumplimiento de éste al supervisor del contrato | D20: mensual | E20: Presentacion de informe mensual de actividades frente a las obligaciones del contrato 12 SER 002 DE 2022 | G20: META CUANTIFICABLE | H20: Informe de mes de febrero de 2022 del contratista | J20: Yadira Adrea Garcia Vargas | L20: EN EJECUCIÓN
A21: 2 | B21: Pagar los impuestos que por motivo de ejecución del contrato diere lugar | D21: mensual | E21: No se registra los descuentos pago de impuesto de Reteica $18,427, Prouniversidad Nacional y demás univrsidades estatales - ministerio de educación por valor de $26.325 - retenciones realizadas por el area contable en obligación 04500048900036183222 y orden de pago 36183222 de fecha 28/02/2023 | G21: META CUANTIFICABLE | H21: Orden de pago 36183222 | J21: Yadira Adrea Garcia Vargas | L21: EN EJECUCIÓN
A22: 3 | B22: Cumplir con los requisitos de ley sobre la inscripción y vinculación permanente de sus empleados durante la ejecución del contrato, a los sistemas de Seguridad Social, Salud, Pensión y Riesgos Profesionales, de conformidad con lo establecido en la Ley 100 de 1993, Decreto reglamentario 780 de 2016, Ley 828 de 2003 y demás normas concordantes vigentes que sean aplicables. | D22: mensual | E22: No se requirio para este contrato | G22: META CUANTIFICABLE | J22: Yadira Adrea Garcia Vargas
A23: 4 | B23: Suscribir el respectivo contrato en la forma y términos establecidos para la gestión contractual establecida en el portal único de contratación Colombia Compra Eficiente www.colombiacompra.gov.co (SECOPII) | D23: una vez | E23: El contrato se suscribio electonicamente el dia 19/01/2022 | G23: ENTREGABLE | H23: notificacion de legalizacion del contrato al supervisor, realizada por el area de asistencia legal de la DESAJNEIVA, mediante correo electonico de fecha 20/01/2022 | J23: Yadira Adrea Garcia Vargas
A24: 5 | B24: Desarrollar y cumplir el objeto del Contrato, en las condiciones de idoneidad, oportunidad, y obligaciones definidas en los Estudios Previos y el Contrato que se suscriba. | D24: Mensual
A25: 6 | B25: Constituir las garantías (pólizas) de cumplimiento estatal para la ejecución del contrato y entregarlas a la Dirección Seccional de Administración Judicial de Neiva mediante la plataforma SECOP II | D25: una vez | E25: Se acoje aceptacion de grantias por parte del area juridica de la DESAJ NEIVA del día 20/01/2022 Poliza de cumplimieno del contrato y calidad del servicio de Seguros del estado No 33-44-101222094 por valor total de $17.374.500 con fecha de expedición del 20/01/2022 y vigencia del 01/02/2022 al 30/04/2023 | G25: ENTREGABLE | H25: notificacion de legalizacion del contrato al supervisor, realizada por el area de asistencia legal de la DESAJNEIVA, mediante correo electonico de fecha 20/01/2022 y Poliza No 33-44-101222094 | J25: Yadira Adrea Garcia Vargas
A26: 7 | B26: Suscribir el acta de inicio una vez el supervisor del contrato le notifique el acta. | D26: una vez | E26: El dia 01/02/2023 se dio inicio al contrato con la suscripción del Acta de Inicio al CTO 12 SER 002 DE 2022 | G26: ENTREGABLE | H26: Acta de Inicio al contrato | J26: Hermes Tovar Cuellar - Yadira Andrea Garcia
A27: 8 | B27: El contratista se obliga con la Dirección Ejecutiva Seccional de Administración Judicial de Neiva, acreditar antes al momento de la suscripción del acta de inicio un examen pre-ocupacional y allegar el respectivo certificado; los costos de este examen serán asumidos por el contratista | D27: una vez | E27: Certiifcado del examen pre-ocupacional a cargo del contratista | G27: ENTREGABLE | H27: Certifiado del examen | J27: Yadira Adrea Garcia Vargas
A28: 9 | B28: Para el pago el contratista deberá cumplir con las cotizaciones al Sistema General de Seguridad Social Integral, en los porcentajes definidos en las Leyes. El cumplimiento de esta obligación por parte del Contratista, se acredita, mediante copia de la planilla PILA debidamente pagada de los aportes al sistema de seguridad social. | D28: mensual | E28: Se anexa planilla de pago de seguridad social 9431315041 donde consta el pago sobre el IBC del 40% por la suma de $ 2.106.,000 cancelandose en Salud $263,300; Pensión $337.000 y ARL $11.000 del mes febrero para un valor total de $611.300 | G28: META CUANTIFICABLE | H28: Se anexa planilla de seguridad social 9431315041 | J28: Yadira Adrea Garcia Vargas
A29: 10 | B29: El contratista se compromete a prestar sus servicios generando un ambiente adecuado dentro del clima organizacional de la dependencia, manteniendo relaciones de cordialidad con quienes se relaciona y desempeña sus actividades, brindado una adecuada atención al usuario y entregando el máximo de sus capacidades para el cumplimiento de las metas definidas a la dependencia. | D29: mesnual | E29: No se recibieron quejas, ni reclamos
A30: 11 | B30: El contratista se obliga a presentar informes mensuales de ejecución y gestión, en medio electrónico a través del SECOP II de las actividades asignadas, dentro de los cinco (05) días al siguiente al periodo cumplido. | D30: mensual | E30: En el plan de pagos el contratista con la cuenta de cobro anexo su informe de ejecución y pagos de seguirad social | H30: Se anexa pantallazo de publicación de los documentos en el Secop II | J30: Yadira Adrea Garcia Vargas | L30: EN EJECUCIÓN
A31: 12 | B31: En caso de designarse como integrante del comité estructurador y evaluador de los diferentes procesos de selección de contratista, deberá ejercer esta obligación de manera oportuna, con apego a la ley vigente, dándole prioridad a esta obligación, en cumplimiento del cronograma establecido en el proceso y al manual de contratación de la entidad. | D31: cuando se requiera | E31: Para el presente mes se realizo la designación de estructurador tecnico de los procesos 1. Mantenimiento de Inmueble Direccion Seccional Neiva y Coordinacion Administrativa Florencia (proceso de selección Abraviada de Menor Cuantía , adelanto estudio de mercado, estructuracion de estudio previos, anexos del proceso. 2. Mantenimiento de aires acondicionados Direccion Seccional Neiva y Coordinacion Administrativa Florencia (preceso de selección Abraviada de Menor Cuantía SAMC 01 DE 2022 , adelanto estudio de mercado, estructuracion de estudio previos, anexos del proceso SAMC 02 DE 2022. 3. Proceso de inspección de instalaciones eléctricas para certificación RETIE en el palacio de justicia de Garzón (proceso de minima cuantía adelanto cotizaciones, estructuracion de estudio de mercado, estructuracion de estudios previos, anexos del proceso MC 03 DE 2022. | G31: META CUANTIFICABLE | H31: Se anexan oficios de designacion de estrcutracion procesos y estudio | L31: EN EJECUCIÓN
A32: 13 | B32: Apoyar a la supervisión de todos los contratos de consultorías, obras, interventorías, y suministros relacionados, que la entidad suscriba, deberá ejercer esta obligación, verificando y controlando la ejecución de los mismos, atendiendo lo señalado en el contrato y las obligaciones que le corresponden al supervisor | D32: Mensual | E32: Se realizo Apoyo a la supervisión de de los contratos de obra asi: 1. Contrato 12 OBR 005 DE 2021 Oobras civiles necesarias para las reparaciones locativas por el sistema de precios unitarios fijos sin formula de reajuste, en el Palacio de Justicia Gerardo Cortes de la ciudad de Florencia. 2. Contrato de obra 12 OBR 006 de 2021 Mantenimiento preventivo y correctivo a todo costo y arreglos locativos que sean necesarios para los diferentes inmuebles donde funcionan los despachos judiciales adscritos al Distrito Judicial de Neiva (entre ellos todos los Municipios del Huila) | G32: META CUANTIFICABLE | H32: Se registra la evidencia de los contratos donde intervino el contratsita Yadira Andrea en los contratos: 12 OBR 005 de 2023. (Acta de reinicio del contrato, acta de recibo final de obra y certificado de seguimiento al cto suscrita por el Director Adminsitrativo de Florencia de supervision) y Contrato 12 OBR 006 DE 2023 (Ficha informe de supervision) | J32: Yadira Adrea Garcia Vargas | L32: CERRADO
A33: 14 | B33: Asistir a las reuniones que sean convocadas por el supervisor del contrato, para revisar el estado de ejecución del mismo, el cumplimiento de las obligaciones a cargo de EL CONTRATISTA o cualquier aspecto técnico referente al mismo. | D33: cuando se requiera | E33: Se realizaron reunion para aclarar dudas observaciones de las estructuracion tecnica de los procesos sustanciados por el conrtatista en Junta de contratación | G33: ENTREGABLE | H33: Se relacionan actas de junta de contratación de Seccional | J33: Yadira Adrea Garcia Vargas | L33: CERRADO
A34: 15 | B34: Tramitar oportunamente las actas de suspensión y reanudación del contrato, si ello fuere necesario. | D34: cuando se requiera | E34: No se requirio | G34: ENTREGABLE | J34: Hermes Tovar Cuellar - Yadira Andrea Garcia | L34: EN EJECUCIÓN
A35: 16 | B35: Dar el visto bueno en todas las actas (inicio, parciales, suspensión, reinicio, prorrogas, adiciones, etc..), fichas técnicas, formatos de ejecución de contratos y/o documentos que surjan de la ejecución de los contratos de consultorías, obras, interventorías, y suministros relacionados, suscritos por la entidad. | D35: cuando se requiera | E35: Se realizo el Acta de reinicio al cto 12 OBR 005 DE 2021 Y Acta Recibo Final del Contrato 12 OBR 005 DE 2021 | G35: ENTREGABLE | H35: Se registra evidencia del cta de reinicio al cto 12 OBR 005 DE 2021 Y Acta Recibo Final del Contrato 12 OBR 005 DE 2021 | J35: Yadira Adrea Garcia Vargas
A36: 17 | B36: Responder ante las autoridades competentes por los actos u omisiones que ejecute en desarrollo del contrato, cuando en ellos se cause perjuicio a la administración o a terceros en los términos del artículo 52 de Ia ley 80 de 1993. | D36: cuando se requiera | E36: No se requirio | G36: ENTREGABLE | J36: Yadira Adrea Garcia Vargas
A37: 18 | B37: Reparar los daños e indemnizar los perjuicios que cause a la Dirección Seccional de Administración Judicial de Neiva, por el incumplimiento del contrato. | D37: cuando se requiera | E37: No se requirio | G37: ENTREGABLE | J37: Yadira Adrea Garcia Vargas
A38: 19 | B38: Al finalizar el contrato, entregar todos y cada uno de los documentos que le hayan sido suministrados con ocasión de la ejecución del mismo, en atención a lo establecido en las normas de archivo de gestión documental al supervisor del contrato. | D38: al finalizar el contrato | E38: No se requirio | G38: ENTREGABLE | J38: Yadira Adrea Garcia Vargas

Sheet CONSOLIDADO
A1: PLAN DE ACCION CONTRATO 12 SER 002 DE 2023
A2: Objeto de contratación: | C2: Contratar la prestación de servicios profesionales como ingeniero civil para apoyo al área administrativa de la Dirección Ejecutiva Seccional en el componente técnico que se derive del proceso de Infraestructura Física y Adquisición de Bienes y Servicios, apoyando técnicamente el desarrollo de los procedimientos de contratación, mantenimiento de instalaciones, supervisión de la contratación que adelante la entidad y demás procesos administrativos del área afines al perfil profesional.
A3: Valor Inicial: | C3: 57915000 | D3: Valor Total: | E3: 57915000 | F3: Valor Anticipo: | G3: 0 | H3: Plazo Total Contrato | I3: 11 MESES
A4: Unidad responsable: | C4: Coordinacion Administrativa | D4: Contrato No: | E4: 12 SER 002 DE 2023 | F4: Estado Actual del Contrato: | G4: TERMINADO
A5: Fecha de Inicio Contrato: | C5: 44593 | D5: Fecha de terminacion: | E5: 44926 | F5: Total Porcentaje del avance: | G5: =D19 -> 100
A6: Nombre del Contratista: | C6: YADIRA ANDREA GARCIA VARGAS | D6: No. NIT / CC: | E6: 26431731 | F6: Supervisor (es) del Contrato: | G6: HERMES TOVAR CUELLAR
A7: No. | B7: Fecha Informe | C7: Numero de Cuenta de Cobro/Factura | D7: Porcentaje Avance % | E7: Valor Pagado | F7: Avance en Tiempo | G7: Observaciones
A8: 1 | B8: 44615 | C8: 1 | D8: =E8/E3*100 -> 9.0909091 | E8: 5265000 | F8: MES FEBRERO
A9: 2 | B9: 44645 | C9: 2 | D9: =SUM(E8:E9)/E3*100 -> 18.181818 | E9: 5265000 | F9: MES MARZO
A10: 3 | B10: 44676 | C10: 3 | D10: =SUM(E8:E10)/E3*100 -> 27.272727 | E10: 5265000 | F10: MES ABRIL
A11: 4 | B11: 44706 | C11: 4 | D11: =SUM(E8:E11)/E3*100 -> 36.363636 | E11: 5265000 | F11: MES MAYO
A12: 5 | B12: 44740 | C12: 5 | D12: =SUM(E8:E12)/E3*100 -> 45.454545 | E12: 5265000 | F12: MES JUNIO
A13: 6 | B13: 44767 | C13: 6 | D13: =SUM(E8:E13)/E3*100 -> 54.545455 | E13: 5265000 | F13: MES JULIO
A14: 7 | B14: 44798 | C14: 7 | D14: =SUM(E8:E14)/E3*100 -> 63.636364 | E14: 5265000 | F14: MES AGOSTO
A15: 8 | B15: 44829 | C15: 8 | D15: =SUM(E8:E15)/E3*100 -> 72.727273 | E15: 5265000 | F15: MES SEPTIEMBRE
A16: 9 | B16: 44868 | C16: 9 | D16: =SUM(E8:E16)/E3*100 -> 81.818182 | E16: 5265000 | F16: MES OCTUBRE
A17: 10 | B17: 45258 | C17: 10 | D17: =SUM(E7:E17)/E3*100 -> 90.909091 | E17: 5265000 | F17: MES NOVIEMBRE
A18: 11 | B18: 45281 | C18: 11 | D18: =SUM(E8:E18)/E3*100 -> 100 | E18: 5265000 | F18: MES DICIEMBRE
A19: Total de cumplimiento Contrato | D19: =D18 -> 100 | E19: =SUM(E8:E18) -> 57915000

Sheet SEG-MARZO
A1: PLAN DE ACCION CONTRATO 12-SER006 DE 2023
A2: Objeto de contratación: | C2: =CONSOLIDADO!C2 -> Contratar la prestación de servicios profesionales como ingeniero civil para apoyo al área administrativa de la Dirección Ejecutiva Seccional en el componente técnico que se derive del proceso de Infraestructura Física y Adquisición de Bienes y Servicios, apoyando técnicamente el desarrollo de los procedimientos de contratación, mantenimiento de instalaciones, supervisión de la contratación que adelante la entidad y demás procesos administrativos del área afines al perfil profesional. | H2: Mes Y Año Reportado | I2: MARZO de 2022 | J2: Porcentaje del Avance % | K2: =CONSOLIDADO!D9 -> 18.181818
A3: No. | B3: ESPECIFICACIONES TECNICAS | D3: PERIODICIDAD | E3: ACTIVIDAD DE CUMPLIMIENTO | G3: INDIQUE SI ES ENTREGABLE O META CUANTIFICABLE | H3: SOPORTES-EVIDENCIA DEL CUMPLIMIENTO | J3: RESPONSABLE | L3: ESTADO
A4: 1 | B4: Apoyar a la Coordinación Administrativa de Neiva y Coordinacion Administrativa de Florencia en la estructuración técnica y todo lo necesario durante la fase precontractual de los procesos de contratación que se adelanten por la Entidad durante la vigencia en curso. | D4: Mensual | E4: Durante el mes el contratista apoyo la estructuracion de los siguientes procesos de contratación: 1. Mantenimiento de Inmueble Direccion Seccional Neiva y Coordinacion Administrativa Florencia (proceso de selección Abreviada de Menor Cuantía , se apoyo la publicacion del pre- pliego de condiciones con sus anexos y se adelanto la recepción de observaciones tecnicas al proceso SAM 02 DE 2022. 2. Mantenimiento de aires acondicionados Direccion Seccional Neiva y Coordinacion Administrativa Florencia (preceso de selección Abreviada de Menor Cuantía , se recepcionaron las observaciones al prepliego y se dio respuesta a las observaciones tecnicas proceso SAMC 02 DE 2022. 3. Proceso de inspección de instalaciones eléctricas para certificación RETIE en el palacio de justicia de Garzón (proceso de minima cuantía Se llelvo a cabo la recepción de las ofertas, realizo la evaluacion tecnica y aprobacion del acta de evaluacion del proceso MC 11 DE 2022. 4. Proceso de mantenimiento de vehiculos MC 05 DE 2022 ( apoyo las respuestas a las observaciones del pliego y la apertura de ofertas presentadas al proceso | G4: META CUANTIFICABLE | H4: Se registra la evidencia de docmuentos de 3 procesos (acta de respuesta de observaciones proceso SAMC 01; SAMC 02 DE 2022; mc 05 de 2022 Y ACTA DE EVALUACION DE OFERTAS PROCESO MC 11 DE 2022 | J4: Yadira Adrea Garcia Vargas | L4: EN EJECUCIÓN
A5: 2 | B5: Apoyar a la Coordinación Administrativa en la dirección, ejecución, seguimiento y cumplimiento del proceso de Infraestructura | D5: Mensual | E5: Se apoyo la realizacion del informe de supervisión del contratos de obra 1. Contrato 12 OBR 005 DE 2021 suscrito para las obras civiles necesarias para las reparaciones locativas por el sistema de precios unitarios fijos sin formula de reajuste, en el Palacio de Justicia Gerardo Cortes de la ciudad de Florencia. 2 diligenciamiento de formato de plan de mantenimiento de inmuebles. | G5: META CUANTIFICABLE | H5: Se registra la evidencia de apoyo ejecución, seguimiento y cumplimiento del proceso contrato de obra OBR 005 de 2023. (Ficha informe de supervisión) y formato de mantenimiento de inmuebles | J5: Yadira Adrea Garcia Vargas | L5: CERRADO
A6: 3 | B6: Asistir a las reuniones, comités y juntas de contratación que se lleven a cabo dentro del proceso de contratación de la Entidad. | D6: Cuando se requiera | E6: En el presente mes el contratista asisitio a las siguientes reuniones : 1) Reunión de seguimiento y terminación del contrato 12OBR005 DE 2021 y de Interventoría 12SER020 DE 2021 el 01/03/2022. 2) Reunión de apertura Proceso MC-03 DE 2022 02/03/2022. 3) Reunión de inicio auditoría al proceso de adquisición de bienes y servicios 07/03/2022. 4) Reunión de apertura proceso MC-05 DE 2021 17/03/2022. 5) Reunión de Capacitación "Decreto 1860 de 2021 en el proceso de contratación" 24/03/2022. 6) Curso virtual SECOP II – 23/03/2022 7) Curso virtual SECOP II – 25/03/2022 | G6: ENTREGABLE | H6: se registra acta de reunion y acta de contratacion | J6: Yadira Adrea Garcia Vargas | L6: EN EJECUCIÓN
A7: 4 | B7: Realizar el acompañamiento y asesoría técnica de los proyectos de infraestructura a cargo de la dirección seccional tales como consultorías, obras, interventorías, y suministros relacionados, durante el proceso precontractual, contractual, de ejecución y liquidación. | D7: Mensual | E7: En el periodo realizo el contratista el acompañamiento técnico a los siguientes proyectos adjudicados en la vigencia 2021: 1) CONTRATO 12OBR 006 DE 2021: durante el periodo se realiza el recibo y terminación del contrato. Se realiza la revisión de los documentos e informes presentados para el trámite de la cuenta para pago presentada por el contratista. 2) Contrato 12OBR 005 DE 2021: realicé el apoyo a la revisión de informes técnicos presentados por el contratista y avalados por la Interventoría, para dar trámite a la cuenta presentada. 3) Contrato 12SER 020 de 2021: realicé el apoyo a la revisión de informes técnicos presentados por el contratista, para dar trámite a la cuenta presentada. Asi mismo se realizo el acompañamiento técnico a los proyectos, suscritos en la vigencia 2022 como ; 1) Contrato 12SER 010 DE 2022: Contrato para la Inspección RETIE en el palacio de justicia de Garzón. Se realiza el apoyo técnico a la supervisión para el inicio de la ejecución del contrato | G7: META CUANTIFICABLE | H7: Se registra la evidencia de apoyo ejecución, seguimiento y cumplimiento del proceso Acta de terminacion, informes de supervision y acta de inicio de los procesos mencioandos | J7: Yadira Adrea Garcia Vargas | L7: EN EJECUCIÓN
A8: 5 | B8: Apoyar a la Dirección Seccional en la identificación de necesidades relacionadas con la actualización normativa de la infraestructura de las edificaciones a cargo de ésta. | D8: Cuando se requiera | E8: No se requirio | G8: ENTREGABLE | J8: Hermes Tovar Cuellar - Yadira Andrea Garcia | L8: CERRADO
A9: 6 | B9: Apoyar a la Coordinación Administrativa de Neiva y Coordinacion Administrativa de Florencia en la supervisión directa de los proyectos de inversión o a los que no se les haya designado una interventoría externa. | D9: Cuando se requiera | E9: El 8 de febrero de 2022 se recibió por parte de Nivel Central la asignación de recursos de inversión, los cuales les fueron notiicado al contratista ing Yadira Andrea para que inciie los en proceso de estructuración la necesidad de contratación de las obras hidrosanitarias para el palacio de Justicia de Neiva, motivo por el cual a la fecha no se tiene supervision de contratos de infraestructura para la presente vigencia. | G9: ENTREGABLE | J9: Yadira Adrea Garcia Vargas | L9: CERRADO
A10: 7 | B10: Apoyar a la Coordinación Administrativa de Neiva y Coordinacion Administrativa de Florencia en la parte técnica respecto a la supervisión de los diseños arquitectónicos, otros diseños, estudios y obras que se adelanten por parte de la seccional. | D10: Mensual | E10: Se brindo apoyo técnico en la ejecución de los siguientes contratos: 1) 12OBR 006 DE 2021: Mantenimiento de inmuebles DESAJ Neiva 2) 12OBR 005 DE 2021: Contrato de obras civiles en el Palacio de Justicia de Florencia. 3) 12SER 020 DE 2021: Interventoría al contrato 12OBR 005 DE 2021. 4) 12SER 010 DE 2022: Servicio de inspección RETIE en el palacio de Justicia de Garzón. Asi msimo se continuo con la estructuración y evaluacion de los procesos Mantenimiento de Inmueble Direccion Seccional Neiva y Coordinacion Administrativa Florencia (proceso de selección Abraviada de Menor Cuantía SAMC 01 DE 2022 ) 2. Mantenimiento de aires acondicionados Direccion Seccional Neiva y Coordinacion Administrativa Florencia ( proceso de selección Abraviada de Menor Cuantía SAMC 02 DE 2022) 3. Proceso de inspección de instalaciones eléctricas para certificación RETIE en el palacio de justicia de Garzón | G10: META CUANTIFICABLE | H10: Se registra la evidencia de actas de respuestas a observaciones a los prepliegos de los proceos SAM001 Y SAM02, asi como las actas de junta de contratacion de aprobracio de pliegos definitivos. Informe de supervision cto 12 OBR 005 DE 2021 . | J10: Yadira Adrea Garcia Vargas | L10: EN EJECUCIÓN
A11: 8 | B11: Supervisar el cumplimiento de las especificaciones, presupuestos, cronogramas, planos y calidad de las obras, durante la ejecución de los proyectos asignados a su cargo. | D11: Mensual | E11: Se realizo seguimiento al cumplimiento de las especificaciones, presupuestos, cronogramas, planos y calidad de las obras, durante la ejecución de los contratos de obra asi: 1. Contrato 12 OBR 005 DE 2021 Oobras civiles necesarias para las reparaciones locativas por el sistema de precios unitarios fijos sin formula de reajuste, en el Palacio de Justicia Gerardo Cortes de la ciudad de Florencia. 2. Contrato de obra 12 OBR 006 de 2021 Mantenimiento preventivo y correctivo a todo costo y arreglos locativos que sean necesarios para los diferentes inmuebles donde funcionan los despachos judiciales adscritos al Distrito Judicial de Neiva (entre ellos todos los Municipios del Huila) 3) Contrato 12 SER 020 DE 2021 ; Interventoria a la obra civil por el sistema de precios unitarios fijos sin formula de reajuste para las reparaciones locativas en el Placio de Justicia "Gerardo Castañeda Repiso" | G11: ENTREGABLE | H11: Se registra la evidencia de los contratos donde intervino el contratsita Yadira Andrea en los contratos: 12 OBR 005 de 2021 y 12 SER 020 DE 2021 (informes de supervision) Y 12 OBR 006 DE 2021 informe supervision | J11: Yadira Adrea Garcia Vargas | L11: CERRADO
A12: 9 | B12: Elaborar y presentar conceptos, informes y demás requerimientos que en la parte técnica se requiera en la Dirección Seccional. | D12: Mensual | E12: Durante el mes se apoyo la estructuracion tecnica de la etapa precontractual de los procesos de contratación: 1. Mantenimiento de Inmueble Direccion Seccional Neiva y Coordinacion Administrativa Florencia (proceso de selección Abraviada de Menor Cuantía SAMC 01 DE 2022 ) 2. Mantenimiento de aires acondicionados Direccion Seccional Neiva y Coordinacion Administrativa Florencia ( proceso de selección Abraviada de Menor Cuantía SAMC 02 DE 2022) 3. Mantenimiento de Vehiculo Neiva. | G12: META CUANTIFICABLE | H12: Se registra la evidencia de 3 procesos (estudios de mercado, estudios previos ) de 1. Mantenimiento de Inmueble Direccion Seccional Neiva y Coordinacion Administrativa Florencia. 2. Mantenimiento de aires acondicionados Direccion Seccional Neiva y Coordinacion Administrativa Florencia 3. oficio de designacion de comite estructurador de los procesos | J12: Yadira Adrea Garcia Vargas | L12: EN EJECUCIÓN
A13: 10 | B13: Participar en la elaboración de formatos y esquemas de control y seguimiento de proyectos | D13: Cuando se requiere | E13: Participo en 1) el seguimiento a los contratos de ejecutados con los recursos de inversiony la entrega de soportes de cada contrato, 2) Elaboracion del formato para el seguimiento al plan de mantenimiento de inmuebles . 3) Formato de mantenimiento para ascensores | G13: ENTREGABLE | H13: se registra evidencia de plan de mantenimiento de inmuebles, formato mantenimiento de ascensores y informe de seguimiento de ejecución de contratos a la contraloria | J13: Yadira Adrea Garcia Vargas | L13: CERRADO
A14: 11 | B14: Controlar, coordinar supervisar la ejecución de las obras de adecuación, remodelación, mejoramiento y mantenimiento de los proyectos de inversión a cargo de la dirección seccional | D14: mensual | E14: Se realizo seguimiento al cumplimiento de las especificaciones, presupuestos, cronogramas, planos y calidad de las obras, durante la ejecución de los contratos de obra asi: 1. Contrato 12 OBR 005 DE 2021 Oobras civiles necesarias para las reparaciones locativas por el sistema de precios unitarios fijos sin formula de reajuste, en el Palacio de Justicia Gerardo Cortes de la ciudad de Florencia. 2. Contrato de obra 12 OBR 006 de 2021 Mantenimiento preventivo y correctivo a todo costo y arreglos locativos que sean necesarios para los diferentes inmuebles donde funcionan los despachos judiciales adscritos al Distrito Judicial de Neiva (entre ellos todos los Municipios del Huila) | G14: META CUANTIFICABLE | H14: Se registra la evidencia de los contratos donde intervino el contratsita Yadira Andrea en los contratos: 12 OBR 005 de 2023. (Acta de reinicio del contrato, acta de recibo final de obra y certificado de seguimiento al cto suscrita por el Director Adminsitrativo de Florencia de supervision) y Contrato 12 OBR 006 DE 2023 (Ficha informe de supervision) | J14: Yadira Adrea Garcia Vargas | L14: CERRADO
A15: 12 | B15: Estudiar y evaluar las solicitudes de construcción mantenimientos y espacios físicos. | D15: Cuando se requiere | E15: Durante el periodo se recibieron y compilaron solicitudes de mantenimientos y adecuaciones en el palacio de Justicia de Neiva, Garzón y otras sedes del Huila, con el fin de atenderlas con el contrato de mantenimiento de inmuebles que se encuentra en fase precontractual. | G15: ENTREGABLE | J15: Hermes Tovar Cuellar - Yadira Andrea Garcia | L15: CERRADO
A16: 13 | B16: Evaluar y conceptuar técnicamente los ofrecimientos y donaciones de inmuebles dentro del área de cubrimiento de la Dirección Seccional | D16: Cuando se requiere | E16: No se requirio | G16: ENTREGABLE | J16: Hermes Tovar Cuellar - Yadira Andrea Garcia | L16: CERRADO
A17: 14 | B17: Compilar y llevar el archivo de las normas y especificaciones técnicas para las obras de mejoramiento y mantenimiento que se lleven a cabo en la Dirección Seccional. | D17: Cuando se requiere | E17: No se requirio | G17: ENTREGABLE | J17: Hermes Tovar Cuellar - Yadira Andrea Garcia | L17: CERRADO
A18: 15 | B18: Ejecutar las demás actividades que resulten por la necesidad del servicio | D18: Durante la vigencia del contrato | E18: Se adoptan funciones de líder de procesos de contratación según oficios DESAJENO22-648 Y DESAJENO22-647 | G18: ENTREGABLE | H18: Se anexan oficio de designacin de estruturados y lider de procesos contractuales | J18: Hermes Tovar Cuellar - Yadira Andrea Garcia | L18: CERRADO
A19: No. | B19: OBLIGACIONES GENERALES y ESPECIFICAS | D19: PERIODICIDAD | E19: ACTIVIDAD DE CUMPLIMIENTO | G19: INDIQUE SI ES ENTREGABLE O META CUANTIFICABLE | H19: SOPORTES-EVIDENCIA DEL CUMPLIMIENTO | J19: RESPONSABLE | L19: ESTADO
A20: 1 | B20: Cumplir con el objeto y obligaciones del contrato, presentando los informes sobre el cumplimiento de éste al supervisor del contrato | D20: mensual | E20: Presentacion de informe mensual de actividades frente a las obligaciones del contrato 12 SER 002 DE 2022 | G20: META CUANTIFICABLE | H20: Informe de mes de marzo de 2022 del contratista | J20: Yadira Adrea Garcia Vargas | L20: EN EJECUCIÓN
A21: 2 | B21: Pagar los impuestos que por motivo de ejecución del contrato diere lugar | D21: mensual | E21: No se registra los descuentos pago de impuesto de Reteica $18,427, Prouniversidad Nacional y demás univrsidades estatales - ministerio de educación por valor de $26.325 - retenciones realizadas por el area contable en obligación 04500048900075364022y orden de pago 75364022 de fecha 30/03/2023 | G21: META CUANTIFICABLE | H21: Orden de pago 75364022 | J21: Yadira Adrea Garcia Vargas | L21: EN EJECUCIÓN
A22: 3 | B22: Cumplir con los requisitos de ley sobre la inscripción y vinculación permanente de sus empleados durante la ejecución del contrato, a los sistemas de Seguridad Social, Salud, Pensión y Riesgos Profesionales, de conformidad con lo establecido en la Ley 100 de 1993, Decreto reglamentario 780 de 2016, Ley 828 de 2003 y demás normas concordantes vigentes que sean aplicables. | D22: mensual | E22: No se requirio para este contrato | G22: META CUANTIFICABLE | J22: Yadira Adrea Garcia Vargas
A23: 4 | B23: Suscribir el respectivo contrato en la forma y términos establecidos para la gestión contractual establecida en el portal único de contratación Colombia Compra Eficiente www.colombiacompra.gov.co (SECOPII) | D23: una vez | E23: El contrato se suscribio electonicamente el dia 19/01/2022 | G23: ENTREGABLE | H23: notificacion de legalizacion del contrato al supervisor, realizada por el area de asistencia legal de la DESAJNEIVA, mediante correo electonico de fecha 20/01/2022 | J23: Yadira Adrea Garcia Vargas
A24: 5 | B24: Desarrollar y cumplir el objeto del Contrato, en las condiciones de idoneidad, oportunidad, y obligaciones definidas en los Estudios Previos y el Contrato que se suscriba. | D24: Mensual
A25: 6 | B25: Constituir las garantías (pólizas) de cumplimiento estatal para la ejecución del contrato y entregarlas a la Dirección Seccional de Administración Judicial de Neiva mediante la plataforma SECOP II | D25: una vez | E25: Se acoje aceptacion de grantias por parte del area juridica de la DESAJ NEIVA del día 20/01/2022 Poliza de cumplimieno del contrato y calidad del servicio de Seguros del estado No 33-44-101222094 por valor total de $17.374.500 con fecha de expedición del 20/01/2022 y vigencia del 01/02/2022 al 30/04/2023 | G25: ENTREGABLE | H25: notificacion de legalizacion del contrato al supervisor, realizada por el area de asistencia legal de la DESAJNEIVA, mediante correo electonico de fecha 20/01/2022 y Poliza No 33-44-101222094 | J25: Yadira Adrea Garcia Vargas
A26: 7 | B26: Suscribir el acta de inicio una vez el supervisor del contrato le notifique el acta. | D26: una vez | E26: El dia 01/02/2023 se dio inicio al contrato con la suscripción del Acta de Inicio al CTO 12 SER 002 DE 2022 | G26: ENTREGABLE | H26: Acta de Inicio al contrato | J26: Hermes Tovar Cuellar - Yadira Andrea Garcia
A27: 8 | B27: El contratista se obliga con la Dirección Ejecutiva Seccional de Administración Judicial de Neiva, acreditar antes al momento de la suscripción del acta de inicio un examen pre-ocupacional y allegar el respectivo certificado; los costos de este examen serán asumidos por el contratista | D27: una vez | E27: Certiifcado del examen pre-ocupacional a cargo del contratista | G27: ENTREGABLE | H27: Certifiado del examen | J27: Yadira Adrea Garcia Vargas
A28: 9 | B28: Para el pago el contratista deberá cumplir con las cotizaciones al Sistema General de Seguridad Social Integral, en los porcentajes definidos en las Leyes. El cumplimiento de esta obligación por parte del Contratista, se acredita, mediante copia de la planilla PILA debidamente pagada de los aportes al sistema de seguridad social. | D28: mensual | E28: Se anexa planilla de pago de seguridad social 9432717489 donde consta el pago sobre el IBC del 40% por la suma de $ 2.106.000 cancelandose en Salud $263,300; Pensión $337.000 y ARL $11.000 del mes marzo para un valor total de $611.300 | G28: META CUANTIFICABLE | H28: Se anexa planilla de seguridad social 9432717489 | J28: Yadira Adrea Garcia Vargas
A29: 10 | B29: El contratista se compromete a prestar sus servicios generando un ambiente adecuado dentro del clima organizacional de la dependencia, manteniendo relaciones de cordialidad con quienes se relaciona y desempeña sus actividades, brindado una adecuada atención al usuario y entregando el máximo de sus capacidades para el cumplimiento de las metas definidas a la dependencia. | D29: mesnual | E29: No se recibieron quejas, ni reclamos
A30: 11 | B30: El contratista se obliga a presentar informes mensuales de ejecución y gestión, en medio electrónico a través del SECOP II de las actividades asignadas, dentro de los cinco (05) días al siguiente al periodo cumplido. | D30: mensual | E30: En el plan de pagos el contratista con la cuenta de cobro anexo su informe de ejecución y pagos de seguirad social | H30: Se anexa pantallazo de publicación de los documentos en el Secop II | J30: Yadira Adrea Garcia Vargas | L30: EN EJECUCIÓN
A31: 12 | B31: En caso de designarse como integrante del comité estructurador y evaluador de los diferentes procesos de selección de contratista, deberá ejercer esta obligación de manera oportuna, con apego a la ley vigente, dándole prioridad a esta obligación, en cumplimiento del cronograma establecido en el proceso y al manual de contratación de la entidad. | D31: cuando se requiera | E31: Para el presente mes se realizo la designación de estructurador tecnico de los procesos 1. Mantenimiento de Inmueble Direccion Seccional Neiva y Coordinacion Administrativa Florencia (proceso de selección Abraviada de Menor Cuantía , adelanto estudio de mercado, estructuracion de estudio previos, anexos del proceso. 2. Mantenimiento de aires acondicionados Direccion Seccional Neiva y Coordinacion Administrativa Florencia (preceso de selección Abraviada de Menor Cuantía SAMC 01 DE 2022 , adelanto estudio de mercado, estructuracion de estudio previos, anexos del proceso SAMC 02 DE 2022. 3.mantenimiento de vehiculos estructuracion de estudio de mercado, estructuracion de estudios previos | G31: META CUANTIFICABLE | H31: Se anexan oficios de designacion de estrcutracion procesos y estudio | L31: EN EJECUCIÓN
A32: 13 | B32: Apoyar a la supervisión de todos los contratos de consultorías, obras, interventorías, y suministros relacionados, que la entidad suscriba, deberá ejercer esta obligación, verificando y controlando la ejecución de los mismos, atendiendo lo señalado en el contrato y las obligaciones que le corresponden al supervisor | D32: Mensual | E32: Se realizo seguimiento al cumplimiento de las especificaciones, presupuestos, cronogramas, planos y calidad de las obras, durante la ejecución de los contratos de obra asi: 1. Contrato 12 OBR 005 DE 2021 Oobras civiles necesarias para las reparaciones locativas por el sistema de precios unitarios fijos sin formula de reajuste, en el Palacio de Justicia Gerardo Cortes de la ciudad de Florencia. 2. Contrato de obra 12 OBR 006 de 2021 Mantenimiento preventivo y correctivo a todo costo y arreglos locativos que sean necesarios para los diferentes inmuebles donde funcionan los despachos judiciales adscritos al Distrito Judicial de Neiva (entre ellos todos los Municipios del Huila) 3) Contrato 12 SER 020 DE 2021 ; Interventoria a la obra civil por el sistema de precios unitarios fijos sin formula de reajuste para las reparaciones locativas en el Placio de Justicia "Gerardo Castañeda Repiso" | G32: META CUANTIFICABLE | H32: Se registra la evidencia de los contratos donde intervino el contratsita Yadira Andrea en los contratos: 12 OBR 005 de 2023. (Acta de reinicio del contrato, acta de recibo final de obra y certificado de seguimiento al cto suscrita por el Director Adminsitrativo de Florencia de supervision) y Contrato 12 OBR 006 DE 2023 (Ficha informe de supervision) | J32: Yadira Adrea Garcia Vargas | L32: CERRADO
A33: 14 | B33: Asistir a las reuniones que sean convocadas por el supervisor del contrato, para revisar el estado de ejecución del mismo, el cumplimiento de las obligaciones a cargo de EL CONTRATISTA o cualquier aspecto técnico referente al mismo. | D33: cuando se requiera | E33: Se realizaron reunion para aclarar dudas observaciones de las estructuracion tecnica de los procesos sustanciados por el conrtatista en Junta de contratación y apertura aditoria interna | G33: ENTREGABLE | H33: Se relacionan actas de junta de contratación de Seccional | J33: Yadira Adrea Garcia Vargas | L33: CERRADO
A34: 15 | B34: Tramitar oportunamente las actas de suspensión y reanudación del contrato, si ello fuere necesario. | D34: cuando se requiera | E34: No se requirio | G34: ENTREGABLE | J34: Hermes Tovar Cuellar - Yadira Andrea Garcia | L34: EN EJECUCIÓN
A35: 16 | B35: Dar el visto bueno en todas las actas (inicio, parciales, suspensión, reinicio, prorrogas, adiciones, etc..), fichas técnicas, formatos de ejecución de contratos y/o documentos que surjan de la ejecución de los contratos de consultorías, obras, interventorías, y suministros relacionados, suscritos por la entidad. | D35: cuando se requiera | E35: Se realizo seguimiento al cumplimiento de las especificaciones, presupuestos, cronogramas, planos y calidad de las obras, durante la ejecución de los contratos de obra asi: 1. Contrato 12 OBR 005 DE 2021 Oobras civiles necesarias para las reparaciones locativas por el sistema de precios unitarios fijos sin formula de reajuste, en el Palacio de Justicia Gerardo Cortes de la ciudad de Florencia. 2. Contrato de obra 12 OBR 006 de 2021 Mantenimiento preventivo y correctivo a todo costo y arreglos locativos que sean necesarios para los diferentes inmuebles donde funcionan los despachos judiciales adscritos al Distrito Judicial de Neiva (entre ellos todos los Municipios del Huila) 3) Contrato 12 SER 020 DE 2021 ; Interventoria a la obra civil por el sistema de precios unitarios fijos sin formula de reajuste para las reparaciones locativas en el Placio de Justicia "Gerardo Castañeda Repiso" | G35: ENTREGABLE | H35: Fichas tecnicas de supervision de los contratos relacionados | J35: Yadira Adrea Garcia Vargas
A36: 17 | B36: Responder ante las autoridades competentes por los actos u omisiones que ejecute en desarrollo del contrato, cuando en ellos se cause perjuicio a la administración o a terceros en los términos del artículo 52 de Ia ley 80 de 1993. | D36: cuando se requiera | E36: No se requirio | G36: ENTREGABLE | J36: Yadira Adrea Garcia Vargas
A37: 18 | B37: Reparar los daños e indemnizar los perjuicios que cause a la Dirección Seccional de Administración Judicial de Neiva, por el incumplimiento del contrato. | D37: cuando se requiera | E37: No se requirio | G37: ENTREGABLE | J37: Yadira Adrea Garcia Vargas
A38: 19 | B38: Al finalizar el contrato, entregar todos y cada uno de los documentos que le hayan sido suministrados con ocasión de la ejecución del mismo, en atención a lo establecido en las normas de archivo de gestión documental al supervisor del contrato. | D38: al finalizar el contrato | E38: No se requirio | G38: ENTREGABLE | J38: Yadira Adrea Garcia Vargas

Sheet SEG-ABRIL
A1: PLAN DE ACCION CONTRATO 12-SER006 DE 2023
A2: Objeto de contratación: | C2: =CONSOLIDADO!C2 -> Contratar la prestación de servicios profesionales como ingeniero civil para apoyo al área administrativa de la Dirección Ejecutiva Seccional en el componente técnico que se derive del proceso de Infraestructura Física y Adquisición de Bienes y Servicios, apoyando técnicamente el desarrollo de los procedimientos de contratación, mantenimiento de instalaciones, supervisión de la contratación que adelante la entidad y demás procesos administrativos del área afines al perfil profesional. | H2: Mes Y Año Reportado | I2: ABRIL de 2022 | J2: Porcentaje del Avance % | K2: =CONSOLIDADO!D10 -> 27.272727
A3: No. | B3: ESPECIFICACIONES TECNICAS | D3: PERIODICIDAD | E3: ACTIVIDAD DE CUMPLIMIENTO | G3: INDIQUE SI ES ENTREGABLE O META CUANTIFICABLE | H3: SOPORTES-EVIDENCIA DEL CUMPLIMIENTO | J3: RESPONSABLE | L3: ESTADO
A4: 1 | B4: Apoyar a la Coordinación Administrativa de Neiva y Coordinacion Administrativa de Florencia en la estructuración técnica y todo lo necesario durante la fase precontractual de los procesos de contratación que se adelanten por la Entidad durante la vigencia en curso. | D4: Mensual | E4: Durante el mes el contratista apoyo la estructuracion de los siguientes procesos de contratación: 1. Mantenimiento de Inmueble Direccion Seccional Neiva y Coordinacion Administrativa Florencia (proceso de selección Abreviada de Menor Cuantía SAMC 02 DE 2022 , se realizó la recepción y respuesta a observaciones en la fase de prepliego y pliegos definitivos, se evaluaron técnicamente 2 propuestas recibidas. 2. Mantenimiento de aires acondicionados Direccion Seccional Neiva y Coordinacion Administrativa Florencia (proceso de selección Abraviada de Menor Cuantía SAMC 01 DE 2022 , de acuerdo al oficio No DESAJNEO22-941 se le asignaron funciones como líder administrativa del proceso por periodo de vacaciones a la Dra Magda Lorena Fajardo. Realizando la publicación de acta de respuesta de observaciones en la fase de pliegos definitivos, la apertura de sobres en el SECOP II, evaluación técnica de 1 oferta recibida al proceso, la estructuración del acta de evaluación de ofertas, traslado a la junta seccional de contratación y publicación del informe de evaluación. 3. Proceso de obras eléctricas necesarias para la normalización en RETIE del Palacio de Justicia de Florencia – En estructuración; realizo la revisión de los estudios previos del proceso de licitación pública para posterior traslado al Dr Bernardo Mendez y continuar con el procedimiento de estructuración de los demás documentos del proceso. | G4: META CUANTIFICABLE | H4: Se registra la evidencia de docmuentos de 3 procesos (evaluacion de ofertas, estudios de mercado, estudios previos 1. Mantenimiento de Inmueble Direccion Seccional Neiva y Coordinacion Administrativa Florencia. 2. Mantenimiento de aires acondicionados Direccion Seccional Neiva y Coordinacion Administrativa Florencia 3. Proceso de inspección de instalaciones eléctricas para certificación RETIE e | J4: Yadira Adrea Garcia Vargas | L4: EN EJECUCIÓN
A5: 2 | B5: Apoyar a la Coordinación Administrativa en la dirección, ejecución, seguimiento y cumplimiento del proceso de Infraestructura | D5: Mensual | E5: Durante el periodo de este informe se ha diligenciado el formato de plan de mantenimiento de inmuebles presentado a nivel central, registrando los requerimientos para mantenimiento que se tienen tanto del palacio de Justicia de Neiva como otras sedes del Huila, y con el fin de modificar los espacios o registros necesarios | G5: META CUANTIFICABLE | H5: Plan de mantenimiento | J5: Yadira Adrea Garcia Vargas | L5: CERRADO
A6: 3 | B6: Asistir a las reuniones, comités y juntas de contratación que se lleven a cabo dentro del proceso de contratación de la Entidad. | D6: Cuando se requiera | E6: Durante el periodo de este el contratsita asistio a las siguintes reuniones: 05/4/2022: Reunión de inicio contrato 072 de 2022 Unidad de Infraestructura: Llevado a cabo para socialización de la obra a ejecutar en el lote para salas de audiencias, para la construcción de muro de contención sobre la carrera 3. - 19/04/2022 Reunión junta de contratación para avalar actas de respuesta a observaciones procesos SAMC-01 DE 2022 Y SAMC-02 DE 2022. - 22/4/2022: Reunión de apertura de sobres proceso SAMC-01 DE 2022 - 22/4/2022: Reunión de apertura de sobres proceso SAMC-02 DE 2022 | G6: ENTREGABLE | H6: Acta asistencia a reuniones | J6: Yadira Adrea Garcia Vargas | L6: EN EJECUCIÓN
A7: 4 | B7: Realizar el acompañamiento y asesoría técnica de los proyectos de infraestructura a cargo de la dirección seccional tales como consultorías, obras, interventorías, y suministros relacionados, durante el proceso precontractual, contractual, de ejecución y liquidación. | D7: Mensual | E7: Se realizo el acompañamiento al Contrato 12SER 010 DE 2022: Contrato para la Inspección RETIE en el palacio de justicia de Garzón. Se realiza la revisión de los documentos para recibo final del contrato, verificando los certificados RETIE entregados y demás documentación. | G7: META CUANTIFICABLE | H7: Se registra la evidencia de apoyo ejecución, seguimiento y cumplimiento del proceso contrato de obra 12 SER 010 DE 2022, informe de infraestructura | J7: Yadira Adrea Garcia Vargas | L7: EN EJECUCIÓN
A8: 5 | B8: Apoyar a la Dirección Seccional en la identificación de necesidades relacionadas con la actualización normativa de la infraestructura de las edificaciones a cargo de ésta. | D8: Cuando se requiera | E8: No se requirio | G8: ENTREGABLE | J8: Hermes Tovar Cuellar - Yadira Andrea Garcia | L8: CERRADO
A9: 6 | B9: Apoyar a la Coordinación Administrativa de Neiva y Coordinacion Administrativa de Florencia en la supervisión directa de los proyectos de inversión o a los que no se les haya designado una interventoría externa. | D9: Cuando se requiera | E9: Pese a que el contrato 12 OBR 005 DE 2023 se le contrato interventoria mediante el contrato 12 SER 020 DE 2021, la ing Yadira contratista realizo el apoyo al supervisor de la Direccion Seccional en la ejecucion y recibo del contrato. | G9: ENTREGABLE | H9: Se registra la evidencia de apoyo ejecución, seguimiento y cumplimiento del proceso contrato de obra OBR 005 de 2023. (Acta de reinicio del contrato, acta de recibo final de obra y certificado de seguimeitno al cto suscrita por el Director Adminsitrativo de Florenciaicha de supervision) | J9: Yadira Adrea Garcia Vargas | L9: CERRADO
A10: 7 | B10: Apoyar a la Coordinación Administrativa de Neiva y Coordinacion Administrativa de Florencia en la parte técnica respecto a la supervisión de los diseños arquitectónicos, otros diseños, estudios y obras que se adelanten por parte de la seccional. | D10: Mensual | E10: Durante el periodo de este informe, se ha brindado apoyo técnico en la ejecución de los siguientes contratos: - 12SER 010 DE 2022: Servicio de inspección RETIE en el palacio de Justicia de Garzón. | G10: META CUANTIFICABLE | H10: Se registra la evidencia de documentos 12 ser 010 de 2022 | J10: Yadira Adrea Garcia Vargas | L10: EN EJECUCIÓN
A11: 8 | B11: Supervisar el cumplimiento de las especificaciones, presupuestos, cronogramas, planos y calidad de las obras, durante la ejecución de los proyectos asignados a su cargo. | D11: Mensual | E11: Se supervisa el cumplimiento de obligaciones técnicas y otras contractuales de los contratos en ejecución: - 12SER 010 DE 2022: Servicio de inspección RETIE en el palacio de Justicia de Garzón. | G11: ENTREGABLE | H11: Se registra la evidencia de documentos 12 ser 010 de 2022 | J11: Yadira Adrea Garcia Vargas | L11: CERRADO
A12: 9 | B12: Elaborar y presentar conceptos, informes y demás requerimientos que en la parte técnica se requiera en la Dirección Seccional. | D12: Mensual | E12: No se requirió durante el periodo de este informe. | G12: META CUANTIFICABLE | H12: No se registra evidencia | J12: Yadira Adrea Garcia Vargas | L12: EN EJECUCIÓN
A13: 10 | B13: Participar en la elaboración de formatos y esquemas de control y seguimiento de proyectos | D13: Cuando se requiere | E13: Diligenciamiento de los formatos solicitados por nivel central para el seguimiento a planes de mantenimiento de inmuebles. Realizo el diligenciamiento de los formatos solicitados por la Contraloría, para el seguimiento a los contratos ejecutados con recursos de inversión y la entrega de soportes de cada contrato. Realicé informe de seguimiento a los recursos de inversión solicitados por nivel central. | G13: ENTREGABLE | H13: se registra evidencia de plan de mantenimiento de inmuebles, formato mantenimiento de ascensores y informe de seguimiento de ejecución de contratos a la contraloria | J13: Yadira Adrea Garcia Vargas | L13: CERRADO
A14: 11 | B14: Controlar, coordinar supervisar la ejecución de las obras de adecuación, remodelación, mejoramiento y mantenimiento de los proyectos de inversión a cargo de la dirección seccional | D14: mensual | E14: Durante el periodo no se han tenido en ejecución contratos de obra por recursos de inversión | G14: META CUANTIFICABLE | H14: No se registra evidencia | J14: Yadira Adrea Garcia Vargas | L14: CERRADO
A15: 12 | B15: Estudiar y evaluar las solicitudes de construcción mantenimientos y espacios físicos. | D15: Cuando se requiere | E15: se recibieron y compilaron solicitudes de mantenimientos y adecuaciones en el palacio de Justicia de Neiva, Garzón y otras sedes del Huila, con el fin de atenderlas con el contrato de mantenimiento de inmuebles que se encuentra en fase precontractual. | G15: ENTREGABLE | H15: Solicitudes de mantenimiento | J15: Hermes Tovar Cuellar - Yadira Andrea Garcia | L15: CERRADO
A16: 13 | B16: Evaluar y conceptuar técnicamente los ofrecimientos y donaciones de inmuebles dentro del área de cubrimiento de la Dirección Seccional | D16: Cuando se requiere | E16: No se requirio | G16: ENTREGABLE | J16: Hermes Tovar Cuellar - Yadira Andrea Garcia | L16: CERRADO
A17: 14 | B17: Compilar y llevar el archivo de las normas y especificaciones técnicas para las obras de mejoramiento y mantenimiento que se lleven a cabo en la Dirección Seccional. | D17: Cuando se requiere | E17: No se requirio | G17: ENTREGABLE | J17: Hermes Tovar Cuellar - Yadira Andrea Garcia | L17: CERRADO
A18: 15 | B18: Ejecutar las demás actividades que resulten por la necesidad del servicio | D18: Durante la vigencia del contrato | E18: Se adoptan funciones de líder de procesos de contratación según oficio DESAJNEO22-941 | G18: ENTREGABLE | H18: oficio de designacion de proceso | J18: Hermes Tovar Cuellar - Yadira Andrea Garcia | L18: CERRADO
A19: No. | B19: OBLIGACIONES GENERALES y ESPECIFICAS | D19: PERIODICIDAD | E19: ACTIVIDAD DE CUMPLIMIENTO | G19: INDIQUE SI ES ENTREGABLE O META CUANTIFICABLE | H19: SOPORTES-EVIDENCIA DEL CUMPLIMIENTO | J19: RESPONSABLE | L19: ESTADO
A20: 1 | B20: Cumplir con el objeto y obligaciones del contrato, presentando los informes sobre el cumplimiento de éste al supervisor del contrato | D20: mensual | E20: Presentacion de informe mensual de actividades frente a las obligaciones del contrato 12 SER 002 DE 2022 | G20: META CUANTIFICABLE | H20: Informe de mes de abril de 2022 del contratista | J20: Yadira Adrea Garcia Vargas | L20: EN EJECUCIÓN
A21: 2 | B21: Pagar los impuestos que por motivo de ejecución del contrato diere lugar | D21: mensual | E21: No se registra los descuentos pago de impuesto de Reteica $18,427, Prouniversidad Nacional y demás univrsidades estatales - ministerio de educación por valor de $26.325 - retenciones realizadas por el area contable en obligación 045000489000111127722 y orden de pago 111127722 de fecha 29/04/2022 | G21: META CUANTIFICABLE | H21: Orden de pago 111127722 | J21: Yadira Adrea Garcia Vargas | L21: EN EJECUCIÓN
A22: 3 | B22: Cumplir con los requisitos de ley sobre la inscripción y vinculación permanente de sus empleados durante la ejecución del contrato, a los sistemas de Seguridad Social, Salud, Pensión y Riesgos Profesionales, de conformidad con lo establecido en la Ley 100 de 1993, Decreto reglamentario 780 de 2016, Ley 828 de 2003 y demás normas concordantes vigentes que sean aplicables. | D22: mensual | E22: No se requirio para este contrato | G22: META CUANTIFICABLE | J22: Yadira Adrea Garcia Vargas
A23: 4 | B23: Suscribir el respectivo contrato en la forma y términos establecidos para la gestión contractual establecida en el portal único de contratación Colombia Compra Eficiente www.colombiacompra.gov.co (SECOPII) | D23: una vez | E23: El contrato se suscribio electonicamente el dia 19/01/2022 | G23: ENTREGABLE | H23: notificacion de legalizacion del contrato al supervisor, realizada por el area de asistencia legal de la DESAJNEIVA, mediante correo electonico de fecha 20/01/2022 | J23: Yadira Adrea Garcia Vargas
A24: 5 | B24: Desarrollar y cumplir el objeto del Contrato, en las condiciones de idoneidad, oportunidad, y obligaciones definidas en los Estudios Previos y el Contrato que se suscriba. | D24: Mensual
A25: 6 | B25: Constituir las garantías (pólizas) de cumplimiento estatal para la ejecución del contrato y entregarlas a la Dirección Seccional de Administración Judicial de Neiva mediante la plataforma SECOP II | D25: una vez | E25: Se acoje aceptacion de grantias por parte del area juridica de la DESAJ NEIVA del día 20/01/2022 Poliza de cumplimieno del contrato y calidad del servicio de Seguros del estado No 33-44-101222094 por valor total de $17.374.500 con fecha de expedición del 20/01/2022 y vigencia del 01/02/2022 al 30/04/2023 | G25: ENTREGABLE | H25: notificacion de legalizacion del contrato al supervisor, realizada por el area de asistencia legal de la DESAJNEIVA, mediante correo electonico de fecha 20/01/2022 y Poliza No 33-44-101222094 | J25: Yadira Adrea Garcia Vargas
A26: 7 | B26: Suscribir el acta de inicio una vez el supervisor del contrato le notifique el acta. | D26: una vez | E26: El dia 01/02/2023 se dio inicio al contrato con la suscripción del Acta de Inicio al CTO 12 SER 002 DE 2022 | G26: ENTREGABLE | H26: Acta de Inicio al contrato | J26: Hermes Tovar Cuellar - Yadira Andrea Garcia
A27: 8 | B27: El contratista se obliga con la Dirección Ejecutiva Seccional de Administración Judicial de Neiva, acreditar antes al momento de la suscripción del acta de inicio un examen pre-ocupacional y allegar el respectivo certificado; los costos de este examen serán asumidos por el contratista | D27: una vez | E27: Certiifcado del examen pre-ocupacional a cargo del contratista | G27: ENTREGABLE | H27: Certifiado del examen | J27: Yadira Adrea Garcia Vargas
A28: 9 | B28: Para el pago el contratista deberá cumplir con las cotizaciones al Sistema General de Seguridad Social Integral, en los porcentajes definidos en las Leyes. El cumplimiento de esta obligación por parte del Contratista, se acredita, mediante copia de la planilla PILA debidamente pagada de los aportes al sistema de seguridad social. | D28: mensual | E28: Se anexa planilla de pago de seguridad social 9433938784 donde consta el pago sobre el IBC del 40% por la suma de $ 2.106.,000 cancelandose en Salud $263,300; Pensión $337.000 y ARL $11.000 del mes abril para un valor total de $611.300 | G28: META CUANTIFICABLE | H28: Se anexa planilla de seguridad social 9433938784 | J28: Yadira Adrea Garcia Vargas
A29: 10 | B29: El contratista se compromete a prestar sus servicios generando un ambiente adecuado dentro del clima organizacional de la dependencia, manteniendo relaciones de cordialidad con quienes se relaciona y desempeña sus actividades, brindado una adecuada atención al usuario y entregando el máximo de sus capacidades para el cumplimiento de las metas definidas a la dependencia. | D29: mesnual | E29: No se recibieron quejas, ni reclamos
A30: 11 | B30: El contratista se obliga a presentar informes mensuales de ejecución y gestión, en medio electrónico a través del SECOP II de las actividades asignadas, dentro de los cinco (05) días al siguiente al periodo cumplido. | D30: mensual | E30: En el plan de pagos el contratista con la cuenta de cobro anexo su informe de ejecución y pagos de seguirad social | H30: Se anexa pantallazo de publicación de los documentos en el Secop II | J30: Yadira Adrea Garcia Vargas | L30: EN EJECUCIÓN
A31: 12 | B31: En caso de designarse como integrante del comité estructurador y evaluador de los diferentes procesos de selección de contratista, deberá ejercer esta obligación de manera oportuna, con apego a la ley vigente, dándole prioridad a esta obligación, en cumplimiento del cronograma establecido en el proceso y al manual de contratación de la entidad. | D31: cuando se requiera | E31: Para el presente mes particiop de estructurador tecnico de los procesos 1. Mantenimiento de Inmueble Direccion Seccional Neiva y Coordinacion Administrativa Florencia (proceso de selección Abreviada de Menor Cuantía SAMC 02 DE 2022 , se realizó la recepción y respuesta a observaciones en la fase de prepliego y pliegos definitivos, se evaluaron técnicamente 2 propuestas recibidas. 2. Mantenimiento de aires acondicionados Direccion Seccional Neiva y Coordinacion Administrativa Florencia (proceso de selección Abraviada de Menor Cuantía SAMC 01 DE 2022 , de acuerdo al oficio No DESAJNEO22-941 se le asignaron funciones como líder administrativa del proceso por periodo de vacaciones a la Dra Magda Lorena Fajardo. Realizando la publicación de acta de respuesta de observaciones en la fase de pliegos definitivos, la apertura de sobres en el SECOP II, evaluación técnica de 1 oferta recibida al proceso, la estructuración del acta de evaluación de ofertas, traslado a la junta seccional de contratación y publicación del informe de evaluación. 3. Proceso de obras eléctricas necesarias para la normalización en RETIE del Palacio de Justicia de Florencia – En estructuración; realizo la revisión de los estudios previos del proceso de licitación pública para posterior traslado al Dr Bernardo Mendez y continuar con el procedimiento de estructuración de los demás documentos del proceso. | G31: META CUANTIFICABLE | H31: Se registra la evidencia de docmuentos de 3 procesos (evaluacion de ofertas, estudios de mercado, estudios previos 1. Mantenimiento de Inmueble Direccion Seccional Neiva y Coordinacion Administrativa Florencia. 2. Mantenimiento de aires acondicionados Direccion Seccional Neiva y Coordinacion Administrativa Florencia 3. Proceso de inspección de instalaciones eléctricas para certificación RETIE e | L31: EN EJECUCIÓN
A32: 13 | B32: Apoyar a la supervisión de todos los contratos de consultorías, obras, interventorías, y suministros relacionados, que la entidad suscriba, deberá ejercer esta obligación, verificando y controlando la ejecución de los mismos, atendiendo lo señalado en el contrato y las obligaciones que le corresponden al supervisor | D32: Mensual | E32: Se realizo el acompañamiento al Contrato 12SER 010 DE 2022: Contrato para la Inspección RETIE en el palacio de justicia de Garzón. Se realiza la revisión de los documentos para recibo final del contrato, verificando los certificados RETIE entregados y demás documentación | G32: META CUANTIFICABLE | H32: Se registra la evidencia de los contratos 12 ser 010 de 2022 | J32: Yadira Adrea Garcia Vargas | L32: CERRADO
A33: 14 | B33: Asistir a las reuniones que sean convocadas por el supervisor del contrato, para revisar el estado de ejecución del mismo, el cumplimiento de las obligaciones a cargo de EL CONTRATISTA o cualquier aspecto técnico referente al mismo. | D33: cuando se requiera | E33: Durante el periodo de este el contratsita asistio a las siguintes reuniones: 05/4/2022: Reunión de inicio contrato 072 de 2022 Unidad de Infraestructura: Llevado a cabo para socialización de la obra a ejecutar en el lote para salas de audiencias, para la construcción de muro de contención sobre la carrera 3. - 19/04/2022 Reunión junta de contratación para avalar actas de respuesta a observaciones procesos SAMC-01 DE 2022 Y SAMC-02 DE 2022. - 22/4/2022: Reunión de apertura de sobres proceso SAMC-01 DE 2022 - 22/4/2022: Reunión de apertura de sobres proceso SAMC-02 DE 2022 | G33: ENTREGABLE | H33: Se relacionan actas de reuniones | J33: Yadira Adrea Garcia Vargas | L33: CERRADO
A34: 15 | B34: Tramitar oportunamente las actas de suspensión y reanudación del contrato, si ello fuere necesario. | D34: cuando se requiera | E34: No se requirio | G34: ENTREGABLE | J34: Hermes Tovar Cuellar - Yadira Andrea Garcia | L34: EN EJECUCIÓN
A35: 16 | B35: Dar el visto bueno en todas las actas (inicio, parciales, suspensión, reinicio, prorrogas, adiciones, etc..), fichas técnicas, formatos de ejecución de contratos y/o documentos que surjan de la ejecución de los contratos de consultorías, obras, interventorías, y suministros relacionados, suscritos por la entidad. | D35: cuando se requiera | E35: No se requirio | G35: ENTREGABLE | J35: Yadira Adrea Garcia Vargas
A36: 17 | B36: Responder ante las autoridades competentes por los actos u omisiones que ejecute en desarrollo del contrato, cuando en ellos se cause perjuicio a la administración o a terceros en los términos del artículo 52 de Ia ley 80 de 1993. | D36: cuando se requiera | E36: No se requirio | G36: ENTREGABLE | J36: Yadira Adrea Garcia Vargas
A37: 18 | B37: Reparar los daños e indemnizar los perjuicios que cause a la Dirección Seccional de Administración Judicial de Neiva, por el incumplimiento del contrato. | D37: cuando se requiera | E37: No se requirio | G37: ENTREGABLE | J37: Yadira Adrea Garcia Vargas
A38: 19 | B38: Al finalizar el contrato, entregar todos y cada uno de los documentos que le hayan sido suministrados con ocasión de la ejecución del mismo, en atención a lo establecido en las normas de archivo de gestión documental al supervisor del contrato. | D38: al finalizar el contrato | E38: No se requirio | G38: ENTREGABLE | J38: Yadira Adrea Garcia Vargas

Sheet SEG-MAYO
A1: PLAN DE ACCION CONTRATO 12-SER006 DE 2023
A2: Objeto de contratación: | C2: =CONSOLIDADO!C2 -> Contratar la prestación de servicios profesionales como ingeniero civil para apoyo al área administrativa de la Dirección Ejecutiva Seccional en el componente técnico que se derive del proceso de Infraestructura Física y Adquisición de Bienes y Servicios, apoyando técnicamente el desarrollo de los procedimientos de contratación, mantenimiento de instalaciones, supervisión de la contratación que adelante la entidad y demás procesos administrativos del área afines al perfil profesional. | H2: Mes Y Año Reportado | I2: MAYO de 2022 | J2: Porcentaje del Avance % | K2: =CONSOLIDADO!D11 -> 36.363636
A3: No. | B3: ESPECIFICACIONES TECNICAS | D3: PERIODICIDAD | E3: ACTIVIDAD DE CUMPLIMIENTO | G3: INDIQUE SI ES ENTREGABLE O META CUANTIFICABLE | H3: SOPORTES-EVIDENCIA DEL CUMPLIMIENTO | J3: RESPONSABLE | L3: ESTADO
A4: 1 | B4: Apoyar a la Coordinación Administrativa de Neiva y Coordinacion Administrativa de Florencia en la estructuración técnica y todo lo necesario durante la fase precontractual de los procesos de contratación que se adelanten por la Entidad durante la vigencia en curso. | D4: Mensual | E4: Durante el mes el contratista apoyo la estructuracion de los siguientes procesos de contratación: 1. Mantenimiento de inmuebles Dirección Seccional Neiva y Coordinación Administrativa Florencia- PROCESO SAMC-02 DE 2022. Durante el periodo de este informe, se realizó la evaluación de la subsanación por parte de los oferentes, respuesta a observaciones sobre el informe de evaluación preliminar y la evaluación de los factores de ponderación a los proponentes habilitados para consolidar informe de evaluación definitiva. 2) Mantenimiento a aires acondicionados Dirección Seccional Neiva y Coordinación Administrativa Florencia – Proceso SAMC-01 DE 2022 Durante el periodo de este informe, realicé la evaluación de documentos de subsanación por parte del oferente único del proceso, consolidación del informe de evaluación final y proyección de la resolución de adjudicación del proceso, documentos que fueron remitidos a la Junta de Contratación para su debida aprobación. Posterior a la aprobación de la misma, realizo la publicación de la resolución de adjudicación del proceso en el portal SECOP II. 3) Obras eléctricas necesarias para la normalización en RETIE del Palacio de Justicia de Florencia – En estructuración. Realizo la revisión de estudios previos, análisis del sector y demás anexos del proceso posterior a la revisión y ajuste de los miembros del Comité Estructurador, remitiéndose así a la Seccional para continuar con el trámite ante la líder. 4) Interventoría a Obras eléctricas necesarias para la normalización en RETIE del Palacio de Justicia de Florencia – En estructuración. Realizo la revisión de los estudios previos del proceso y remisión al estructurador técnico, Director administrativo de Florencia. De igual manera realicé la revisión del análisis del sector, estudio de mercado y demás anexos del proceso. 5) Obras para la optimización de los sistemas hidrosanitarios del Palacio de Justicia de Neiva – En estructuración. Realizo la estructuración del oficio de la necesidad de contratación, estableciendo los requisitos técnicos mínimos, necesarios para contratar proveedores para la ejecución de dichas actividades. De acuerdo con el oficio DESAJNEO22-1250 de fecha 18 de mayo de 2022, se le designó la función de líder administrativo del proceso y estructuradora técnica. De tal manera durante el periodo realicé la estructuración de los estudios previos y análisis del sector para posterior traslado a los miembros del CEE. | G4: META CUANTIFICABLE | H4: Se registra la evidencia de docmuentos de los procesos enunciados | J4: Yadira Adrea Garcia Vargas | L4: EN EJECUCIÓN
A5: 2 | B5: Apoyar a la Coordinación Administrativa en la dirección, ejecución, seguimiento y cumplimiento del proceso de Infraestructura | D5: Mensual | E5: Durante el periodo de este informe se ha diligenciado el formato de plan de mantenimiento de inmuebles presentado a nivel central, registrando los requerimientos para mantenimiento que se tienen tanto del palacio de Justicia de Neiva como otras sedes del Huila, y con el fin de modificar los espacios o registros necesarios. | G5: META CUANTIFICABLE | H5: plan de mantenimiento de inmuebles | J5: Yadira Adrea Garcia Vargas | L5: CERRADO
A6: 3 | B6: Asistir a las reuniones, comités y juntas de contratación que se lleven a cabo dentro del proceso de contratación de la Entidad. | D6: Cuando se requiera | E6: 04/05/2022: Reunión Junta de contratación para avalar acta No. 5 de los procesos SAMC-01 DE 2022 Y SAMC-02 de 2022, que contenían el informe de evaluación definitivo de ofertas presentadas. - 04/05/2022: Reunión Junta de contratación para avalar acta No. 6 del proceso No SAMC-02 de 2022, que contenía la respuesta a observaciones del informe final y para aprobar las resoluciones de adjudicación de los procesos SAMC-01 DE 2022 Y SAMC-02 de 2022 - 13/05/2022: Reunión Interna SIGMA, revisión de matrices de riesgo. - 16/05/2022: Reunión Interna SIGMA, aprobación de matrices de riesgo para la vigencia 2022 versión definitiva.s | G6: ENTREGABLE | H6: acta de reuniones | J6: Yadira Adrea Garcia Vargas | L6: EN EJECUCIÓN
A7: 4 | B7: Realizar el acompañamiento y asesoría técnica de los proyectos de infraestructura a cargo de la dirección seccional tales como consultorías, obras, interventorías, y suministros relacionados, durante el proceso precontractual, contractual, de ejecución y liquidación. | D7: Mensual | E7: Se realizo -acompañamiento técnico a los siguientes proyectos, suscritos en la vigencia 2022: 1) Contrato 12OBR 001 DE 2022: Realicé la revisión de documentación y acta de inicio del contrato. Se realizó recorrido con el contratista, en el Palacio de Justicia de Neiva, para identificar las necesidades que han surgido recientemente y se deben atender de urgencia. | G7: META CUANTIFICABLE | H7: documentacion del contrato relacionado | J7: Yadira Adrea Garcia Vargas | L7: EN EJECUCIÓN
A8: 5 | B8: Apoyar a la Dirección Seccional en la identificación de necesidades relacionadas con la actualización normativa de la infraestructura de las edificaciones a cargo de ésta. | D8: Cuando se requiera | E8: No se requirio | G8: ENTREGABLE | J8: Hermes Tovar Cuellar - Yadira Andrea Garcia | L8: CERRADO
A9: 6 | B9: Apoyar a la Coordinación Administrativa de Neiva y Coordinacion Administrativa de Florencia en la supervisión directa de los proyectos de inversión o a los que no se les haya designado una interventoría externa. | D9: Cuando se requiera | E9: se encuentra en proceso de estructuración la necesidad de contratación de las obras hidrosanitarias para el palacio de Justicia de Neiva y obras eléctricas para el Palacio de Justicia de Florencia. Durante el periodo del informe, apoyé a la Coordinación administrativa en la supervisión del contrato 12OBR 001 DE 2022 | G9: ENTREGABLE | J9: Yadira Adrea Garcia Vargas | L9: CERRADO
A10: 7 | B10: Apoyar a la Coordinación Administrativa de Neiva y Coordinacion Administrativa de Florencia en la parte técnica respecto a la supervisión de los diseños arquitectónicos, otros diseños, estudios y obras que se adelanten por parte de la seccional. | D10: Mensual | E10: Durante el mes el contratista brindo apoyo técnico en la ejecución de los siguientes contratos: 1) - 12OBR 001 DE 2022: Actividades de mantenimiento de inmuebles. | G10: META CUANTIFICABLE | H10: activiades de mantenimiento | J10: Yadira Adrea Garcia Vargas | L10: EN EJECUCIÓN
A11: 8 | B11: Supervisar el cumplimiento de las especificaciones, presupuestos, cronogramas, planos y calidad de las obras, durante la ejecución de los proyectos asignados a su cargo. | D11: Mensual | E11: Se supervisa el cumplimiento de obligaciones técnicas y otras contractuales de los contratos en ejecución: - 12OBR 001 DE 2022: Actividades de mantenimiento de inmuebles. | G11: ENTREGABLE | H11: supervision de contrato | J11: Yadira Adrea Garcia Vargas | L11: CERRADO
A12: 9 | B12: Elaborar y presentar conceptos, informes y demás requerimientos que en la parte técnica se requiera en la Dirección Seccional. | D12: Mensual | E12: No se requirió durante el periodo de este informe. | G12: META CUANTIFICABLE | J12: Yadira Adrea Garcia Vargas | L12: EN EJECUCIÓN
A13: 10 | B13: Participar en la elaboración de formatos y esquemas de control y seguimiento de proyectos | D13: Cuando se requiere | E13: 1) Diligenciamiento de los formatos solicitados por nivel central para el seguimiento a planes de mantenimiento de inmuebles. 2) diligenciamiento de los formatos solicitados por la Contraloría, para el seguimiento a los contratos ejecutados con recursos de inversión y la entrega de soportes de cada contrato. 3) informe de seguimiento a los recursos de inversión solicitados por nivel central. | G13: ENTREGABLE | H13: se registra evidencia de plan de mantenimiento de inmuebles, formato mantenimiento de ascensores y informe de seguimiento de ejecución de contratos a la contraloria | J13: Yadira Adrea Garcia Vargas | L13: CERRADO
A14: 11 | B14: Controlar, coordinar supervisar la ejecución de las obras de adecuación, remodelación, mejoramiento y mantenimiento de los proyectos de inversión a cargo de la dirección seccional | D14: mensual | E14: Durante el periodo no se han tenido en ejecución contratos de obra por recursos de inversión. | G14: META CUANTIFICABLE | J14: Yadira Adrea Garcia Vargas | L14: CERRADO
A15: 12 | B15: Estudiar y evaluar las solicitudes de construcción mantenimientos y espacios físicos. | D15: Cuando se requiere | E15: Durante el periodo se recibieron y compilaron solicitudes de mantenimientos y adecuaciones en el palacio de Justicia de Neiva, Garzón y otras sedes del Huila, con el fin de atenderlas con el contrato de mantenimiento de inmuebles que se encuentra en fase precontractual. | G15: ENTREGABLE | J15: Hermes Tovar Cuellar - Yadira Andrea Garcia | L15: CERRADO
A16: 13 | B16: Evaluar y conceptuar técnicamente los ofrecimientos y donaciones de inmuebles dentro del área de cubrimiento de la Dirección Seccional | D16: Cuando se requiere | E16: No se requirio | G16: ENTREGABLE | J16: Hermes Tovar Cuellar - Yadira Andrea Garcia | L16: CERRADO
A17: 14 | B17: Compilar y llevar el archivo de las normas y especificaciones técnicas para las obras de mejoramiento y mantenimiento que se lleven a cabo en la Dirección Seccional. | D17: Cuando se requiere | E17: No se requirio | G17: ENTREGABLE | J17: Hermes Tovar Cuellar - Yadira Andrea Garcia | L17: CERRADO
A18: 15 | B18: Ejecutar las demás actividades que resulten por la necesidad del servicio | D18: Durante la vigencia del contrato | E18: SeSe adoptan funciones de líder de procesos de contratación según oficio DESAJNEO22-1250 | G18: ENTREGABLE | H18: OFICIO DESAJENO22-1250 | J18: Hermes Tovar Cuellar - Yadira Andrea Garcia | L18: CERRADO
A19: No. | B19: OBLIGACIONES GENERALES y ESPECIFICAS | D19: PERIODICIDAD | E19: ACTIVIDAD DE CUMPLIMIENTO | G19: INDIQUE SI ES ENTREGABLE O META CUANTIFICABLE | H19: SOPORTES-EVIDENCIA DEL CUMPLIMIENTO | J19: RESPONSABLE | L19: ESTADO
A20: 1 | B20: Cumplir con el objeto y obligaciones del contrato, presentando los informes sobre el cumplimiento de éste al supervisor del contrato | D20: mensual | E20: Presentacion de informe mensual de actividades frente a las obligaciones del contrato 12 SER 002 DE 2022 | G20: META CUANTIFICABLE | H20: Informe de mes de mayo de 2022 del contratista | J20: Yadira Adrea Garcia Vargas | L20: EN EJECUCIÓN
A21: 2 | B21: Pagar los impuestos que por motivo de ejecución del contrato diere lugar | D21: mensual | E21: No se registra los descuentos pago de impuesto de Reteica $18,427, Prouniversidad Nacional y demás univrsidades estatales - ministerio de educación por valor de $26.325 - retenciones realizadas por el area contable en obligación 045000489000147409622 y orden de pago 147409622 De fecha 31/05/2022 | G21: META CUANTIFICABLE | H21: Orden de pago147409622 | J21: Yadira Adrea Garcia Vargas | L21: EN EJECUCIÓN
A22: 3 | B22: Cumplir con los requisitos de ley sobre la inscripción y vinculación permanente de sus empleados durante la ejecución del contrato, a los sistemas de Seguridad Social, Salud, Pensión y Riesgos Profesionales, de conformidad con lo establecido en la Ley 100 de 1993, Decreto reglamentario 780 de 2016, Ley 828 de 2003 y demás normas concordantes vigentes que sean aplicables. | D22: mensual | E22: No se requirio para este contrato | G22: META CUANTIFICABLE | J22: Yadira Adrea Garcia Vargas
A23: 4 | B23: Suscribir el respectivo contrato en la forma y términos establecidos para la gestión contractual establecida en el portal único de contratación Colombia Compra Eficiente www.colombiacompra.gov.co (SECOPII) | D23: una vez | E23: El contrato se suscribio electonicamente el dia 19/01/2022 | G23: ENTREGABLE | H23: notificacion de legalizacion del contrato al supervisor, realizada por el area de asistencia legal de la DESAJNEIVA, mediante correo electonico de fecha 20/01/2022 | J23: Yadira Adrea Garcia Vargas
A24: 5 | B24: Desarrollar y cumplir el objeto del Contrato, en las condiciones de idoneidad, oportunidad, y obligaciones definidas en los Estudios Previos y el Contrato que se suscriba. | D24: Mensual
A25: 6 | B25: Constituir las garantías (pólizas) de cumplimiento estatal para la ejecución del contrato y entregarlas a la Dirección Seccional de Administración Judicial de Neiva mediante la plataforma SECOP II | D25: una vez | E25: Se acoje aceptacion de grantias por parte del area juridica de la DESAJ NEIVA del día 20/01/2022 Poliza de cumplimieno del contrato y calidad del servicio de Seguros del estado No 33-44-101222094 por valor total de $17.374.500 con fecha de expedición del 20/01/2022 y vigencia del 01/02/2022 al 30/04/2023 | G25: ENTREGABLE | H25: notificacion de legalizacion del contrato al supervisor, realizada por el area de asistencia legal de la DESAJNEIVA, mediante correo electonico de fecha 20/01/2022 y Poliza No 33-44-101222094 | J25: Yadira Adrea Garcia Vargas
A26: 7 | B26: Suscribir el acta de inicio una vez el supervisor del contrato le notifique el acta. | D26: una vez | E26: se dio inicio al contrato con la suscripción del Acta de Inicio al CTO 12 OBR 01 DE 2022 | G26: ENTREGABLE | H26: Acta de Inicio al contrato | J26: Hermes Tovar Cuellar - Yadira Andrea Garcia
A27: 8 | B27: El contratista se obliga con la Dirección Ejecutiva Seccional de Administración Judicial de Neiva, acreditar antes al momento de la suscripción del acta de inicio un examen pre-ocupacional y allegar el respectivo certificado; los costos de este examen serán asumidos por el contratista | D27: una vez | E27: Certiifcado del examen pre-ocupacional a cargo del contratista | G27: ENTREGABLE | H27: Certifiado del examen | J27: Yadira Adrea Garcia Vargas
A28: 9 | B28: Para el pago el contratista deberá cumplir con las cotizaciones al Sistema General de Seguridad Social Integral, en los porcentajes definidos en las Leyes. El cumplimiento de esta obligación por parte del Contratista, se acredita, mediante copia de la planilla PILA debidamente pagada de los aportes al sistema de seguridad social. | D28: mensual | E28: Se anexa planilla de pago de seguridad social 9435207980 donde consta el pago sobre el IBC del 40% por la suma de $ 2.106.,000 cancelandose en Salud $263,300; Pensión $337.000 y ARL $11.000 del mes MAYO para un valor total de $611.300 | G28: META CUANTIFICABLE | H28: Se anexa planilla de seguridad social 9435207980 | J28: Yadira Adrea Garcia Vargas
A29: 10 | B29: El contratista se compromete a prestar sus servicios generando un ambiente adecuado dentro del clima organizacional de la dependencia, manteniendo relaciones de cordialidad con quienes se relaciona y desempeña sus actividades, brindado una adecuada atención al usuario y entregando el máximo de sus capacidades para el cumplimiento de las metas definidas a la dependencia. | D29: mesnual | E29: No se recibieron quejas, ni reclamos
A30: 11 | B30: El contratista se obliga a presentar informes mensuales de ejecución y gestión, en medio electrónico a través del SECOP II de las actividades asignadas, dentro de los cinco (05) días al siguiente al periodo cumplido. | D30: mensual | E30: En el plan de pagos el contratista con la cuenta de cobro anexo su informe de ejecución y pagos de seguirad social | H30: Se anexa pantallazo de publicación de los documentos en el Secop II | J30: Yadira Adrea Garcia Vargas | L30: EN EJECUCIÓN
A31: 12 | B31: En caso de designarse como integrante del comité estructurador y evaluador de los diferentes procesos de selección de contratista, deberá ejercer esta obligación de manera oportuna, con apego a la ley vigente, dándole prioridad a esta obligación, en cumplimiento del cronograma establecido en el proceso y al manual de contratación de la entidad. | D31: cuando se requiera | E31: Durante el mes el contratista apoyo la estructuracion de los siguientes procesos de contratación: 1. Mantenimiento de inmuebles Dirección Seccional Neiva y Coordinación Administrativa Florencia- PROCESO SAMC-02 DE 2022. Durante el periodo de este informe, se realizó la evaluación de la subsanación por parte de los oferentes, respuesta a observaciones sobre el informe de evaluación preliminar y la evaluación de los factores de ponderación a los proponentes habilitados para consolidar informe de evaluación definitiva. 2) Mantenimiento a aires acondicionados Dirección Seccional Neiva y Coordinación Administrativa Florencia – Proceso SAMC-01 DE 2022 Durante el periodo de este informe, realicé la evaluación de documentos de subsanación por parte del oferente único del proceso, consolidación del informe de evaluación final y proyección de la resolución de adjudicación del proceso, documentos que fueron remitidos a la Junta de Contratación para su debida aprobación. Posterior a la aprobación de la misma, realizo la publicación de la resolución de adjudicación del proceso en el portal SECOP II. 3) Obras eléctricas necesarias para la normalización en RETIE del Palacio de Justicia de Florencia – En estructuración. Realizo la revisión de estudios previos, análisis del sector y demás anexos del proceso posterior a la revisión y ajuste de los miembros del Comité Estructurador, remitiéndose así a la Seccional para continuar con el trámite ante la líder. 4) Interventoría a Obras eléctricas necesarias para la normalización en RETIE del Palacio de Justicia de Florencia – En estructuración. Realizo la revisión de los estudios previos del proceso y remisión al estructurador técnico, Director administrativo de Florencia. De igual manera realicé la revisión del análisis del sector, estudio de mercado y demás anexos del proceso. 5) Obras para la optimización de los sistemas hidrosanitarios del Palacio de Justicia de Neiva – En estructuración. Realizo la estructuración del oficio de la necesidad de contratación, estableciendo los requisitos técnicos mínimos, necesarios para contratar proveedores para la ejecución de dichas actividades. De acuerdo con el oficio DESAJNEO22-1250 de fecha 18 de mayo de 2022, se le designó la función de líder administrativo del proceso y estructuradora técnica. De tal manera durante el periodo realicé la estructuración de los estudios previos y análisis del sector para posterior traslado a los miembros del CEE. | G31: META CUANTIFICABLE | H31: Se registra la evidencia de docmuentos de los procesos enunciados | L31: EN EJECUCIÓN
A32: 13 | B32: Apoyar a la supervisión de todos los contratos de consultorías, obras, interventorías, y suministros relacionados, que la entidad suscriba, deberá ejercer esta obligación, verificando y controlando la ejecución de los mismos, atendiendo lo señalado en el contrato y las obligaciones que le corresponden al supervisor | D32: Mensual | E32: Se realizo Apoyo a la supervisión de de los contratos de obra asi: 1) Contrato 12OBR 001 DE 2022: Realicé la revisión de documentación y acta de inicio del contrato. Se realizó recorrido con el contratista, en el Palacio de Justicia de Neiva, para identificar las necesidades que han surgido recientemente y se deben atender de urgencia. | G32: META CUANTIFICABLE | H32: Se registra la evidencia del contrato | J32: Yadira Adrea Garcia Vargas | L32: CERRADO
A33: 14 | B33: Asistir a las reuniones que sean convocadas por el supervisor del contrato, para revisar el estado de ejecución del mismo, el cumplimiento de las obligaciones a cargo de EL CONTRATISTA o cualquier aspecto técnico referente al mismo. | D33: cuando se requiera | E33: Se realizaron reunion 04/05/2022: Reunión Junta de contratación para avalar acta No. 5 de los procesos SAMC-01 DE 2022 Y SAMC-02 de 2022, que contenían el informe de evaluación definitivo de ofertas presentadas. - 04/05/2022: Reunión Junta de contratación para avalar acta No. 6 del proceso No SAMC-02 de 2022, que contenía la respuesta a observaciones del informe final y para aprobar las resoluciones de adjudicación de los procesos SAMC-01 DE 2022 Y SAMC-02 de 2022 - 13/05/2022: Reunión Interna SIGMA, revisión de matrices de riesgo. - 16/05/2022: Reunión Interna SIGMA, aprobación de matrices de riesgo para la vigencia 2022 versión definitiva.s | G33: ENTREGABLE | H33: Acta de reunión | J33: Yadira Adrea Garcia Vargas | L33: CERRADO
A34: 15 | B34: Tramitar oportunamente las actas de suspensión y reanudación del contrato, si ello fuere necesario. | D34: cuando se requiera | E34: No se requirio | G34: ENTREGABLE | J34: Hermes Tovar Cuellar - Yadira Andrea Garcia | L34: EN EJECUCIÓN
A35: 16 | B35: Dar el visto bueno en todas las actas (inicio, parciales, suspensión, reinicio, prorrogas, adiciones, etc..), fichas técnicas, formatos de ejecución de contratos y/o documentos que surjan de la ejecución de los contratos de consultorías, obras, interventorías, y suministros relacionados, suscritos por la entidad. | D35: cuando se requiera | E35: Se realizo el Acta de inicio CTO 12 OBR 001 DE 2022 | G35: ENTREGABLE | H35: Se registra evidencia del Acta de reinicio al cto 12 OBR 001 DE 2022 | J35: Yadira Adrea Garcia Vargas
A36: 17 | B36: Responder ante las autoridades competentes por los actos u omisiones que ejecute en desarrollo del contrato, cuando en ellos se cause perjuicio a la administración o a terceros en los términos del artículo 52 de Ia ley 80 de 1993. | D36: cuando se requiera | E36: No se requirio | G36: ENTREGABLE | J36: Yadira Adrea Garcia Vargas
A37: 18 | B37: Reparar los daños e indemnizar los perjuicios que cause a la Dirección Seccional de Administración Judicial de Neiva, por el incumplimiento del contrato. | D37: cuando se requiera | E37: No se requirio | G37: ENTREGABLE | J37: Yadira Adrea Garcia Vargas
A38: 19 | B38: Al finalizar el contrato, entregar todos y cada uno de los documentos que le hayan sido suministrados con ocasión de la ejecución del mismo, en atención a lo establecido en las normas de archivo de gestión documental al supervisor del contrato. | D38: al finalizar el contrato | E38: No se requirio | G38: ENTREGABLE | J38: Yadira Adrea Garcia Vargas

Sheet SEG-JUNIO
A1: PLAN DE ACCION CONTRATO 12-SER006 DE 2023
A2: Objeto de contratación: | C2: =CONSOLIDADO!C2 -> Contratar la prestación de servicios profesionales como ingeniero civil para apoyo al área administrativa de la Dirección Ejecutiva Seccional en el componente técnico que se derive del proceso de Infraestructura Física y Adquisición de Bienes y Servicios, apoyando técnicamente el desarrollo de los procedimientos de contratación, mantenimiento de instalaciones, supervisión de la contratación que adelante la entidad y demás procesos administrativos del área afines al perfil profesional. | H2: Mes Y Año Reportado | I2: JUNIO de 2022 | J2: Porcentaje del Avance % | K2: =CONSOLIDADO!D12 -> 45.454545
A3: No. | B3: ESPECIFICACIONES TECNICAS | D3: PERIODICIDAD | E3: ACTIVIDAD DE CUMPLIMIENTO | G3: INDIQUE SI ES ENTREGABLE O META CUANTIFICABLE | H3: SOPORTES-EVIDENCIA DEL CUMPLIMIENTO | J3: RESPONSABLE | L3: ESTADO
A4: 1 | B4: Apoyar a la Coordinación Administrativa de Neiva y Coordinacion Administrativa de Florencia en la estructuración técnica y todo lo necesario durante la fase precontractual de los procesos de contratación que se adelanten por la Entidad durante la vigencia en curso. | D4: Mensual | E4: Durante el mes el contratista apoyo fase precontractual de los siguientes procesos de contratación: 1) Obras eléctricas necesarias para la normalización en RETIE del Palacio de Justicia de Florencia – En estructuración De acuerdo con requerimientos surgidos luego de la sala del Consejo seccional realizo la revisión de los documentos contractuales del contrato 12SER 035 DE 2017, el cual incluía obras eléctricas en el Palacio de Justicia de Florencia, con el fin de determinar la diferencia con las obras proyectadas en el proceso actual. Se solicitó apoyo a un ingeniero externo con el fin de realizar una revisión técnica detallada a las obras realizadas en la vigencia 2017 y obtener un concepto técnico profesional. Realizo acompañamiento a la visita realizada al Palacio de Justicia de Florencia y posterior realicé ajustes a los estudios previos para complementar la información de los ítems contractuales del presupuesto de obra. 2) Interventoría a Obras eléctricas necesarias para la normalización en RETIE del Palacio de Justicia de Florencia – En estructuración. Realizo la revisión final y aprobación de documentos del proceso, remitidos por el estructurador. 3) Obras para la optimización de los sistemas hidrosanitarios del Palacio de Justicia de Neiva – En estructuración. Realizo la estructuración técnica de los documentos del proceso y se enviaron a los miembros del comité estructurador y evaluador para su respectiva revisión y observaciones. Posteriormente realizo el ajuste de los documentos de acuerdo a observaciones del área financiera, jurídica y de la ingeniera ambiental. Se proyectó el anexo complementario para revisión del área jurídica. | G4: META CUANTIFICABLE | H4: Se registra la evidencia de docmuentos de los procesos | J4: Yadira Adrea Garcia Vargas | L4: EN EJECUCIÓN
A5: 2 | B5: Apoyar a la Coordinación Administrativa en la dirección, ejecución, seguimiento y cumplimiento del proceso de Infraestructura | D5: Mensual | E5: Se realizo el diligenciamiento del formato de plan de mantenimiento de inmuebles presentado a nivel central, registrando los requerimientos para mantenimiento que se tienen tanto del palacio de Justicia de Neiva como otras sedes del Huila, y con el fin de modificar los espacios o registros necesarios. De igual manera se diligencian los formatos de seguimiento para procesos de infraestructura con recursos de inversión y formatos de seguimiento de la Contraloría. | G5: META CUANTIFICABLE | H5: se registra paln de mantenimiento | J5: Yadira Adrea Garcia Vargas | L5: CERRADO
A6: 3 | B6: Asistir a las reuniones, comités y juntas de contratación que se lleven a cabo dentro del proceso de contratación de la Entidad. | D6: Cuando se requiera | E6: Durante el periodo de este informe no se realizaron reuniones | G6: ENTREGABLE | J6: Yadira Adrea Garcia Vargas | L6: EN EJECUCIÓN
A7: 4 | B7: Realizar el acompañamiento y asesoría técnica de los proyectos de infraestructura a cargo de la dirección seccional tales como consultorías, obras, interventorías, y suministros relacionados, durante el proceso precontractual, contractual, de ejecución y liquidación. | D7: Mensual | E7: acompañamiento técnico a los siguientes proyectos, suscritos en la vigencia 2022:  Contrato 12OBR 001 DE 2022: Realicé acompañamiento en la supervisión de las actividades ejecutadas durante el periodo. Se revisaron obras menores ejecutadas y revisión de los documentos para el trámite del acta parcial No. 1 | G7: META CUANTIFICABLE | H7: informe de supervision OBR001 DE 2022 | J7: Yadira Adrea Garcia Vargas | L7: EN EJECUCIÓN
A8: 5 | B8: Apoyar a la Dirección Seccional en la identificación de necesidades relacionadas con la actualización normativa de la infraestructura de las edificaciones a cargo de ésta. | D8: Cuando se requiera | E8: No se requirio | G8: ENTREGABLE | J8: Hermes Tovar Cuellar - Yadira Andrea Garcia | L8: CERRADO
A9: 6 | B9: Apoyar a la Coordinación Administrativa de Neiva y Coordinacion Administrativa de Florencia en la supervisión directa de los proyectos de inversión o a los que no se les haya designado una interventoría externa. | D9: Cuando se requiera | E9: apoyo a la Coordinación administrativa en la supervisión del contrato 12OBR 001 DE 2022 Mantenimiento de inmuebles. | G9: ENTREGABLE | H9: informe de supervision OBR001 DE 2022 | J9: Yadira Adrea Garcia Vargas | L9: CERRADO
A10: 7 | B10: Apoyar a la Coordinación Administrativa de Neiva y Coordinacion Administrativa de Florencia en la parte técnica respecto a la supervisión de los diseños arquitectónicos, otros diseños, estudios y obras que se adelanten por parte de la seccional. | D10: Mensual | E10: Apoyo técnico en la ejecución de los siguientes contratos: - 12OBR 001 DE 2022: Actividades de mantenimiento de inmuebles. | G10: META CUANTIFICABLE | H10: informe de supervision OBR001 DE 2022 | J10: Yadira Adrea Garcia Vargas | L10: EN EJECUCIÓN
A11: 8 | B11: Supervisar el cumplimiento de las especificaciones, presupuestos, cronogramas, planos y calidad de las obras, durante la ejecución de los proyectos asignados a su cargo. | D11: Mensual | E11: Se apoyo ala supervision del cumplimiento de obligaciones técnicas y otras contractuales de los contratos en ejecución: - 12OBR 001 DE 2022: Actividades de mantenimiento de inmuebles. | G11: ENTREGABLE | H11: informe de supervision OBR001 DE 2022 | J11: Yadira Adrea Garcia Vargas | L11: CERRADO
A12: 9 | B12: Elaborar y presentar conceptos, informes y demás requerimientos que en la parte técnica se requiera en la Dirección Seccional. | D12: Mensual | E12: Se realizó acompañamiento a ingeniero eléctrico externo para concepto técnico sobre contrato realizado en la vigencia de 2017 y que posiblemente afectaba el proceso LP 001 DE 2022 correspondiente a obras eléctricas a ejecutar en el Palacio de Justicia de Florencia. | G12: META CUANTIFICABLE | J12: Yadira Adrea Garcia Vargas | L12: EN EJECUCIÓN
A13: 10 | B13: Participar en la elaboración de formatos y esquemas de control y seguimiento de proyectos | D13: Cuando se requiere | E13: Participo en 1) el seguimiento a los contratos de ejecutados con los recursos de inversiony la entrega de soportes de cada contrato, 2) Elaboracion del formato para el seguimiento al plan de mantenimiento de inmuebles . 3) Formato de mantenimiento para ascensores | G13: ENTREGABLE | H13: se registra evidencia de plan de mantenimiento de inmuebles, formato mantenimiento de ascensores y informe de seguimiento de ejecución de contratos a la contraloria | J13: Yadira Adrea Garcia Vargas | L13: CERRADO
A14: 11 | B14: Controlar, coordinar supervisar la ejecución de las obras de adecuación, remodelación, mejoramiento y mantenimiento de los proyectos de inversión a cargo de la dirección seccional | D14: mensual | E14: Durante el periodo no se han tenido en ejecución contratos de obra por recursos de inversión. | G14: META CUANTIFICABLE | J14: Yadira Adrea Garcia Vargas | L14: CERRADO
A15: 12 | B15: Estudiar y evaluar las solicitudes de construcción mantenimientos y espacios físicos. | D15: Cuando se requiere | E15: Durante el periodo se recibieron y compilaron solicitudes de mantenimientos y adecuaciones en el palacio de Justicia de Neiva, Garzón y otras sedes del Huila, con el fin de atenderlas con el contrato de mantenimiento de inmuebles que se encuentra en fase precontractual. | G15: ENTREGABLE | J15: Hermes Tovar Cuellar - Yadira Andrea Garcia | L15: CERRADO
A16: 13 | B16: Evaluar y conceptuar técnicamente los ofrecimientos y donaciones de inmuebles dentro del área de cubrimiento de la Dirección Seccional | D16: Cuando se requiere | E16: No se requirio | G16: ENTREGABLE | J16: Hermes Tovar Cuellar - Yadira Andrea Garcia | L16: CERRADO
A17: 14 | B17: Compilar y llevar el archivo de las normas y especificaciones técnicas para las obras de mejoramiento y mantenimiento que se lleven a cabo en la Dirección Seccional. | D17: Cuando se requiere | E17: No se requirio | G17: ENTREGABLE | J17: Hermes Tovar Cuellar - Yadira Andrea Garcia | L17: CERRADO
A18: 15 | B18: Ejecutar las demás actividades que resulten por la necesidad del servicio | D18: Durante la vigencia del contrato | E18: Se llevó a cabo visita de acompañamiento para revisión de los diseños planteados en el Palacio de Justicia de Garzón, para la optimización de redes hidrosanitarias, teniendo en cuenta los acontecimientos recientes de daños sobre estas redes. | G18: ENTREGABLE | J18: Hermes Tovar Cuellar - Yadira Andrea Garcia | L18: CERRADO
A19: No. | B19: OBLIGACIONES GENERALES y ESPECIFICAS | D19: PERIODICIDAD | E19: ACTIVIDAD DE CUMPLIMIENTO | G19: INDIQUE SI ES ENTREGABLE O META CUANTIFICABLE | H19: SOPORTES-EVIDENCIA DEL CUMPLIMIENTO | J19: RESPONSABLE | L19: ESTADO
A20: 1 | B20: Cumplir con el objeto y obligaciones del contrato, presentando los informes sobre el cumplimiento de éste al supervisor del contrato | D20: mensual | E20: Presentacion de informe mensual de actividades frente a las obligaciones del contrato 12 SER 002 DE 2022 | G20: META CUANTIFICABLE | H20: Informe de mes de junio de 2022 del contratista | J20: Yadira Adrea Garcia Vargas | L20: EN EJECUCIÓN
A21: 2 | B21: Pagar los impuestos que por motivo de ejecución del contrato diere lugar | D21: mensual | E21: No se registra los descuentos pago de impuesto de Reteica $18,427, Prouniversidad Nacional y demás univrsidades estatales - ministerio de educación por valor de $26.325 - retenciones realizadas por el area contable en obligación 045000489000189557222 y orden de pago 189557222 de fecha 30/06/22 | G21: META CUANTIFICABLE | H21: Orden de pago 189557222 | J21: Yadira Adrea Garcia Vargas | L21: EN EJECUCIÓN
A22: 3 | B22: Cumplir con los requisitos de ley sobre la inscripción y vinculación permanente de sus empleados durante la ejecución del contrato, a los sistemas de Seguridad Social, Salud, Pensión y Riesgos Profesionales, de conformidad con lo establecido en la Ley 100 de 1993, Decreto reglamentario 780 de 2016, Ley 828 de 2003 y demás normas concordantes vigentes que sean aplicables. | D22: mensual | E22: No se requirio para este contrato | G22: META CUANTIFICABLE | J22: Yadira Adrea Garcia Vargas
A23: 4 | B23: Suscribir el respectivo contrato en la forma y términos establecidos para la gestión contractual establecida en el portal único de contratación Colombia Compra Eficiente www.colombiacompra.gov.co (SECOPII) | D23: una vez | E23: El contrato se suscribio electonicamente el dia 19/01/2022 | G23: ENTREGABLE | H23: notificacion de legalizacion del contrato al supervisor, realizada por el area de asistencia legal de la DESAJNEIVA, mediante correo electonico de fecha 20/01/2022 | J23: Yadira Adrea Garcia Vargas
A24: 5 | B24: Desarrollar y cumplir el objeto del Contrato, en las condiciones de idoneidad, oportunidad, y obligaciones definidas en los Estudios Previos y el Contrato que se suscriba. | D24: Mensual
A25: 6 | B25: Constituir las garantías (pólizas) de cumplimiento estatal para la ejecución del contrato y entregarlas a la Dirección Seccional de Administración Judicial de Neiva mediante la plataforma SECOP II | D25: una vez | E25: Se acoje aceptacion de grantias por parte del area juridica de la DESAJ NEIVA del día 20/01/2022 Poliza de cumplimieno del contrato y calidad del servicio de Seguros del estado No 33-44-101222094 por valor total de $17.374.500 con fecha de expedición del 20/01/2022 y vigencia del 01/02/2022 al 30/04/2023 | G25: ENTREGABLE | H25: notificacion de legalizacion del contrato al supervisor, realizada por el area de asistencia legal de la DESAJNEIVA, mediante correo electonico de fecha 20/01/2022 y Poliza No 33-44-101222094 | J25: Yadira Adrea Garcia Vargas
A26: 7 | B26: Suscribir el acta de inicio una vez el supervisor del contrato le notifique el acta. | D26: una vez | E26: El dia 01/02/2023 se dio inicio al contrato con la suscripción del Acta de Inicio al CTO 12 SER 002 DE 2022 | G26: ENTREGABLE | H26: Acta de Inicio al contrato | J26: Hermes Tovar Cuellar - Yadira Andrea Garcia
A27: 8 | B27: El contratista se obliga con la Dirección Ejecutiva Seccional de Administración Judicial de Neiva, acreditar antes al momento de la suscripción del acta de inicio un examen pre-ocupacional y allegar el respectivo certificado; los costos de este examen serán asumidos por el contratista | D27: una vez | E27: Certiifcado del examen pre-ocupacional a cargo del contratista | G27: ENTREGABLE | H27: Certifiado del examen | J27: Yadira Adrea Garcia Vargas
A28: 9 | B28: Para el pago el contratista deberá cumplir con las cotizaciones al Sistema General de Seguridad Social Integral, en los porcentajes definidos en las Leyes. El cumplimiento de esta obligación por parte del Contratista, se acredita, mediante copia de la planilla PILA debidamente pagada de los aportes al sistema de seguridad social. | D28: mensual | E28: Se anexa planilla de pago de seguridad social 9436482653 donde consta el pago sobre el IBC del 40% por la suma de $ 2.106.,000 cancelandose en Salud $263,300; Pensión $337.000 y ARL $11.000 del mes junio para un valor total de $611.300 | G28: META CUANTIFICABLE | H28: Se anexa planilla de seguridad social 9436482653 | J28: Yadira Adrea Garcia Vargas
A29: 10 | B29: El contratista se compromete a prestar sus servicios generando un ambiente adecuado dentro del clima organizacional de la dependencia, manteniendo relaciones de cordialidad con quienes se relaciona y desempeña sus actividades, brindado una adecuada atención al usuario y entregando el máximo de sus capacidades para el cumplimiento de las metas definidas a la dependencia. | D29: mesnual | E29: No se recibieron quejas, ni reclamos
A30: 11 | B30: El contratista se obliga a presentar informes mensuales de ejecución y gestión, en medio electrónico a través del SECOP II de las actividades asignadas, dentro de los cinco (05) días al siguiente al periodo cumplido. | D30: mensual | E30: En el plan de pagos el contratista con la cuenta de cobro anexo su informe de ejecución y pagos de seguirad social | H30: Se anexa pantallazo de publicación de los documentos en el Secop II | J30: Yadira Adrea Garcia Vargas | L30: EN EJECUCIÓN
A31: 12 | B31: En caso de designarse como integrante del comité estructurador y evaluador de los diferentes procesos de selección de contratista, deberá ejercer esta obligación de manera oportuna, con apego a la ley vigente, dándole prioridad a esta obligación, en cumplimiento del cronograma establecido en el proceso y al manual de contratación de la entidad. | D31: cuando se requiera | E31: Durante el mes el contratista apoyo fase precontractual de los siguientes procesos de contratación: 1) Obras eléctricas necesarias para la normalización en RETIE del Palacio de Justicia de Florencia – En estructuración De acuerdo con requerimientos surgidos luego de la sala del Consejo seccional realizo la revisión de los documentos contractuales del contrato 12SER 035 DE 2017, el cual incluía obras eléctricas en el Palacio de Justicia de Florencia, con el fin de determinar la diferencia con las obras proyectadas en el proceso actual. Se solicitó apoyo a un ingeniero externo con el fin de realizar una revisión técnica detallada a las obras realizadas en la vigencia 2017 y obtener un concepto técnico profesional. Realizo acompañamiento a la visita realizada al Palacio de Justicia de Florencia y posterior realicé ajustes a los estudios previos para complementar la información de los ítems contractuales del presupuesto de obra. 2) Interventoría a Obras eléctricas necesarias para la normalización en RETIE del Palacio de Justicia de Florencia – En estructuración. Realizo la revisión final y aprobación de documentos del proceso, remitidos por el estructurador. 3) Obras para la optimización de los sistemas hidrosanitarios del Palacio de Justicia de Neiva – En estructuración. Realizo la estructuración técnica de los documentos del proceso y se enviaron a los miembros del comité estructurador y evaluador para su respectiva revisión y observaciones. Posteriormente realizo el ajuste de los documentos de acuerdo a observaciones del área financiera, jurídica y de la ingeniera ambiental. Se proyectó el anexo complementario para revisión del área jurídica. | G31: META CUANTIFICABLE | H31: documentos de contratos | L31: EN EJECUCIÓN
A32: 13 | B32: Apoyar a la supervisión de todos los contratos de consultorías, obras, interventorías, y suministros relacionados, que la entidad suscriba, deberá ejercer esta obligación, verificando y controlando la ejecución de los mismos, atendiendo lo señalado en el contrato y las obligaciones que le corresponden al supervisor | D32: Mensual | E32: Se realizo Apoyo a la supervisión del cumplimiento de obligaciones técnicas y otras contractuales de los contratos en ejecución: - 12OBR 001 DE 2022: Actividades de mantenimiento de inmuebles. | G32: META CUANTIFICABLE | H32: Se registra la evidencia de los contratos donde intervino el contratsita Yadira Andrea en los contratos: 12 OBR 001 de 2022 (informe de supervision) | J32: Yadira Adrea Garcia Vargas | L32: CERRADO
A33: 14 | B33: Asistir a las reuniones que sean convocadas por el supervisor del contrato, para revisar el estado de ejecución del mismo, el cumplimiento de las obligaciones a cargo de EL CONTRATISTA o cualquier aspecto técnico referente al mismo. | D33: cuando se requiera | E33: No se requirio | G33: ENTREGABLE | H33: Se relacionan actas de junta de contratación de Seccional | J33: Yadira Adrea Garcia Vargas | L33: CERRADO
A34: 15 | B34: Tramitar oportunamente las actas de suspensión y reanudación del contrato, si ello fuere necesario. | D34: cuando se requiera | E34: No se requirio | G34: ENTREGABLE | J34: Hermes Tovar Cuellar - Yadira Andrea Garcia | L34: EN EJECUCIÓN
A35: 16 | B35: Dar el visto bueno en todas las actas (inicio, parciales, suspensión, reinicio, prorrogas, adiciones, etc..), fichas técnicas, formatos de ejecución de contratos y/o documentos que surjan de la ejecución de los contratos de consultorías, obras, interventorías, y suministros relacionados, suscritos por la entidad. | D35: cuando se requiera | E35: Se realizo Apoyo a la supervisión del cumplimiento de obligaciones técnicas y otras contractuales de los contratos en ejecución: - 12OBR 001 DE 2022: Actividades de mantenimiento de inmuebles. | G35: ENTREGABLE | H35: Se registra evidencia informe supervision OBR 001 DE 2022 | J35: Yadira Adrea Garcia Vargas
A36: 17 | B36: Responder ante las autoridades competentes por los actos u omisiones que ejecute en desarrollo del contrato, cuando en ellos se cause perjuicio a la administración o a terceros en los términos del artículo 52 de Ia ley 80 de 1993. | D36: cuando se requiera | E36: No se requirio | G36: ENTREGABLE | J36: Yadira Adrea Garcia Vargas
A37: 18 | B37: Reparar los daños e indemnizar los perjuicios que cause a la Dirección Seccional de Administración Judicial de Neiva, por el incumplimiento del contrato. | D37: cuando se requiera | E37: No se requirio | G37: ENTREGABLE | J37: Yadira Adrea Garcia Vargas
A38: 19 | B38: Al finalizar el contrato, entregar todos y cada uno de los documentos que le hayan sido suministrados con ocasión de la ejecución del mismo, en atención a lo establecido en las normas de archivo de gestión documental al supervisor del contrato. | D38: al finalizar el contrato | E38: No se requirio | G38: ENTREGABLE | J38: Yadira Adrea Garcia Vargas

Sheet SEG-JULIO 
A1: PLAN DE ACCION CONTRATO 12-SER006 DE 2023
A2: Objeto de contratación: | C2: =CONSOLIDADO!C2 -> Contratar la prestación de servicios profesionales como ingeniero civil para apoyo al área administrativa de la Dirección Ejecutiva Seccional en el componente técnico que se derive del proceso de Infraestructura Física y Adquisición de Bienes y Servicios, apoyando técnicamente el desarrollo de los procedimientos de contratación, mantenimiento de instalaciones, supervisión de la contratación que adelante la entidad y demás procesos administrativos del área afines al perfil profesional. | H2: Mes Y Año Reportado | I2: JULIO de 2022 | J2: Porcentaje del Avance % | K2: =CONSOLIDADO!D13 -> 54.545455
A3: No. | B3: ESPECIFICACIONES TECNICAS | D3: PERIODICIDAD | E3: ACTIVIDAD DE CUMPLIMIENTO | G3: INDIQUE SI ES ENTREGABLE O META CUANTIFICABLE | H3: SOPORTES-EVIDENCIA DEL CUMPLIMIENTO | J3: RESPONSABLE | L3: ESTADO
A4: 1 | B4: Apoyar a la Coordinación Administrativa de Neiva y Coordinacion Administrativa de Florencia en la estructuración técnica y todo lo necesario durante la fase precontractual de los procesos de contratación que se adelanten por la Entidad durante la vigencia en curso. | D4: Mensual | E4: Durante el mes el contratista apoyo la fase precontractual de los siguientes procesos de contratación: 1) Obras eléctricas necesarias para la normalización en RETIE del Palacio de Justicia de Florencia – LP 01 DE 2022 . Durante el periodo de este informe, el proceso se publicó por parte de la lider del mismo, realicé la aprobación del cargue de documentos en el SECOP II, así como la publicación del pliego definitivo posterior a la fase de observaciones, durante la cual no se recibió ninguna. Asistí a la audiencia de aclaración de pliegos y de asignación de riesgos del proceso llevada a cabo el 22/07/2022. Apoyo la estructuración de la respuesta a observaciones presentadas durante la audiencia. 2) Interventoría a Obras eléctricas necesarias para la normalización en RETIE del Palacio de Justicia de Florencia – CM-01 DE 2022. Realizo la aprobación del cargue de documentos precontractuales en el SECOP II, y la respuesta a las observaciones presentadas por los interesados en el proceso. 3) Obras para la optimización de los sistemas hidrosanitarios del Palacio de Justicia de Neiva – LP-02 DE 2022 Posterior a la emisión de la resolución de autorización para contratar expedida por el Consejo Seccional, realicé la creación del proceso y el cargue de documentos en el SECOP II, para dar inicio a la fase de publicación y presentación de ofertas. | G4: META CUANTIFICABLE | H4: Se registra la evidencia de docmuentos de los procesos | J4: Yadira Adrea Garcia Vargas | L4: EN EJECUCIÓN
A5: 2 | B5: Apoyar a la Coordinación Administrativa en la dirección, ejecución, seguimiento y cumplimiento del proceso de Infraestructura | D5: Mensual | E5: Durante el periodo de este informe se ha diligenciado el formato de plan de mantenimiento de inmuebles presentado a nivel central, registrando los requerimientos para mantenimiento que se tienen tanto del palacio de Justicia de Neiva como otras sedes del Huila, y con el fin de modificar los espacios o registros necesarios. De igual manera se diligencian los formatos de seguimiento para procesos de infraestructura con recursos de inversión y formatos de seguimiento de la Contraloría. | G5: META CUANTIFICABLE | H5: Se registra la evidencia de plan de mantenimiento de inmuebles | J5: Yadira Adrea Garcia Vargas | L5: CERRADO
A6: 3 | B6: Asistir a las reuniones, comités y juntas de contratación que se lleven a cabo dentro del proceso de contratación de la Entidad. | D6: Cuando se requiera | E6: Durante el periodo asistí a las siguientes reuniones: - Jueves 7/07/2022 REUNION JUNTA DE CONTRATACION ACTA No 21 DE 2022 - Viernes 22/07/2022 AUDIENCIA DE ASIGNACIÓN DE RIESGOS Y ACLARACION DE PLIEGOS. | G6: ENTREGABLE | H6: Actas de reunión | J6: Yadira Adrea Garcia Vargas | L6: EN EJECUCIÓN
A7: 4 | B7: Realizar el acompañamiento y asesoría técnica de los proyectos de infraestructura a cargo de la dirección seccional tales como consultorías, obras, interventorías, y suministros relacionados, durante el proceso precontractual, contractual, de ejecución y liquidación. | D7: Mensual | E7: Realizo acompañamiento técnico a los siguientes proyectos, suscritos en la vigencia 2022: • Contrato 12OBR 001 DE 2022: Realicé acompañamiento en la supervisión de las actividades ejecutadas durante el periodo. Se revisaron obras menores ejecutadas y revisión de los documentos para el trámite del acta parcial No. 2 | G7: META CUANTIFICABLE | H7: Informe supervisión | J7: Yadira Adrea Garcia Vargas | L7: EN EJECUCIÓN
A8: 5 | B8: Apoyar a la Dirección Seccional en la identificación de necesidades relacionadas con la actualización normativa de la infraestructura de las edificaciones a cargo de ésta. | D8: Cuando se requiera | E8: No se requirio | G8: ENTREGABLE | J8: Hermes Tovar Cuellar - Yadira Andrea Garcia | L8: CERRADO
A9: 6 | B9: Apoyar a la Coordinación Administrativa de Neiva y Coordinacion Administrativa de Florencia en la supervisión directa de los proyectos de inversión o a los que no se les haya designado una interventoría externa. | D9: Cuando se requiera | E9: Se publico en la plataforma SECOP II, el proceso de contratación de las obras hidrosanitarias para el palacio de Justicia de Neiva y el proceso de contratación de obras eléctricas para el Palacio de Justicia de Florencia, los cuales se adelantan bajo modalidades de contratación de licitación pública. De igual manera la Interventoría a obras eléctricas en el Palacio de Justicia de Neiva se adelanta por medio de concurso de méritos abierto. La Interventoría de redes hidrosanitarias se encuentra en estructuración bajo proceso de mínima cuantía. Durante el periodo del informe, apoyo a la Coordinación administrativa en la supervisión del contrato 12OBR 001 DE 2022 Mantenimiento de inmuebles. | G9: ENTREGABLE | H9: se registran documentos del proceso | J9: Yadira Adrea Garcia Vargas | L9: CERRADO
A10: 7 | B10: Apoyar a la Coordinación Administrativa de Neiva y Coordinacion Administrativa de Florencia en la parte técnica respecto a la supervisión de los diseños arquitectónicos, otros diseños, estudios y obras que se adelanten por parte de la seccional. | D10: Mensual | E10: Durante el periodo de este informe, se ha brindado apoyo técnico en la ejecución de los siguientes contratos: - 12OBR 001 DE 2022: Actividades de mantenimiento de inmuebles. | G10: META CUANTIFICABLE | H10: Se registra la evidencia de documentos (informe de supervisión) | J10: Yadira Adrea Garcia Vargas | L10: EN EJECUCIÓN
A11: 8 | B11: Supervisar el cumplimiento de las especificaciones, presupuestos, cronogramas, planos y calidad de las obras, durante la ejecución de los proyectos asignados a su cargo. | D11: Mensual | E11: Se supervisa el cumplimiento de obligaciones técnicas y otras contractuales de los contratos en ejecución: - 12OBR 001 DE 2022: Actividades de mantenimiento de inmuebles. | G11: ENTREGABLE | H11: Se registra la evidencia de documentos (informe de supervisión) | J11: Yadira Adrea Garcia Vargas | L11: CERRADO
A12: 9 | B12: Elaborar y presentar conceptos, informes y demás requerimientos que en la parte técnica se requiera en la Dirección Seccional. | D12: Mensual | E12: Se realizó acompañamiento para supervisar las áreas disponibles en la sede judicial de Campoalegre, con el fin de trasladar el archivo judicial existente y almacenado en inmuebles arrendados. Se identifican necesidades de mantenimiento para las zonas donde se trasladará el archivo, con el fin de evitar daños sobre todo por aguas lluvias. Se solicita por medio del contrato 12OBR 001 DE 2022, la atención a estas necesidades, las cuales se inician inmediatamente. | G12: META CUANTIFICABLE | H12: Se registra la evidencia de documentos (informe de supervisión) | J12: Yadira Adrea Garcia Vargas | L12: EN EJECUCIÓN
A13: 10 | B13: Participar en la elaboración de formatos y esquemas de control y seguimiento de proyectos | D13: Cuando se requiere | E13: Participo en 1) el seguimiento a los contratos de ejecutados con los recursos de inversiony la entrega de soportes de cada contrato, 2) Elaboracion del formato para el seguimiento al plan de mantenimiento de inmuebles . 3) Formato de mantenimiento para ascensores | G13: ENTREGABLE | H13: se registra evidencia de plan de mantenimiento de inmuebles, formato mantenimiento de ascensores y informe de seguimiento de ejecución de contratos a la contraloria | J13: Yadira Adrea Garcia Vargas | L13: CERRADO
A14: 11 | B14: Controlar, coordinar supervisar la ejecución de las obras de adecuación, remodelación, mejoramiento y mantenimiento de los proyectos de inversión a cargo de la dirección seccional | D14: mensual | E14: Durante el periodo no se han tenido en ejecución contratos de obra por recursos de inversión. | G14: META CUANTIFICABLE | J14: Yadira Adrea Garcia Vargas | L14: CERRADO
A15: 12 | B15: Estudiar y evaluar las solicitudes de construcción mantenimientos y espacios físicos. | D15: Cuando se requiere | E15: Durante el periodo se recibieron y compilaron solicitudes de mantenimientos y adecuaciones en el palacio de Justicia de Neiva, Yaguará, Palermo, Campoalegre, con el fin de atenderlas con el contrato de mantenimiento de inmuebles que se encuentra en ejecución. | G15: ENTREGABLE | J15: Hermes Tovar Cuellar - Yadira Andrea Garcia | L15: CERRADO
A16: 13 | B16: Evaluar y conceptuar técnicamente los ofrecimientos y donaciones de inmuebles dentro del área de cubrimiento de la Dirección Seccional | D16: Cuando se requiere | E16: No se requirio | G16: ENTREGABLE | J16: Hermes Tovar Cuellar - Yadira Andrea Garcia | L16: CERRADO
A17: 14 | B17: Compilar y llevar el archivo de las normas y especificaciones técnicas para las obras de mejoramiento y mantenimiento que se lleven a cabo en la Dirección Seccional. | D17: Cuando se requiere | E17: No se requirio | G17: ENTREGABLE | J17: Hermes Tovar Cuellar - Yadira Andrea Garcia | L17: CERRADO
A18: 15 | B18: Ejecutar las demás actividades que resulten por la necesidad del servicio | D18: Durante la vigencia del contrato | E18: Se llevó a cabo visita de supervisión a las obras ejecutadas en la sede judicial de Palermo, respecto al contrato 01 de 2022, que fue autorizado por la aseguradora para atender siniestro reportado. En la misma visita se identifican otras necesidades adicionales de la sede, las cuales son atendidas por medio del contrato 12-OBR 001 DE 2022. Realicé acompañamiento al recibo de obra del muro de contención ejecutado en el lote dispuesto para la construcción de las salas de audiencias por parte de Nivel Central. En dicha visita el supervisor designado por la DEAJ recibió las obras ejecutadas por el contratista y se nos comunicó el detalle de las mismas. | G18: ENTREGABLE | H18: informe de superviion cto 12 OBR 001 DE 2022 | J18: Hermes Tovar Cuellar - Yadira Andrea Garcia | L18: CERRADO
A19: No. | B19: OBLIGACIONES GENERALES y ESPECIFICAS | D19: PERIODICIDAD | E19: ACTIVIDAD DE CUMPLIMIENTO | G19: INDIQUE SI ES ENTREGABLE O META CUANTIFICABLE | H19: SOPORTES-EVIDENCIA DEL CUMPLIMIENTO | J19: RESPONSABLE | L19: ESTADO
A20: 1 | B20: Cumplir con el objeto y obligaciones del contrato, presentando los informes sobre el cumplimiento de éste al supervisor del contrato | D20: mensual | E20: Presentacion de informe mensual de actividades frente a las obligaciones del contrato 12 SER 002 DE 2022 | G20: META CUANTIFICABLE | H20: Informe de mes de julio de 2022 del contratista | J20: Yadira Adrea Garcia Vargas | L20: EN EJECUCIÓN
A21: 2 | B21: Pagar los impuestos que por motivo de ejecución del contrato diere lugar | D21: mensual | E21: No se registra los descuentos pago de impuesto de Reteica $18,427, Prouniversidad Nacional y demás univrsidades estatales - ministerio de educación por valor de $26.325 - retenciones realizadas por el area contable en obligación 045000489000230414822 y orden de pago 230414822 de fecha 29/07/2023 | G21: META CUANTIFICABLE | H21: Orden de pago 230414822 | J21: Yadira Adrea Garcia Vargas | L21: EN EJECUCIÓN
A22: 3 | B22: Cumplir con los requisitos de ley sobre la inscripción y vinculación permanente de sus empleados durante la ejecución del contrato, a los sistemas de Seguridad Social, Salud, Pensión y Riesgos Profesionales, de conformidad con lo establecido en la Ley 100 de 1993, Decreto reglamentario 780 de 2016, Ley 828 de 2003 y demás normas concordantes vigentes que sean aplicables. | D22: mensual | E22: No se requirio para este contrato | G22: META CUANTIFICABLE | J22: Yadira Adrea Garcia Vargas
A23: 4 | B23: Suscribir el respectivo contrato en la forma y términos establecidos para la gestión contractual establecida en el portal único de contratación Colombia Compra Eficiente www.colombiacompra.gov.co (SECOPII) | D23: una vez | E23: El contrato se suscribio electonicamente el dia 19/01/2022 | G23: ENTREGABLE | H23: notificacion de legalizacion del contrato al supervisor, realizada por el area de asistencia legal de la DESAJNEIVA, mediante correo electonico de fecha 20/01/2022 | J23: Yadira Adrea Garcia Vargas
A24: 5 | B24: Desarrollar y cumplir el objeto del Contrato, en las condiciones de idoneidad, oportunidad, y obligaciones definidas en los Estudios Previos y el Contrato que se suscriba. | D24: Mensual
A25: 6 | B25: Constituir las garantías (pólizas) de cumplimiento estatal para la ejecución del contrato y entregarlas a la Dirección Seccional de Administración Judicial de Neiva mediante la plataforma SECOP II | D25: una vez | E25: Se acoje aceptacion de grantias por parte del area juridica de la DESAJ NEIVA del día 20/01/2022 Poliza de cumplimieno del contrato y calidad del servicio de Seguros del estado No 33-44-101222094 por valor total de $17.374.500 con fecha de expedición del 20/01/2022 y vigencia del 01/02/2022 al 30/04/2023 | G25: ENTREGABLE | H25: notificacion de legalizacion del contrato al supervisor, realizada por el area de asistencia legal de la DESAJNEIVA, mediante correo electonico de fecha 20/01/2022 y Poliza No 33-44-101222094 | J25: Yadira Adrea Garcia Vargas
A26: 7 | B26: Suscribir el acta de inicio una vez el supervisor del contrato le notifique el acta. | D26: una vez | E26: El dia 01/02/2023 se dio inicio al contrato con la suscripción del Acta de Inicio al CTO 12 SER 002 DE 2022 | G26: ENTREGABLE | H26: Acta de Inicio al contrato | J26: Hermes Tovar Cuellar - Yadira Andrea Garcia
A27: 8 | B27: El contratista se obliga con la Dirección Ejecutiva Seccional de Administración Judicial de Neiva, acreditar antes al momento de la suscripción del acta de inicio un examen pre-ocupacional y allegar el respectivo certificado; los costos de este examen serán asumidos por el contratista | D27: una vez | E27: Certiifcado del examen pre-ocupacional a cargo del contratista | G27: ENTREGABLE | H27: Certifiado del examen | J27: Yadira Adrea Garcia Vargas
A28: 9 | B28: Para el pago el contratista deberá cumplir con las cotizaciones al Sistema General de Seguridad Social Integral, en los porcentajes definidos en las Leyes. El cumplimiento de esta obligación por parte del Contratista, se acredita, mediante copia de la planilla PILA debidamente pagada de los aportes al sistema de seguridad social. | D28: mensual | E28: Se anexa planilla de pago de seguridad social 230414822 donde consta el pago sobre el IBC del 40% por la suma de $ 2.106.,000 cancelandose en Salud $263,300; Pensión $337.000 y ARL $11.000 del mes julio para un valor total de $611.300 | G28: META CUANTIFICABLE | H28: Se anexa planilla de seguridad social 230414822 | J28: Yadira Adrea Garcia Vargas
A29: 10 | B29: El contratista se compromete a prestar sus servicios generando un ambiente adecuado dentro del clima organizacional de la dependencia, manteniendo relaciones de cordialidad con quienes se relaciona y desempeña sus actividades, brindado una adecuada atención al usuario y entregando el máximo de sus capacidades para el cumplimiento de las metas definidas a la dependencia. | D29: mesnual | E29: No se recibieron quejas, ni reclamos
A30: 11 | B30: El contratista se obliga a presentar informes mensuales de ejecución y gestión, en medio electrónico a través del SECOP II de las actividades asignadas, dentro de los cinco (05) días al siguiente al periodo cumplido. | D30: mensual | E30: En el plan de pagos el contratista con la cuenta de cobro anexo su informe de ejecución y pagos de seguirad social | H30: Se anexa pantallazo de publicación de los documentos en el Secop II | J30: Yadira Adrea Garcia Vargas | L30: EN EJECUCIÓN
A31: 12 | B31: En caso de designarse como integrante del comité estructurador y evaluador de los diferentes procesos de selección de contratista, deberá ejercer esta obligación de manera oportuna, con apego a la ley vigente, dándole prioridad a esta obligación, en cumplimiento del cronograma establecido en el proceso y al manual de contratación de la entidad. | D31: cuando se requiera | E31: Durante el mes el contratista apoyo la fase precontractual de los siguientes procesos de contratación: 1) Obras eléctricas necesarias para la normalización en RETIE del Palacio de Justicia de Florencia – LP 01 DE 2022 . Durante el periodo de este informe, el proceso se publicó por parte de la lider del mismo, realicé la aprobación del cargue de documentos en el SECOP II, así como la publicación del pliego definitivo posterior a la fase de observaciones, durante la cual no se recibió ninguna. Asistí a la audiencia de aclaración de pliegos y de asignación de riesgos del proceso llevada a cabo el 22/07/2022. Apoyo la estructuración de la respuesta a observaciones presentadas durante la audiencia. 2) Interventoría a Obras eléctricas necesarias para la normalización en RETIE del Palacio de Justicia de Florencia – CM-01 DE 2022. Realizo la aprobación del cargue de documentos precontractuales en el SECOP II, y la respuesta a las observaciones presentadas por los interesados en el proceso. 3) Obras para la optimización de los sistemas hidrosanitarios del Palacio de Justicia de Neiva – LP-02 DE 2022 Posterior a la emisión de la resolución de autorización para contratar expedida por el Consejo Seccional, realicé la creación del proceso y el cargue de documentos en el SECOP II, para dar inicio a la fase de publicación y presentación de ofertas. | G31: META CUANTIFICABLE | H31: Se registra la evidencia de docmuentos de los procesos | L31: EN EJECUCIÓN
A32: 13 | B32: Apoyar a la supervisión de todos los contratos de consultorías, obras, interventorías, y suministros relacionados, que la entidad suscriba, deberá ejercer esta obligación, verificando y controlando la ejecución de los mismos, atendiendo lo señalado en el contrato y las obligaciones que le corresponden al supervisor | D32: Mensual | E32: Se realizo Apoyo a La supervision el cumplimiento de obligaciones técnicas y otras contractuales de los contratos en ejecución: - 12OBR 001 DE 2022: Actividades de mantenimiento de inmuebles. | G32: META CUANTIFICABLE | H32: Se registra la evidencia de los contratos donde intervino el contratsita Yadira Andrea en los contratos: 12 OBR 001 de 2022. (Ficha informe de supervision) | J32: Yadira Adrea Garcia Vargas | L32: CERRADO
A33: 14 | B33: Asistir a las reuniones que sean convocadas por el supervisor del contrato, para revisar el estado de ejecución del mismo, el cumplimiento de las obligaciones a cargo de EL CONTRATISTA o cualquier aspecto técnico referente al mismo. | D33: cuando se requiera | E33: Se realizaron reunion para aclarar dudas observaciones de las estructuracion tecnica de los procesos sustanciados por el conrtatista en Junta de contratación | G33: ENTREGABLE | H33: Se relacionan actas de junta de contratación de Seccional | J33: Yadira Adrea Garcia Vargas | L33: CERRADO
A34: 15 | B34: Tramitar oportunamente las actas de suspensión y reanudación del contrato, si ello fuere necesario. | D34: cuando se requiera | E34: No se requirio | G34: ENTREGABLE | J34: Hermes Tovar Cuellar - Yadira Andrea Garcia | L34: EN EJECUCIÓN
A35: 16 | B35: Dar el visto bueno en todas las actas (inicio, parciales, suspensión, reinicio, prorrogas, adiciones, etc..), fichas técnicas, formatos de ejecución de contratos y/o documentos que surjan de la ejecución de los contratos de consultorías, obras, interventorías, y suministros relacionados, suscritos por la entidad. | D35: cuando se requiera | E35: Se realizo Apoyo a La supervision el cumplimiento de obligaciones técnicas y otras contractuales de los contratos en ejecución: - 12OBR 001 DE 2022: Actividades de mantenimiento de inmuebles. 2) se liquido el contrato 12 OBR 006 DE 2021 | G35: ENTREGABLE | H35: Se registra la evidencia de los contratos donde intervino el contratsita Yadira Andrea en los contratos: 12 OBR 001 de 2022. (Ficha informe de supervision), OBR 006 DE 2022 (acta de liquidacion) | J35: Yadira Adrea Garcia Vargas
A36: 17 | B36: Responder ante las autoridades competentes por los actos u omisiones que ejecute en desarrollo del contrato, cuando en ellos se cause perjuicio a la administración o a terceros en los términos del artículo 52 de Ia ley 80 de 1993. | D36: cuando se requiera | E36: No se requirio | G36: ENTREGABLE | J36: Yadira Adrea Garcia Vargas
A37: 18 | B37: Reparar los daños e indemnizar los perjuicios que cause a la Dirección Seccional de Administración Judicial de Neiva, por el incumplimiento del contrato. | D37: cuando se requiera | E37: No se requirio | G37: ENTREGABLE | J37: Yadira Adrea Garcia Vargas
A38: 19 | B38: Al finalizar el contrato, entregar todos y cada uno de los documentos que le hayan sido suministrados con ocasión de la ejecución del mismo, en atención a lo establecido en las normas de archivo de gestión documental al supervisor del contrato. | D38: al finalizar el contrato | E38: No se requirio | G38: ENTREGABLE | J38: Yadira Adrea Garcia Vargas

Sheet SEG-AGOSTO
A1: PLAN DE ACCION CONTRATO 12-SER006 DE 2023
A2: Objeto de contratación: | C2: =CONSOLIDADO!C2 -> Contratar la prestación de servicios profesionales como ingeniero civil para apoyo al área administrativa de la Dirección Ejecutiva Seccional en el componente técnico que se derive del proceso de Infraestructura Física y Adquisición de Bienes y Servicios, apoyando técnicamente el desarrollo de los procedimientos de contratación, mantenimiento de instalaciones, supervisión de la contratación que adelante la entidad y demás procesos administrativos del área afines al perfil profesional. | H2: Mes Y Año Reportado | I2: AGOSTO de 2022 | J2: Porcentaje del Avance % | K2: =CONSOLIDADO!D14 -> 63.636364
A3: No. | B3: ESPECIFICACIONES TECNICAS | D3: PERIODICIDAD | E3: ACTIVIDAD DE CUMPLIMIENTO | G3: INDIQUE SI ES ENTREGABLE O META CUANTIFICABLE | H3: SOPORTES-EVIDENCIA DEL CUMPLIMIENTO | J3: RESPONSABLE | L3: ESTADO
A4: 1 | B4: Apoyar a la Coordinación Administrativa de Neiva y Coordinacion Administrativa de Florencia en la estructuración técnica y todo lo necesario durante la fase precontractual de los procesos de contratación que se adelanten por la Entidad durante la vigencia en curso. | D4: Mensual | E4: Durante el mes el contratista apoyo la fase precontractual de los siguientes procesos de contratación: 1) Obras eléctricas necesarias para la normalización en RETIE del Palacio de Justicia de Florencia – LP 01 DE 2022. Durante el periodo de este informe, realizo la revisión y evaluación técnica de la única oferta recibida y remití a estructurador técnico el Dr Bernardo Mendez. para aprobación, posteriormente enviando a la líder administrativa del proceso. Realizo la aprobación del acta que contenía el informe de evaluación de la oferta. Asistí a reunión de adjudicación del proceso llevada a cabo el 24/08/2022 y aprobé el acta de reunión para posterior publicación de la líder. 2) Interventoría a Obras eléctricas necesarias para la normalización en RETIE del Palacio de Justicia de Florencia – CM-01 DE 2022. Realizo la revisión y evaluación técnica de la única oferta recibida y remití a estructurador técnico el Dr Bernardo Méndez para aprobación, posteriormente enviando a la líder administrativa del proceso. Realizo la aprobación del acta que contenía el informe de evaluación de la oferta. De igual manera realicé la revisión y evaluación de la subsanación presentada por el oferente y emití informe final de evaluación remitiendo al estructurador técnico del proceso para su aprobación y posteriormente a la líder para su publicación. 3) Obras para la optimización de los sistemas hidrosanitarios del Palacio de Justicia de Neiva – LP-02 DE 2022. Durante el periodo de este informe y actuando como Líder administrativa del proceso y estructuradora técnica, realizo la revisión y respuesta a las observaciones técnicas presentadas al proyecto de pliego de condiciones y remitío a la estructuradora financiera la observación recibida en su área para que emitiera respuesta. Una vez realizadas las respuestas, consolido la información emitiendo el acta No. 1 LP-02 DE 2022 de fecha 08/08/2022 la cual contenía la Respuesta a las observaciones presentadas al pre-pliego de condiciones del proceso de licitación Pública No. LP-02 DE 2022. De igual manera, estructuro el pliego de condiciones definitivo y la Resolución de apertura del proceso. Posteriormente remitio los documentos a junta para su aprobación, lo cual se llevó a cabo mediante acta de junta de contratación No. 25 del 9/8/2022. Dando cumplimiento al cronograma del proceso, publiqué el 9/8/2022 los documentos acta de respuesta a observaciones, pliego de condiciones definitivo, resolución de apertura y acta de junta de contratación No. 25, procedimiento que tuvo flujo de aprobación por el CEE y Junta Seccional de Contratación. El día 12 de agosto de 2022, se realizó la audiencia de asignación de riesgos y aclaración de pliegos a la cual no asistió ningún interesado ni se allegó observaciones. Realizo el acta No. 2 LP-02 DE 2022 la cual contenía el desarrollo del acta de audiencia de asignación de riesgos y aclaración de pliegos del proceso. Realicé la publicación del documento en la plataforma SECOP II. Posteriormente dio respuesta a las observaciones allegadas al pliego de condiciones definitivo, las cuales se hicieron de manera extemporánea por parte de los interesados en el proceso. Esto se realizó a través de respuesta a los mensajes, directamente en la plataforma SECOP II el día 19/8/2022. Teniendo en cuenta que el cierre para presentación de ofertas se estableció el 24 de agosto de 2022 a las 7:00 pm, se lleva a cabo reunión de apertura de sobres el 26 de agosto de 2022 a las 7:30 am. 4) Interventoría a las obras hidrosanitarias Neiva Proceso de Mínima Cuantía MC-18 DE 2022. Durante el periodo de este informe, actuando como estructuradora técnica del proceso, realize la proyección de la necesidad para adelantar el proceso de contratación en mención. Dicho documento se remitió al Coordinador Administrativo para su aprobación y posteriormente para visto bueno de la Directora Ejecutiva Seccional. Una vez le fue asignada la labor de estructuradora técnica, mediante oficio DESAJNEO22-2120, procedío a la elaboración del estudio previo, análisis del sector, anexos del proceso y demás documentos pre contractuales para posterior remisión a los demás miembros del comité (financiero y Jurídico). Una vez recibidas las observaciones y ajustes a los documentos, procedío a consolidar los ajustes y emitir el estudio previo y análisis del sector definitivo, remitiendo posteriormente el 18 de agosto de 2022 los documentos definitivos a la líder administrativa para que procediera a la estructuración del anexo complementario de la invitación pública y publicación de documentos. El día 22 de agosto de 2022 realicé la aceptación por flujo de aprobación para la publicación del proceso MC-18 de 2022. Se realiza respuesta a observaciones técnicas recibidas de manera extemporánea, para lo cual se aprueba acta No. 01 de fecha 24/8/2022, por medio de la cual se da respuesta a las observaciones y solicitud de limitación a Mipymes del proceso, lo cual no se aceptó teniendo en cuenta la extemporaneidad y que solo se presentó una solicitud. Teniendo en cuenta el cierre para presentación de ofertas programado para el 25 de agosto de 2022 a las 8:00 am, se asiste a apertura de sobres y se realiza la evaluación técnica. | G4: META CUANTIFICABLE | H4: se anexa documentos de los procesos | J4: Yadira Adrea Garcia Vargas | L4: EN EJECUCIÓN
A5: 2 | B5: Apoyar a la Coordinación Administrativa en la dirección, ejecución, seguimiento y cumplimiento del proceso de Infraestructura | D5: Mensual | E5: Durante el periodo de este informe se ha diligenciado el formato de plan de mantenimiento de inmuebles presentado a nivel central, registrando los requerimientos para mantenimiento que se tienen tanto del palacio de Justicia de Neiva como otras sedes del Huila, y con el fin de modificar los espacios o registros necesarios. De igual manera se diligencian los formatos de seguimiento para procesos de infraestructura con recursos de inversión y formatos de seguimiento de la Contraloría. | G5: META CUANTIFICABLE | H5: Se registra plan de mantenimiento | J5: Yadira Adrea Garcia Vargas | L5: CERRADO
A6: 3 | B6: Asistir a las reuniones, comités y juntas de contratación que se lleven a cabo dentro del proceso de contratación de la Entidad. | D6: Cuando se requiera | E6: Durante el periodo asistío a las siguientes reuniones: 1) Jueves 4/8/2022 Reunión de apertura de sobres Proceso LP-01 DE 2022 Obras Eléctricas Florencia 2) Martes 9/8/2022 Reunión de apertura de sobres Proceso CM-01 DE 2022 Interventoría a Obras Eléctricas Florencia 3) Viernes 12/8/2022 Audiencia asignación de riesgos y aclaración de pliegos. 4) Miércoles 24/8/2022 Audiencia de adjudicación y apertura de sobre económico LP-01 DE 2022 5) Viernes 25/8/2022 Reunión de apertura de sobres Proceso LP-02 DE 2022 Obras Hidrosanitarias Neiva 6) Viernes 25/8/2022 Reunión de apertura de sobres Proceso MC-18 DE 2022 Interventoría Obras Hidrosanitarias Neiva | G6: ENTREGABLE | H6: acta de reunion | J6: Yadira Adrea Garcia Vargas | L6: EN EJECUCIÓN
A7: 4 | B7: Realizar el acompañamiento y asesoría técnica de los proyectos de infraestructura a cargo de la dirección seccional tales como consultorías, obras, interventorías, y suministros relacionados, durante el proceso precontractual, contractual, de ejecución y liquidación. | D7: Mensual | E7: Realizo acompañamiento técnico a los siguientes proyectos, suscritos en la vigencia 2022: 1) Contrato 12OBR 001 DE 2022: Realicé acompañamiento en la supervisión de las actividades ejecutadas durante el periodo. Se revisaron obras menores ejecutadas, coordinación de actividades, seguimiento al presupuesto asignado para el Distrito Judicial de Neiva y revisión del acta parcial 1 de las actividades realzadas en el Distrito Judicial de Florencia para el trámite del pago 3 al contratista. | G7: META CUANTIFICABLE | H7: informe de supervision | J7: Yadira Adrea Garcia Vargas | L7: EN EJECUCIÓN
A8: 5 | B8: Apoyar a la Dirección Seccional en la identificación de necesidades relacionadas con la actualización normativa de la infraestructura de las edificaciones a cargo de ésta. | D8: Cuando se requiera | E8: No se requirio | G8: ENTREGABLE | J8: Hermes Tovar Cuellar - Yadira Andrea Garcia | L8: CERRADO
A9: 6 | B9: Apoyar a la Coordinación Administrativa de Neiva y Coordinacion Administrativa de Florencia en la supervisión directa de los proyectos de inversión o a los que no se les haya designado una interventoría externa. | D9: Cuando se requiera | E9: Se publico en la plataforma SECOP II, el proceso de contratación de las obras hidrosanitarias para el palacio de Justicia de Neiva y el proceso de contratación de obras eléctricas para el Palacio de Justicia de Florencia, los cuales se adelantan bajo modalidades de contratación de licitación pública. De igual manera la Interventoría a obras eléctricas en el Palacio de Justicia de Neiva se adelanta por medio de concurso de méritos abierto. La Interventoría de redes hidrosanitarias se encuentra en estructuración bajo proceso de mínima cuantía. Durante el periodo del informe, apoyo a la Coordinación administrativa en la supervisión del contrato 12OBR 001 DE 2022 Mantenimiento de inmuebles. | G9: ENTREGABLE | H9: se registran documentos del proceso | J9: Yadira Adrea Garcia Vargas | L9: CERRADO
A10: 7 | B10: Apoyar a la Coordinación Administrativa de Neiva y Coordinacion Administrativa de Florencia en la parte técnica respecto a la supervisión de los diseños arquitectónicos, otros diseños, estudios y obras que se adelanten por parte de la seccional. | D10: Mensual | E10: Durante el periodo de este informe, se ha brindado apoyo técnico en la ejecución de los siguientes contratos: - 12OBR 001 DE 2022: Actividades de mantenimiento de inmuebles. | G10: META CUANTIFICABLE | H10: Se registra la evidencia de documentos (informe de supervisión) | J10: Yadira Adrea Garcia Vargas | L10: EN EJECUCIÓN
A11: 8 | B11: Supervisar el cumplimiento de las especificaciones, presupuestos, cronogramas, planos y calidad de las obras, durante la ejecución de los proyectos asignados a su cargo. | D11: Mensual | E11: Se supervisa el cumplimiento de obligaciones técnicas y otras contractuales de los contratos en ejecución: - 12OBR 001 DE 2022: Actividades de mantenimiento de inmuebles. | G11: ENTREGABLE | H11: Se registra la evidencia de documentos (informe de supervisión) | J11: Yadira Adrea Garcia Vargas | L11: CERRADO
A12: 9 | B12: Elaborar y presentar conceptos, informes y demás requerimientos que en la parte técnica se requiera en la Dirección Seccional. | D12: Mensual | E12: No se requirió durante el periodo de este informe. | G12: META CUANTIFICABLE | J12: Yadira Adrea Garcia Vargas | L12: EN EJECUCIÓN
A13: 10 | B13: Participar en la elaboración de formatos y esquemas de control y seguimiento de proyectos | D13: Cuando se requiere | E13: Participo en 1) el seguimiento a los contratos de ejecutados con los recursos de inversiony la entrega de soportes de cada contrato, 2) Elaboracion del formato para el seguimiento al plan de mantenimiento de inmuebles . 3) Formato de mantenimiento para ascensores | G13: ENTREGABLE | H13: se registra evidencia de plan de mantenimiento de inmuebles, formato mantenimiento de ascensores y informe de seguimiento de ejecución de contratos a la contraloria | J13: Yadira Adrea Garcia Vargas | L13: CERRADO
A14: 11 | B14: Controlar, coordinar supervisar la ejecución de las obras de adecuación, remodelación, mejoramiento y mantenimiento de los proyectos de inversión a cargo de la dirección seccional | D14: mensual | E14: Durante el periodo no se han tenido en ejecución contratos de obra por recursos de inversión. | G14: META CUANTIFICABLE | J14: Yadira Adrea Garcia Vargas | L14: CERRADO
A15: 12 | B15: Estudiar y evaluar las solicitudes de construcción mantenimientos y espacios físicos. | D15: Cuando se requiere | E15: Durante el periodo se recibieron y compilaron solicitudes de mantenimientos y adecuaciones en el palacio de Justicia de Neiva, y Elías, con el fin de atenderlas con el contrato de mantenimiento de inmuebles que se encuentra en ejecución. | G15: ENTREGABLE | J15: Hermes Tovar Cuellar - Yadira Andrea Garcia | L15: CERRADO
A16: 13 | B16: Evaluar y conceptuar técnicamente los ofrecimientos y donaciones de inmuebles dentro del área de cubrimiento de la Dirección Seccional | D16: Cuando se requiere | E16: No se requirio | G16: ENTREGABLE | J16: Hermes Tovar Cuellar - Yadira Andrea Garcia | L16: CERRADO
A17: 14 | B17: Compilar y llevar el archivo de las normas y especificaciones técnicas para las obras de mejoramiento y mantenimiento que se lleven a cabo en la Dirección Seccional. | D17: Cuando se requiere | E17: No se requirio | G17: ENTREGABLE | J17: Hermes Tovar Cuellar - Yadira Andrea Garcia | L17: CERRADO
A18: 15 | B18: Ejecutar las demás actividades que resulten por la necesidad del servicio | D18: Durante la vigencia del contrato | E18: acompañamiento a la auditoría realizada el 18 de agosto de 2022 | G18: ENTREGABLE | J18: Hermes Tovar Cuellar - Yadira Andrea Garcia | L18: CERRADO
A19: No. | B19: OBLIGACIONES GENERALES y ESPECIFICAS | D19: PERIODICIDAD | E19: ACTIVIDAD DE CUMPLIMIENTO | G19: INDIQUE SI ES ENTREGABLE O META CUANTIFICABLE | H19: SOPORTES-EVIDENCIA DEL CUMPLIMIENTO | J19: RESPONSABLE | L19: ESTADO
A20: 1 | B20: Cumplir con el objeto y obligaciones del contrato, presentando los informes sobre el cumplimiento de éste al supervisor del contrato | D20: mensual | E20: Presentacion de informe mensual de actividades frente a las obligaciones del contrato 12 SER 002 DE 2022 | G20: META CUANTIFICABLE | H20: Informe de mes de agosto de 2022 del contratista | J20: Yadira Adrea Garcia Vargas | L20: EN EJECUCIÓN
A21: 2 | B21: Pagar los impuestos que por motivo de ejecución del contrato diere lugar | D21: mensual | E21: No se registra los descuentos pago de impuesto de Reteica $18,427, Prouniversidad Nacional y demás univrsidades estatales - ministerio de educación por valor de $26.325 - retenciones realizadas por el area contable en obligación 045000489000266992922 y orden de pago 266992922 de fecha 31/08/2022 | G21: META CUANTIFICABLE | H21: Orden de pago 266992922 | J21: Yadira Adrea Garcia Vargas | L21: EN EJECUCIÓN
A22: 3 | B22: Cumplir con los requisitos de ley sobre la inscripción y vinculación permanente de sus empleados durante la ejecución del contrato, a los sistemas de Seguridad Social, Salud, Pensión y Riesgos Profesionales, de conformidad con lo establecido en la Ley 100 de 1993, Decreto reglamentario 780 de 2016, Ley 828 de 2003 y demás normas concordantes vigentes que sean aplicables. | D22: mensual | E22: No se requirio para este contrato | G22: META CUANTIFICABLE | J22: Yadira Adrea Garcia Vargas
A23: 4 | B23: Suscribir el respectivo contrato en la forma y términos establecidos para la gestión contractual establecida en el portal único de contratación Colombia Compra Eficiente www.colombiacompra.gov.co (SECOPII) | D23: una vez | E23: El contrato se suscribio electonicamente el dia 19/01/2022 | G23: ENTREGABLE | H23: notificacion de legalizacion del contrato al supervisor, realizada por el area de asistencia legal de la DESAJNEIVA, mediante correo electonico de fecha 20/01/2022 | J23: Yadira Adrea Garcia Vargas
A24: 5 | B24: Desarrollar y cumplir el objeto del Contrato, en las condiciones de idoneidad, oportunidad, y obligaciones definidas en los Estudios Previos y el Contrato que se suscriba. | D24: Mensual
A25: 6 | B25: Constituir las garantías (pólizas) de cumplimiento estatal para la ejecución del contrato y entregarlas a la Dirección Seccional de Administración Judicial de Neiva mediante la plataforma SECOP II | D25: una vez | E25: Se acoje aceptacion de grantias por parte del area juridica de la DESAJ NEIVA del día 20/01/2022 Poliza de cumplimieno del contrato y calidad del servicio de Seguros del estado No 33-44-101222094 por valor total de $17.374.500 con fecha de expedición del 20/01/2022 y vigencia del 01/02/2022 al 30/04/2023 | G25: ENTREGABLE | H25: notificacion de legalizacion del contrato al supervisor, realizada por el area de asistencia legal de la DESAJNEIVA, mediante correo electonico de fecha 20/01/2022 y Poliza No 33-44-101222094 | J25: Yadira Adrea Garcia Vargas
A26: 7 | B26: Suscribir el acta de inicio una vez el supervisor del contrato le notifique el acta. | D26: una vez | E26: El dia 01/02/2023 se dio inicio al contrato con la suscripción del Acta de Inicio al CTO 12 SER 002 DE 2022 | G26: ENTREGABLE | H26: Acta de Inicio al contrato | J26: Hermes Tovar Cuellar - Yadira Andrea Garcia
A27: 8 | B27: El contratista se obliga con la Dirección Ejecutiva Seccional de Administración Judicial de Neiva, acreditar antes al momento de la suscripción del acta de inicio un examen pre-ocupacional y allegar el respectivo certificado; los costos de este examen serán asumidos por el contratista | D27: una vez | E27: Certiifcado del examen pre-ocupacional a cargo del contratista | G27: ENTREGABLE | H27: Certifiado del examen | J27: Yadira Adrea Garcia Vargas
A28: 9 | B28: Para el pago el contratista deberá cumplir con las cotizaciones al Sistema General de Seguridad Social Integral, en los porcentajes definidos en las Leyes. El cumplimiento de esta obligación por parte del Contratista, se acredita, mediante copia de la planilla PILA debidamente pagada de los aportes al sistema de seguridad social. | D28: mensual | E28: Se anexa planilla de pago de seguridad social 9439197044 donde consta el pago sobre el IBC del 40% por la suma de $ 2.106.,000 cancelandose en Salud $263,300; Pensión $337.000 y ARL $11.000 del mes agosto para un valor total de $611.300 | G28: META CUANTIFICABLE | H28: Se anexa planilla de seguridad social 9439197044 | J28: Yadira Adrea Garcia Vargas
A29: 10 | B29: El contratista se compromete a prestar sus servicios generando un ambiente adecuado dentro del clima organizacional de la dependencia, manteniendo relaciones de cordialidad con quienes se relaciona y desempeña sus actividades, brindado una adecuada atención al usuario y entregando el máximo de sus capacidades para el cumplimiento de las metas definidas a la dependencia. | D29: mesnual | E29: No se recibieron quejas, ni reclamos
A30: 11 | B30: El contratista se obliga a presentar informes mensuales de ejecución y gestión, en medio electrónico a través del SECOP II de las actividades asignadas, dentro de los cinco (05) días al siguiente al periodo cumplido. | D30: mensual | E30: En el plan de pagos el contratista con la cuenta de cobro anexo su informe de ejecución y pagos de seguirad social | H30: Se anexa pantallazo de publicación de los documentos en el Secop II | J30: Yadira Adrea Garcia Vargas | L30: EN EJECUCIÓN
A31: 12 | B31: En caso de designarse como integrante del comité estructurador y evaluador de los diferentes procesos de selección de contratista, deberá ejercer esta obligación de manera oportuna, con apego a la ley vigente, dándole prioridad a esta obligación, en cumplimiento del cronograma establecido en el proceso y al manual de contratación de la entidad. | D31: cuando se requiera | E31: Durante el mes el contratista apoyo la fase precontractual de los siguientes procesos de contratación: 1) Obras eléctricas necesarias para la normalización en RETIE del Palacio de Justicia de Florencia – LP 01 DE 2022. Durante el periodo de este informe, realizo la revisión y evaluación técnica de la única oferta recibida y remití a estructurador técnico el Dr Bernardo Mendez. para aprobación, posteriormente enviando a la líder administrativa del proceso. Realizo la aprobación del acta que contenía el informe de evaluación de la oferta. Asistí a reunión de adjudicación del proceso llevada a cabo el 24/08/2022 y aprobé el acta de reunión para posterior publicación de la líder. 2) Interventoría a Obras eléctricas necesarias para la normalización en RETIE del Palacio de Justicia de Florencia – CM-01 DE 2022. Realizo la revisión y evaluación técnica de la única oferta recibida y remití a estructurador técnico el Dr Bernardo Méndez para aprobación, posteriormente enviando a la líder administrativa del proceso. Realizo la aprobación del acta que contenía el informe de evaluación de la oferta. De igual manera realicé la revisión y evaluación de la subsanación presentada por el oferente y emití informe final de evaluación remitiendo al estructurador técnico del proceso para su aprobación y posteriormente a la líder para su publicación. 3) Obras para la optimización de los sistemas hidrosanitarios del Palacio de Justicia de Neiva – LP-02 DE 2022. Durante el periodo de este informe y actuando como Líder administrativa del proceso y estructuradora técnica, realizo la revisión y respuesta a las observaciones técnicas presentadas al proyecto de pliego de condiciones y remitío a la estructuradora financiera la observación recibida en su área para que emitiera respuesta. Una vez realizadas las respuestas, consolido la información emitiendo el acta No. 1 LP-02 DE 2022 de fecha 08/08/2022 la cual contenía la Respuesta a las observaciones presentadas al pre-pliego de condiciones del proceso de licitación Pública No. LP-02 DE 2022. De igual manera, estructuro el pliego de condiciones definitivo y la Resolución de apertura del proceso. Posteriormente remitio los documentos a junta para su aprobación, lo cual se llevó a cabo mediante acta de junta de contratación No. 25 del 9/8/2022. Dando cumplimiento al cronograma del proceso, publiqué el 9/8/2022 los documentos acta de respuesta a observaciones, pliego de condiciones definitivo, resolución de apertura y acta de junta de contratación No. 25, procedimiento que tuvo flujo de aprobación por el CEE y Junta Seccional de Contratación. El día 12 de agosto de 2022, se realizó la audiencia de asignación de riesgos y aclaración de pliegos a la cual no asistió ningún interesado ni se allegó observaciones. Realizo el acta No. 2 LP-02 DE 2022 la cual contenía el desarrollo del acta de audiencia de asignación de riesgos y aclaración de pliegos del proceso. Realicé la publicación del documento en la plataforma SECOP II. Posteriormente dio respuesta a las observaciones allegadas al pliego de condiciones definitivo, las cuales se hicieron de manera extemporánea por parte de los interesados en el proceso. Esto se realizó a través de respuesta a los mensajes, directamente en la plataforma SECOP II el día 19/8/2022. Teniendo en cuenta que el cierre para presentación de ofertas se estableció el 24 de agosto de 2022 a las 7:00 pm, se lleva a cabo reunión de apertura de sobres el 26 de agosto de 2022 a las 7:30 am. 4) Interventoría a las obras hidrosanitarias Neiva Proceso de Mínima Cuantía MC-18 DE 2022. Durante el periodo de este informe, actuando como estructuradora técnica del proceso, realize la proyección de la necesidad para adelantar el proceso de contratación en mención. Dicho documento se remitió al Coordinador Administrativo para su aprobación y posteriormente para visto bueno de la Directora Ejecutiva Seccional. Una vez le fue asignada la labor de estructuradora técnica, mediante oficio DESAJNEO22-2120, procedío a la elaboración del estudio previo, análisis del sector, anexos del proceso y demás documentos pre contractuales para posterior remisión a los demás miembros del comité (financiero y Jurídico). Una vez recibidas las observaciones y ajustes a los documentos, procedío a consolidar los ajustes y emitir el estudio previo y análisis del sector definitivo, remitiendo posteriormente el 18 de agosto de 2022 los documentos definitivos a la líder administrativa para que procediera a la estructuración del anexo complementario de la invitación pública y publicación de documentos. El día 22 de agosto de 2022 realicé la aceptación por flujo de aprobación para la publicación del proceso MC-18 de 2022. Se realiza respuesta a observaciones técnicas recibidas de manera extemporánea, para lo cual se aprueba acta No. 01 de fecha 24/8/2022, por medio de la cual se da respuesta a las observaciones y solicitud de limitación a Mipymes del proceso, lo cual no se aceptó teniendo en cuenta la extemporaneidad y que solo se presentó una solicitud. Teniendo en cuenta el cierre para presentación de ofertas programado para el 25 de agosto de 2022 a las 8:00 am, se asiste a apertura de sobres y se realiza la evaluación técnica. | G31: META CUANTIFICABLE | H31: se anexa domuentos de los procesos | L31: EN EJECUCIÓN
A32: 13 | B32: Apoyar a la supervisión de todos los contratos de consultorías, obras, interventorías, y suministros relacionados, que la entidad suscriba, deberá ejercer esta obligación, verificando y controlando la ejecución de los mismos, atendiendo lo señalado en el contrato y las obligaciones que le corresponden al supervisor | D32: Mensual | E32: Durante el periodo de este informe, se ha brindado apoyo técnico en la ejecución de los siguientes contratos: - 12OBR 001 DE 2022: Actividades de mantenimiento de inmuebles. | G32: META CUANTIFICABLE | H32: Se registra la evidencia de documentos (informe de supervisión) | J32: Yadira Adrea Garcia Vargas | L32: CERRADO
A33: 14 | B33: Asistir a las reuniones que sean convocadas por el supervisor del contrato, para revisar el estado de ejecución del mismo, el cumplimiento de las obligaciones a cargo de EL CONTRATISTA o cualquier aspecto técnico referente al mismo. | D33: cuando se requiera | E33: Se realizaron reunion para aclarar dudas observaciones de las estructuracion tecnica de los procesos sustanciados por el conrtatista en Junta de contratación | G33: ENTREGABLE | H33: Se relacionan actas de reunione | J33: Yadira Adrea Garcia Vargas | L33: CERRADO
A34: 15 | B34: Tramitar oportunamente las actas de suspensión y reanudación del contrato, si ello fuere necesario. | D34: cuando se requiera | E34: No se requirio | G34: ENTREGABLE | J34: Hermes Tovar Cuellar - Yadira Andrea Garcia | L34: EN EJECUCIÓN
A35: 16 | B35: Dar el visto bueno en todas las actas (inicio, parciales, suspensión, reinicio, prorrogas, adiciones, etc..), fichas técnicas, formatos de ejecución de contratos y/o documentos que surjan de la ejecución de los contratos de consultorías, obras, interventorías, y suministros relacionados, suscritos por la entidad. | D35: cuando se requiera | E35: Durante el periodo de este informe, se ha brindado apoyo técnico en la ejecución de los siguientes contratos: - 12OBR 001 DE 2022: Actividades de mantenimiento de inmuebles. | G35: ENTREGABLE | H35: Se registra la evidencia de documentos (informe de supervisión) | J35: Yadira Adrea Garcia Vargas
A36: 17 | B36: Responder ante las autoridades competentes por los actos u omisiones que ejecute en desarrollo del contrato, cuando en ellos se cause perjuicio a la administración o a terceros en los términos del artículo 52 de Ia ley 80 de 1993. | D36: cuando se requiera | E36: No se requirio | G36: ENTREGABLE | J36: Yadira Adrea Garcia Vargas
A37: 18 | B37: Reparar los daños e indemnizar los perjuicios que cause a la Dirección Seccional de Administración Judicial de Neiva, por el incumplimiento del contrato. | D37: cuando se requiera | E37: No se requirio | G37: ENTREGABLE | J37: Yadira Adrea Garcia Vargas
A38: 19 | B38: Al finalizar el contrato, entregar todos y cada uno de los documentos que le hayan sido suministrados con ocasión de la ejecución del mismo, en atención a lo establecido en las normas de archivo de gestión documental al supervisor del contrato. | D38: al finalizar el contrato | E38: No se requirio | G38: ENTREGABLE | J38: Yadira Adrea Garcia Vargas

Sheet SEG-SEPTIEMBRE
A1: PLAN DE ACCION CONTRATO 12-SER006 DE 2023
A2: Objeto de contratación: | C2: =CONSOLIDADO!C2 -> Contratar la prestación de servicios profesionales como ingeniero civil para apoyo al área administrativa de la Dirección Ejecutiva Seccional en el componente técnico que se derive del proceso de Infraestructura Física y Adquisición de Bienes y Servicios, apoyando técnicamente el desarrollo de los procedimientos de contratación, mantenimiento de instalaciones, supervisión de la contratación que adelante la entidad y demás procesos administrativos del área afines al perfil profesional. | H2: Mes Y Año Reportado | I2: SEPTIEMBRE de 2022 | J2: Porcentaje del Avance % | K2: =CONSOLIDADO!D15 -> 72.727273
A3: No. | B3: ESPECIFICACIONES TECNICAS | D3: PERIODICIDAD | E3: ACTIVIDAD DE CUMPLIMIENTO | G3: INDIQUE SI ES ENTREGABLE O META CUANTIFICABLE | H3: SOPORTES-EVIDENCIA DEL CUMPLIMIENTO | J3: RESPONSABLE | L3: ESTADO
A4: 1 | B4: Apoyar a la Coordinación Administrativa de Neiva y Coordinacion Administrativa de Florencia en la estructuración técnica y todo lo necesario durante la fase precontractual de los procesos de contratación que se adelanten por la Entidad durante la vigencia en curso. | D4: Mensual | E4: Durante el mes el contratista apoyo la fase precontractual de los siguientes procesos de contratación: 1) Obras para la optimización de los sistemas hidrosanitarios del Palacio de Justicia de Neiva – LP-02 DE 2022. actuo como como lider administrativa y estructuradora tecnica y evaludora del proceso, realizo la evalución de la unica oferta presentada al proceso medainte Aacta No 3. Asi mismo realizo la publicacion en secop II. El 14/09/2022 en cumplimiento del cronograma efectuo la audiencia de adjudicación del proceso, y el mismo dia realizo la resolución de adjudicación del proceso. 2) Interventoría a las obras hidrosanitarias Neiva Proceso de Mínima Cuantía MC-18 DE 2022. como estructuradora tecnica realizo la revision de la adjudicacion remitada por el lider. | G4: META CUANTIFICABLE | H4: se anexa documentos de los procesos | J4: Yadira Adrea Garcia Vargas | L4: EN EJECUCIÓN
A5: 2 | B5: Apoyar a la Coordinación Administrativa en la dirección, ejecución, seguimiento y cumplimiento del proceso de Infraestructura | D5: Mensual | E5: Durante el periodo de este informe se ha diligenciado el formato de plan de mantenimiento de inmuebles presentado a nivel central, registrando los requerimientos para mantenimiento que se tienen tanto del palacio de Justicia de Neiva como otras sedes del Huila, y con el fin de modificar los espacios o registros necesarios. De igual manera se diligencian los formatos de seguimiento para procesos de infraestructura con recursos de inversión y formatos de seguimiento de la Contraloría. | G5: META CUANTIFICABLE | H5: Se registra plan de mantenimiento | J5: Yadira Adrea Garcia Vargas | L5: CERRADO
A6: 3 | B6: Asistir a las reuniones, comités y juntas de contratación que se lleven a cabo dentro del proceso de contratación de la Entidad. | D6: Cuando se requiera | E6: Durante el periodo 02/09/2022 asistio a reunión con el nivel central para revisar la distribucion de espacios para diseños del lote contiguo. 2) el 14/09/2022, asistio a audiencia de adjudicación proceso LP 02 DE 2022 | G6: ENTREGABLE | J6: Yadira Adrea Garcia Vargas | L6: EN EJECUCIÓN
A7: 4 | B7: Realizar el acompañamiento y asesoría técnica de los proyectos de infraestructura a cargo de la dirección seccional tales como consultorías, obras, interventorías, y suministros relacionados, durante el proceso precontractual, contractual, de ejecución y liquidación. | D7: Mensual | E7: Realizo acompañamiento técnico a los siguientes proyectos, suscritos en la vigencia 2022: 1) Contrato 12OBR 001 DE 2022: Realicé acompañamiento en la supervisión de las actividades ejecutadas durante el periodo. Se revisaron obras menores ejecutadas, coordinación de actividades, seguimiento al presupuesto asignado para el Distrito Judicial de Neiva y revisión del acta parcial 3 de las actividades realzadas en el Distrito Judicial de Neiva. 2) Contrato 12 SER 028 DE 2022 interventoria obras hidrosanitarias: seguimiento a la legalización del contrato y se efectuó la revisión de los documentos requeridos para dar inicio al contrato. Se suscribe acta de inicio del 27/09/2023 3) Contrato 12 OBR003 DE 2022 obras hidrosanitarias Neiva. Se realizo el seguimietno a la legalizacion del contrato e inicio. | G7: META CUANTIFICABLE | H7: se registran documentos enunciados CTO 12 OBR 001 DE 2022, CTO 12 SER 028 DE 2022 y 12 OBR 003 DE 2022 | J7: Yadira Adrea Garcia Vargas | L7: EN EJECUCIÓN
A8: 5 | B8: Apoyar a la Dirección Seccional en la identificación de necesidades relacionadas con la actualización normativa de la infraestructura de las edificaciones a cargo de ésta. | D8: Cuando se requiera | E8: No se requirio | G8: ENTREGABLE | J8: Hermes Tovar Cuellar - Yadira Andrea Garcia | L8: CERRADO
A9: 6 | B9: Apoyar a la Coordinación Administrativa de Neiva y Coordinacion Administrativa de Florencia en la supervisión directa de los proyectos de inversión o a los que no se les haya designado una interventoría externa. | D9: Cuando se requiera | E9: Realizo el apoyo: 1) Contrato 12 SER 028 DE 2022 interventoria obras hidrosanitarias. 2) Contrato 12 OBR003 DE 2022 obras hidrosanitarias Neiva. | G9: ENTREGABLE | H9: se registran documentos enunciados CTO 12 SER 028 DE 2022 y 12 OBR 003 DE 2022 | J9: Yadira Adrea Garcia Vargas | L9: CERRADO
A10: 7 | B10: Apoyar a la Coordinación Administrativa de Neiva y Coordinacion Administrativa de Florencia en la parte técnica respecto a la supervisión de los diseños arquitectónicos, otros diseños, estudios y obras que se adelanten por parte de la seccional. | D10: Mensual | E10: Realizo el apoyo: 1) Contrato 12 SER 028 DE 2022 interventoria obras hidrosanitarias. 2) Contrato 12 OBR003 DE 2022 obras hidrosanitarias Neiva. | G10: META CUANTIFICABLE | H10: se registran documentos enunciados CTO 12 SER 028 DE 2022 y 12 OBR 003 DE 2022 | J10: Yadira Adrea Garcia Vargas | L10: EN EJECUCIÓN
A11: 8 | B11: Supervisar el cumplimiento de las especificaciones, presupuestos, cronogramas, planos y calidad de las obras, durante la ejecución de los proyectos asignados a su cargo. | D11: Mensual | E11: Realizo acompañamiento técnico a los siguientes proyectos, suscritos en la vigencia 2022: 1) Contrato 12OBR 001 DE 2022: Realicé acompañamiento en la supervisión de las actividades ejecutadas durante el periodo. Se revisaron obras menores ejecutadas, coordinación de actividades, seguimiento al presupuesto asignado para el Distrito Judicial de Neiva y revisión del acta parcial 3 de las actividades realzadas en el Distrito Judicial de Neiva. 2) Contrato 12 SER 028 DE 2022 interventoria obras hidrosanitarias: seguimiento a la legalización del contrato y se efectuó la revisión de los documentos requeridos para dar inicio al contrato. Se suscribe acta de inicio del 27/09/2023 3) Contrato 12 OBR003 DE 2022 obras hidrosanitarias Neiva. Se realizo el seguimietno a la legalizacion del contrato e inicio. | G11: ENTREGABLE | H11: Se registra la evidencia de documentos (informe de supervisión) | J11: Yadira Adrea Garcia Vargas | L11: CERRADO
A12: 9 | B12: Elaborar y presentar conceptos, informes y demás requerimientos que en la parte técnica se requiera en la Dirección Seccional. | D12: Mensual | E12: No se requirió durante el periodo de este informe. | G12: META CUANTIFICABLE | J12: Yadira Adrea Garcia Vargas | L12: EN EJECUCIÓN
A13: 10 | B13: Participar en la elaboración de formatos y esquemas de control y seguimiento de proyectos | D13: Cuando se requiere | E13: Participo en 1) el seguimiento a los contratos de ejecutados con los recursos de inversiony la entrega de soportes de cada contrato, 2) Elaboracion del formato para el seguimiento al plan de mantenimiento de inmuebles . 3) Formato de mantenimiento para ascensores | G13: ENTREGABLE | H13: se registra evidencia de plan de mantenimiento de inmuebles, formato mantenimiento de ascensores y informe de seguimiento de ejecución de contratos a la contraloria | J13: Yadira Adrea Garcia Vargas | L13: CERRADO
A14: 11 | B14: Controlar, coordinar supervisar la ejecución de las obras de adecuación, remodelación, mejoramiento y mantenimiento de los proyectos de inversión a cargo de la dirección seccional | D14: mensual | E14: Se di inicio entre el 27 y 28/09/2022 a los : 1) Contrato 12 SER 028 DE 2022 interventoria obras hidrosanitarias. 2) Contrato 12 OBR003 DE 2022 obras hidrosanitarias Neiva. Se ha supervisado lo ejecutado a la fecha del arranque del contrato. | G14: META CUANTIFICABLE | H14: se registran documentos enunciados CTO 12 SER 028 DE 2022 y 12 OBR 003 DE 2022 | J14: Yadira Adrea Garcia Vargas | L14: CERRADO
A15: 12 | B15: Estudiar y evaluar las solicitudes de construcción mantenimientos y espacios físicos. | D15: Cuando se requiere | E15: Durante el periodo se recibieron y compilaron solicitudes de mantenimientos y adecuaciones en el palacio de Justicia de Neiva, y Elías, con el fin de atenderlas con el contrato de mantenimiento de inmuebles que se encuentra en ejecución. | G15: ENTREGABLE | J15: Hermes Tovar Cuellar - Yadira Andrea Garcia | L15: CERRADO
A16: 13 | B16: Evaluar y conceptuar técnicamente los ofrecimientos y donaciones de inmuebles dentro del área de cubrimiento de la Dirección Seccional | D16: Cuando se requiere | E16: No se requirio | G16: ENTREGABLE | J16: Hermes Tovar Cuellar - Yadira Andrea Garcia | L16: CERRADO
A17: 14 | B17: Compilar y llevar el archivo de las normas y especificaciones técnicas para las obras de mejoramiento y mantenimiento que se lleven a cabo en la Dirección Seccional. | D17: Cuando se requiere | E17: No se requirio | G17: ENTREGABLE | J17: Hermes Tovar Cuellar - Yadira Andrea Garcia | L17: CERRADO
A18: 15 | B18: Ejecutar las demás actividades que resulten por la necesidad del servicio | D18: Durante la vigencia del contrato | E18: Realizo acompañamiento a reuniones de socialización de los rediseños para lote contiguo del Placio de Justicia de Neiva. Diligencia el formato soporte de necesidades funicoanles para la posibilidad de traslado de la Direccion Administrativa para el lote contiguo. Asi mismo informacion requerida para la contratacion de aseo y cafeteria para las sede propias. | G18: ENTREGABLE | J18: Hermes Tovar Cuellar - Yadira Andrea Garcia | L18: CERRADO
A19: No. | B19: OBLIGACIONES GENERALES y ESPECIFICAS | D19: PERIODICIDAD | E19: ACTIVIDAD DE CUMPLIMIENTO | G19: INDIQUE SI ES ENTREGABLE O META CUANTIFICABLE | H19: SOPORTES-EVIDENCIA DEL CUMPLIMIENTO | J19: RESPONSABLE | L19: ESTADO
A20: 1 | B20: Cumplir con el objeto y obligaciones del contrato, presentando los informes sobre el cumplimiento de éste al supervisor del contrato | D20: mensual | E20: Presentacion de informe mensual de actividades frente a las obligaciones del contrato 12 SER 002 DE 2022 | G20: META CUANTIFICABLE | H20: Informe de mes de septiembre de 2022 del contratista | J20: Yadira Adrea Garcia Vargas | L20: EN EJECUCIÓN
A21: 2 | B21: Pagar los impuestos que por motivo de ejecución del contrato diere lugar | D21: mensual | E21: No se registra los descuentos pago de impuesto de Reteica $18,427, Prouniversidad Nacional y demás univrsidades estatales - ministerio de educación por valor de $26.325 - retenciones realizadas por el area contable en obligación 04500048900368516622 y orden de pago 368516622 de fecha 18/11/2022 | G21: META CUANTIFICABLE | H21: Orden de pago 368516622 2 | J21: Yadira Adrea Garcia Vargas | L21: EN EJECUCIÓN
A22: 3 | B22: Cumplir con los requisitos de ley sobre la inscripción y vinculación permanente de sus empleados durante la ejecución del contrato, a los sistemas de Seguridad Social, Salud, Pensión y Riesgos Profesionales, de conformidad con lo establecido en la Ley 100 de 1993, Decreto reglamentario 780 de 2016, Ley 828 de 2003 y demás normas concordantes vigentes que sean aplicables. | D22: mensual | E22: No se requirio para este contrato | G22: META CUANTIFICABLE | J22: Yadira Adrea Garcia Vargas
A23: 4 | B23: Suscribir el respectivo contrato en la forma y términos establecidos para la gestión contractual establecida en el portal único de contratación Colombia Compra Eficiente www.colombiacompra.gov.co (SECOPII) | D23: una vez | E23: El contrato se suscribio electonicamente el dia 19/01/2022 | G23: ENTREGABLE | H23: notificacion de legalizacion del contrato al supervisor, realizada por el area de asistencia legal de la DESAJNEIVA, mediante correo electonico de fecha 20/01/2022 | J23: Yadira Adrea Garcia Vargas
A24: 5 | B24: Desarrollar y cumplir el objeto del Contrato, en las condiciones de idoneidad, oportunidad, y obligaciones definidas en los Estudios Previos y el Contrato que se suscriba. | D24: Mensual
A25: 6 | B25: Constituir las garantías (pólizas) de cumplimiento estatal para la ejecución del contrato y entregarlas a la Dirección Seccional de Administración Judicial de Neiva mediante la plataforma SECOP II | D25: una vez | E25: Se acoje aceptacion de grantias por parte del area juridica de la DESAJ NEIVA del día 20/01/2022 Poliza de cumplimieno del contrato y calidad del servicio de Seguros del estado No 33-44-101222094 por valor total de $17.374.500 con fecha de expedición del 20/01/2022 y vigencia del 01/02/2022 al 30/04/2023 | G25: ENTREGABLE | H25: notificacion de legalizacion del contrato al supervisor, realizada por el area de asistencia legal de la DESAJNEIVA, mediante correo electonico de fecha 20/01/2022 y Poliza No 33-44-101222094 | J25: Yadira Adrea Garcia Vargas
A26: 7 | B26: Suscribir el acta de inicio una vez el supervisor del contrato le notifique el acta. | D26: una vez | E26: El dia 01/02/2023 se dio inicio al contrato con la suscripción del Acta de Inicio al CTO 12 SER 002 DE 2022 | G26: ENTREGABLE | H26: Acta de Inicio al contrato | J26: Hermes Tovar Cuellar - Yadira Andrea Garcia
A27: 8 | B27: El contratista se obliga con la Dirección Ejecutiva Seccional de Administración Judicial de Neiva, acreditar antes al momento de la suscripción del acta de inicio un examen pre-ocupacional y allegar el respectivo certificado; los costos de este examen serán asumidos por el contratista | D27: una vez | E27: Certiifcado del examen pre-ocupacional a cargo del contratista | G27: ENTREGABLE | H27: Certifiado del examen | J27: Yadira Adrea Garcia Vargas
A28: 9 | B28: Para el pago el contratista deberá cumplir con las cotizaciones al Sistema General de Seguridad Social Integral, en los porcentajes definidos en las Leyes. El cumplimiento de esta obligación por parte del Contratista, se acredita, mediante copia de la planilla PILA debidamente pagada de los aportes al sistema de seguridad social. | D28: mensual | E28: Se anexa planilla de pago de seguridad social 9440441906 donde consta el pago sobre el IBC del 40% por la suma de $ 2.106.,000 cancelandose en Salud $263,300; Pensión $337.000 y ARL $11.000 del mes septiembre para un valor total de $611.300 | G28: META CUANTIFICABLE | H28: Se anexa planilla de seguridad social 944044190 | J28: Yadira Adrea Garcia Vargas
A29: 10 | B29: El contratista se compromete a prestar sus servicios generando un ambiente adecuado dentro del clima organizacional de la dependencia, manteniendo relaciones de cordialidad con quienes se relaciona y desempeña sus actividades, brindado una adecuada atención al usuario y entregando el máximo de sus capacidades para el cumplimiento de las metas definidas a la dependencia. | D29: mesnual | E29: No se recibieron quejas, ni reclamos
A30: 11 | B30: El contratista se obliga a presentar informes mensuales de ejecución y gestión, en medio electrónico a través del SECOP II de las actividades asignadas, dentro de los cinco (05) días al siguiente al periodo cumplido. | D30: mensual | E30: En el plan de pagos el contratista con la cuenta de cobro anexo su informe de ejecución y pagos de seguirad social | H30: Se anexa pantallazo de publicación de los documentos en el Secop II | J30: Yadira Adrea Garcia Vargas | L30: EN EJECUCIÓN
A31: 12 | B31: En caso de designarse como integrante del comité estructurador y evaluador de los diferentes procesos de selección de contratista, deberá ejercer esta obligación de manera oportuna, con apego a la ley vigente, dándole prioridad a esta obligación, en cumplimiento del cronograma establecido en el proceso y al manual de contratación de la entidad. | D31: cuando se requiera | E31: Durante el mes el contratista apoyo la fase precontractual de los siguientes procesos de contratación: 1) Obras para la optimización de los sistemas hidrosanitarios del Palacio de Justicia de Neiva – LP-02 DE 2022. actuo como como lider administrativa y estructuradora tecnica y evaludora del proceso, realizo la evalución de la unica oferta presentada al proceso medainte Aacta No 3. Asi mismo realizo la publicacion en secop II. El 14/09/2022 en cumplimiento del cronograma efectuo la audiencia de adjudicación del proceso, y el mismo dia realizo la resolución de adjudicación del proceso. 2) Interventoría a las obras hidrosanitarias Neiva Proceso de Mínima Cuantía MC-18 DE 2022. como estructuradora tecnica realizo la revision de la adjudicacion remitada por el lider. | G31: META CUANTIFICABLE | H31: se anexa documentos de los procesos | L31: EN EJECUCIÓN
A32: 13 | B32: Apoyar a la supervisión de todos los contratos de consultorías, obras, interventorías, y suministros relacionados, que la entidad suscriba, deberá ejercer esta obligación, verificando y controlando la ejecución de los mismos, atendiendo lo señalado en el contrato y las obligaciones que le corresponden al supervisor | D32: Mensual | E32: Realizo acompañamiento técnico a los siguientes proyectos, suscritos en la vigencia 2022: 1) Contrato 12OBR 001 DE 2022: Realicé acompañamiento en la supervisión de las actividades ejecutadas durante el periodo. Se revisaron obras menores ejecutadas, coordinación de actividades, seguimiento al presupuesto asignado para el Distrito Judicial de Neiva y revisión del acta parcial 3 de las actividades realzadas en el Distrito Judicial de Neiva. 2) Contrato 12 SER 028 DE 2022 interventoria obras hidrosanitarias: seguimiento a la legalización del contrato y se efectuó la revisión de los documentos requeridos para dar inicio al contrato. Se suscribe acta de inicio del 27/09/2023 3) Contrato 12 OBR003 DE 2022 obras hidrosanitarias Neiva. Se realizo el seguimietno a la legalizacion del contrato e inicio. | G32: ENTREGABLE | H32: Se registra la evidencia de documentos (informe de supervisión) | J32: Yadira Adrea Garcia Vargas | L32: CERRADO
A33: 14 | B33: Asistir a las reuniones que sean convocadas por el supervisor del contrato, para revisar el estado de ejecución del mismo, el cumplimiento de las obligaciones a cargo de EL CONTRATISTA o cualquier aspecto técnico referente al mismo. | D33: cuando se requiera | E33: Se realizaron reunion para aclarar dudas observaciones de las estructuracion tecnica de los procesos sustanciados por el conrtatista en Junta de contratación | G33: ENTREGABLE | H33: Se relacionan actas de junta de contratación de Seccional | J33: Yadira Adrea Garcia Vargas | L33: CERRADO
A34: 15 | B34: Tramitar oportunamente las actas de suspensión y reanudación del contrato, si ello fuere necesario. | D34: cuando se requiera | E34: No se requirio | G34: ENTREGABLE | J34: Hermes Tovar Cuellar - Yadira Andrea Garcia | L34: EN EJECUCIÓN
A35: 16 | B35: Dar el visto bueno en todas las actas (inicio, parciales, suspensión, reinicio, prorrogas, adiciones, etc..), fichas técnicas, formatos de ejecución de contratos y/o documentos que surjan de la ejecución de los contratos de consultorías, obras, interventorías, y suministros relacionados, suscritos por la entidad. | D35: cuando se requiera | E35: Se realizo el Acta de reinicio al cto 12 OBR 003 DE 2022 Y 12 SER 028 DE 2022 | G35: ENTREGABLE | H35: Se registra evidencia actas de inicio cto 12 OBR 003 DE 2022 Y 12 SER 028 DE 2022 | J35: Yadira Adrea Garcia Vargas
A36: 17 | B36: Responder ante las autoridades competentes por los actos u omisiones que ejecute en desarrollo del contrato, cuando en ellos se cause perjuicio a la administración o a terceros en los términos del artículo 52 de Ia ley 80 de 1993. | D36: cuando se requiera | E36: No se requirio | G36: ENTREGABLE | J36: Yadira Adrea Garcia Vargas
A37: 18 | B37: Reparar los daños e indemnizar los perjuicios que cause a la Dirección Seccional de Administración Judicial de Neiva, por el incumplimiento del contrato. | D37: cuando se requiera | E37: No se requirio | G37: ENTREGABLE | J37: Yadira Adrea Garcia Vargas
A38: 19 | B38: Al finalizar el contrato, entregar todos y cada uno de los documentos que le hayan sido suministrados con ocasión de la ejecución del mismo, en atención a lo establecido en las normas de archivo de gestión documental al supervisor del contrato. | D38: al finalizar el contrato | E38: No se requirio | G38: ENTREGABLE | J38: Yadira Adrea Garcia Vargas

Sheet SEG-OCTUBRE
A1: PLAN DE ACCION CONTRATO 12-SER006 DE 2023
A2: Objeto de contratación: | C2: =CONSOLIDADO!C2 -> Contratar la prestación de servicios profesionales como ingeniero civil para apoyo al área administrativa de la Dirección Ejecutiva Seccional en el componente técnico que se derive del proceso de Infraestructura Física y Adquisición de Bienes y Servicios, apoyando técnicamente el desarrollo de los procedimientos de contratación, mantenimiento de instalaciones, supervisión de la contratación que adelante la entidad y demás procesos administrativos del área afines al perfil profesional. | H2: Mes Y Año Reportado | I2: OCTUBRE de 2022 | J2: Porcentaje del Avance % | K2: =CONSOLIDADO!D16 -> 81.818182
A3: No. | B3: ESPECIFICACIONES TECNICAS | D3: PERIODICIDAD | E3: ACTIVIDAD DE CUMPLIMIENTO | G3: INDIQUE SI ES ENTREGABLE O META CUANTIFICABLE | H3: SOPORTES-EVIDENCIA DEL CUMPLIMIENTO | J3: RESPONSABLE | L3: ESTADO
A4: 1 | B4: Apoyar a la Coordinación Administrativa de Neiva y Coordinacion Administrativa de Florencia en la estructuración técnica y todo lo necesario durante la fase precontractual de los procesos de contratación que se adelanten por la Entidad durante la vigencia en curso. | D4: Mensual | E4: Durante el periodo, no se estructuraron procesos de contratación que requirieran apoyo técnico del contratista | G4: META CUANTIFICABLE | J4: Yadira Adrea Garcia Vargas | L4: EN EJECUCIÓN
A5: 2 | B5: Apoyar a la Coordinación Administrativa en la dirección, ejecución, seguimiento y cumplimiento del proceso de Infraestructura | D5: Mensual | E5: Durante el periodo de este informe se ha diligenciado el formato de plan de mantenimiento de inmuebles presentado a nivel central, registrando los requerimientos para mantenimiento que se tienen tanto del palacio de Justicia de Neiva como otras sedes del Huila, y con el fin de modificar los espacios o registros necesarios. De igual manera se diligencian los formatos de seguimiento para procesos de infraestructura con recursos de inversión y formatos de seguimiento de la Contraloría. | G5: META CUANTIFICABLE | H5: Se registra plan de mantenimiento | J5: Yadira Adrea Garcia Vargas | L5: CERRADO
A6: 3 | B6: Asistir a las reuniones, comités y juntas de contratación que se lleven a cabo dentro del proceso de contratación de la Entidad. | D6: Cuando se requiera | E6: Se realizo mesas técnicas con el personal del contratista e interventoría de los contratos 12 OBR 003 DE 2022 y 12 SER 028 DE 2022. De igual manera se lleva a cabo reunión de seguimiento con el contratista Robinson Fonseca para tratar temas de demoras en el cumplimiento de actividades CTO 12 OBR 001 DE 2022 | G6: ENTREGABLE | J6: Yadira Adrea Garcia Vargas | L6: EN EJECUCIÓN
A7: 4 | B7: Realizar el acompañamiento y asesoría técnica de los proyectos de infraestructura a cargo de la dirección seccional tales como consultorías, obras, interventorías, y suministros relacionados, durante el proceso precontractual, contractual, de ejecución y liquidación. | D7: Mensual | E7: Se realizo acompañamiento técnico a los siguientes proyectos, suscritos en la vigencia 2022: 1) Contrato 12OBR 001 DE 2022 MANTENIMIENTO DE INMUEBLES: supervisión de las actividades ejecutadas durante el periodo. Se revisaron obras menores ejecutadas, coordinación de actividades, seguimiento al presupuesto asignado para el Distrito Judicial de Neiva. 2) Contrato 12 OBR 003 DE 2022 OBRAS HIDROSANITARIAS NEIVA: Se llevan a cabo labores de ejecución de obra. Se revisan documentos remitidos por la Interventoría para firma del acta de inicio y he apoyado la supervisión directa de actividades en obra. El 26 de octubre de 2022 se tramita acta parcial No. 1 y se aprueba como supervisión la creación de ítems no previstos y acta de modificación No. 1 del contrato. 3) Contrato 12 SER 028 DE 2022 INTERVENTORIA OBRAS HIDROSANITARIAS: Realizo el seguimiento a la ejecución de actividades de supervisión de la interventoría. Se revisan los documentos requeridos para suscripción del acta de inicio. Durante el informe se recibe aval de la interventoría para la creación de ítems no previstos para el contrato de obra y se analiza y aprueba por parte de la supervisión. Asistio a comité técnico No. 1 llevado a cabo en el auditorio del Palacio de Justicia de Neiva, el 25 de octubre de 2022. | G7: META CUANTIFICABLE | H7: se anexa documentos de los procesos | J7: Yadira Adrea Garcia Vargas | L7: EN EJECUCIÓN
A8: 5 | B8: Apoyar a la Dirección Seccional en la identificación de necesidades relacionadas con la actualización normativa de la infraestructura de las edificaciones a cargo de ésta. | D8: Cuando se requiera | E8: No se requirio | G8: ENTREGABLE | J8: Hermes Tovar Cuellar - Yadira Andrea Garcia | L8: CERRADO
A9: 6 | B9: Apoyar a la Coordinación Administrativa de Neiva y Coordinacion Administrativa de Florencia en la supervisión directa de los proyectos de inversión o a los que no se les haya designado una interventoría externa. | D9: Cuando se requiera | E9: Apoyo a la Coordinación administrativa en la supervisión de los siguientes contratos o proyectos de inversión. • Contrato 12 SER 028 DE 2022 INTERVENTORIA OBRAS HIDROSANITARIAS • Contrato 12 OBR 003 DE 2022 OBRAS HIDROSANITARIAS NEIVA | G9: ENTREGABLE | H9: Se registra la evidencia de apoyo ejecución, seguimiento y cumplimiento del proceso contrato de obra OBR 003 de 2022 y 12 SER 028 DE 2022. (Ficha de supervision) | J9: Yadira Adrea Garcia Vargas | L9: CERRADO
A10: 7 | B10: Apoyar a la Coordinación Administrativa de Neiva y Coordinacion Administrativa de Florencia en la parte técnica respecto a la supervisión de los diseños arquitectónicos, otros diseños, estudios y obras que se adelanten por parte de la seccional. | D10: Mensual | E10: Durante el mes el contratista apoyo tecnicamente en la ejecución de los siguientes contratos: • Contrato 12 SER 028 DE 2022 INTERVENTORIA OBRAS HIDROSANITARIAS • Contrato 12 OBR 003 DE 2022 OBRAS HIDROSANITARIAS NEIVA Durante el periodo del informe, he asistido a mesas técnicas con el fin de determinar la ruta de trabajo, avance de actividades y supervisar reprogramaciones de obra. Se han gestionado los permisos de ingreso del personal y notificación de actividades a los funcionarios. • 12 OBR 001 DE 2022- Mantenimiento de inmuebles | G10: META CUANTIFICABLE | H10: Se registra la evidencia de los contratos donde intervino el contratsita 12 OBR 001 D E2022, 12 SER 028 DE 2022 Y 12 OBR 003 DE 200 (Informe de suipervision) | J10: Yadira Adrea Garcia Vargas | L10: EN EJECUCIÓN
A11: 8 | B11: Supervisar el cumplimiento de las especificaciones, presupuestos, cronogramas, planos y calidad de las obras, durante la ejecución de los proyectos asignados a su cargo. | D11: Mensual | E11: Se supervisa el cumplimiento de obligaciones técnicas y otras contractuales de los contratos en ejecución: • 12 OBR 001 DE 2022- Mantenimiento de inmuebles • 12 SER 028 DE 2022- Interventoría de obras hidrosanitarias Neiva • 12 OBR 003 DE 2022- Obras hidrosanitarias Neiva | G11: ENTREGABLE | H11: Se registra la evidencia de los contratos donde intervino el contratsita 12 OBR 001 D E2022, 12 SER 028 DE 2022 Y 12 OBR 003 DE 200 (Informe de suipervision) | J11: Yadira Adrea Garcia Vargas | L11: CERRADO
A12: 9 | B12: Elaborar y presentar conceptos, informes y demás requerimientos que en la parte técnica se requiera en la Dirección Seccional. | D12: Mensual | E12: No se requirió durante el periodo de este informe. | G12: META CUANTIFICABLE | J12: Yadira Adrea Garcia Vargas | L12: EN EJECUCIÓN
A13: 10 | B13: Participar en la elaboración de formatos y esquemas de control y seguimiento de proyectos | D13: Cuando se requiere | E13: Apoyo el diligenciamiento de los formatos solicitados por nivel central para el seguimiento a planes de mantenimiento de inmuebles. Realizo el diligenciamiento de los formatos solicitados por la Contraloría, para el seguimiento a los contratos ejecutados con recursos de inversión y la entrega de soportes de cada contrato. Realizo informe de seguimiento a los recursos de inversión solicitados por nivel central. | G13: ENTREGABLE | H13: se registra evidencia de plan de mantenimiento de inmuebles, formato mantenimiento de ascensores y informe de seguimiento de ejecución de contratos a la contraloria | J13: Yadira Adrea Garcia Vargas | L13: CERRADO
